Workbook

Sheet ALL GOVERNMENT FUNDS
A1: ALL GOVERNMENT FUNDS
A2: Combining Balance sheet and Statement of Revenue & Expenses
A3: 43830
H5: OTHER NOT REPORTED AS ALL GOVERNMENT FUNDS
B6: General Fund | C6: Capital Projects Fund (3000/4000/4100) | D6: Human Services Fund | E6: 2590 Workforce Development | F6: Other Governmental Funds | G6: TOTAL GOVT FUNDS | H6: 7000 PENSION | I6: 7200 Various Agency Trusts | J6: 7300 Sheriff | K6: 7400 Prison -Inmate Escrow | L6: 7410 Prison Commissary | M6: 2360 Economic Development | N6: Adj Entries for 2360 | O6: 8000 Fixed Assets | P6: Subtotal of These Others | Q6: TOTAL COUNTY FUNDS | R6: 0000 Pooled Cash | S6: TIES TO TRIAL BALANCE
A7: Assets
A8: Cash & cash equivalents | B8: ='General Fund'!M8 -> 6848931.2 | C8: ='Capital Projects Fund'!H8 -> -139518 | D8: ='Human Services'!I8 -> 824930.46 | E8: -1572521.4 | F8: ='Other Government'!AI8 -> 4380719 | G8: =SUM(B8:F8) -> 10342541 | H8: =59247146.14-H15 -> 59247146 | I8: 45122.04 | J8: 77818.4 | K8: 4431.51 | L8: 100750.59 | M8: =-667951.41 -> -667951.41 | N8: 72905.8 | P8: =SUM(H8:O8) -> 58880223 | Q8: =G8+P8 -> 69222764 | R8: 8444804.1 | S8: =Q8+R8 -> 77667568 | V8: =SUM(M8:N18) -> 1184280.1
A9: Advances Receivable | D9: ='Human Services'!I9 -> 0 | F9: 0 | G9: =SUM(B9:F9) -> 0 | P9: =SUM(H9:O9) -> 0 | Q9: =G9+P9 -> 0 | S9: =Q9+R9 -> 0
A10: Taxes Receivable | B10: ='General Fund'!M10 -> 1462931.1 | G10: =SUM(B10:F10) -> 1462931.1 | P10: =SUM(H10:O10) -> 0 | Q10: =G10+P10 -> 1462931.1 | S10: =Q10+R10 -> 1462931.1
A11: A/R | B11: ='General Fund'!M9 -> 399176.89 | C11: ='Capital Projects Fund'!H9 -> 0 | D11: ='Human Services'!I10 -> 1101496.2 | F11: ='Other Government'!AI9 -> 1038191.1 | G11: =SUM(B11:F11) -> 2538864.2 | M11: 692433.89 | P11: =SUM(H11:O11) -> 692433.89 | Q11: =G11+P11 -> 3231298.1 | S11: =Q11+R11 -> 3231298.1
A12: Due from Component Unit | B12: ='General Fund'!M11 -> 944292 | G12: =SUM(B12:F12) -> 944292
A13: Due from Other Funds | B13: ='General Fund'!M12 -> 651445.8 | C13: ='Capital Projects Fund'!H10 -> 0 | D13: ='Human Services'!I11 -> 91749.53 | F13: ='Other Government'!AI10 -> 27397.69 | G13: =SUM(B13:F13) -> 770593.02 | P13: =SUM(H13:O13) -> 0 | Q13: =G13+P13 -> 770593.02 | S13: =Q13+R13 -> 770593.02
A14: Due from Other Governments | B14: ='General Fund'!M13 -> 78239.87 | C14: ='Capital Projects Fund'!H11 -> 0 | D14: ='Human Services'!I12 -> 1650959.1 | E14: 2490146.4 | F14: ='Other Government'!AI11 -> 553694.96 | G14: =SUM(B14:F14) -> 4773040.3 | P14: =SUM(H14:O14) -> 0 | Q14: =G14+P14 -> 4773040.3 | S14: =Q14+R14 -> 4773040.3
A15: Other Assets | B15: ='General Fund'!M14 -> 0 | C15: ='Capital Projects Fund'!H12 -> 0 | D15: ='Human Services'!I13 -> -2 | F15: ='Other Government'!AI12 -> 72415.11 | G15: =SUM(B15:F15) -> 72413.11 | M15: 1086891.8 | O15: =24911364.9+35615 -> 24946980 | P15: =SUM(H15:O15) -> 26033872 | Q15: =G15+P15 -> 26106285 | S15: =Q15+R15 -> 26106285
A16: Lease Receivable | C16: ='Capital Projects Fund'!H13 -> 0 | G16: =SUM(B16:F16) -> 0 | P16: =SUM(H16:O16) -> 0 | Q16: =G16+P16 -> 0 | S16: =Q16+R16 -> 0
A17: Current | G17: =SUM(B17:F17) -> 0 | P17: =SUM(H17:O17) -> 0 | Q17: =G17+P17 -> 0 | S17: =Q17+R17 -> 0
A18: Non-Current | G18: =SUM(B18:F18) -> 0 | P18: =SUM(H18:O18) -> 0 | Q18: =G18+P18 -> 0 | S18: =Q18+R18 -> 0
A19: Total Assets | B19: ='General Fund'!M15 -> 10385017 | C19: ='Capital Projects Fund'!H14 -> -139518 | D19: ='Human Services'!I14 -> 3669133.2 | E19: =SUM(E8:E18) -> 917625.02 | F19: ='Other Government'!AI13 -> 6072417.9 | G19: =SUM(B19:F19) -> 20904675 | H19: =SUM(H8:H18) -> 59247146 | I19: =SUM(I8:I18) -> 45122.04 | J19: =SUM(J8:J18) -> 77818.4 | K19: =SUM(K8:K18) -> 4431.51 | L19: =SUM(L8:L18) -> 100750.59 | M19: =SUM(M8:M18) -> 1111374.3 | O19: =SUM(O8:O18) -> 24946980 | P19: =SUM(P8:P18) -> 85606529 | Q19: =SUM(Q8:Q18) -> 1.0556691e+08 | R19: =SUM(R8:R18) -> 8444804.1 | S19: =Q19+R19 -> 1.1401172e+08 | T19: ties to Major Fund Determination
T20: ='[1]Major fund 2019'!$C$112 -> 1.1468533e+08
A21: Liabilities
A22: A/P | B22: ='General Fund'!M18 -> 1159048 | C22: ='Capital Projects Fund'!H17 -> 0 | D22: ='Human Services'!I17 -> 985392.95 | E22: 707350.58 | F22: ='Other Government'!AI16 -> 626634.69 | G22: =SUM(B22:F22) -> 3478426.2 | J22: 77818.4 | K22: 4799.08 | L22: 78087.93 | M22: =8522+52055 -> 60577 | P22: =SUM(H22:O22) -> 221282.41 | Q22: =G22+P22 -> 3699708.6 | S22: =Q22+R22 -> 3699708.6
A23: Accrued Payroll | B23: ='General Fund'!M19 -> 352732.09 | C23: ='Capital Projects Fund'!H18 -> 0 | D23: ='Human Services'!I18 -> 334225.68 | E23: 17303.15 | F23: ='Other Government'!AI17 -> 44122.01 | G23: =SUM(B23:F23) -> 748382.93 | M23: 10021.45 | P23: =SUM(H23:O23) -> 10021.45 | Q23: =G23+P23 -> 758404.38 | S23: =Q23+R23 -> 758404.38
A24: Due to Other Funds | B24: ='General Fund'!M20 -> 101133.21 | D24: ='Human Services'!I19 -> 160355 | F24: ='Other Government'!AI18 -> 0 | G24: =SUM(B24:F24) -> 261488.21 | I24: 45122.04 | P24: =SUM(H24:O24) -> 45122.04 | Q24: =G24+P24 -> 306610.25 | R24: 8444804.1 | S24: =Q24+R24 -> 8751414.4
A25: Due to Other Governments | B25: ='General Fund'!M21 -> 23285.99 | C25: ='Capital Projects Fund'!H19 -> 0 | D25: ='Human Services'!I20 -> 0 | F25: ='Other Government'!AI19 -> 0 | G25: =SUM(B25:F25) -> 23285.99 | P25: =SUM(H25:O25) -> 0 | Q25: =G25+P25 -> 23285.99 | S25: =Q25+R25 -> 23285.99
A26: Deferred Revenue | B26: ='General Fund'!M22 -> 288286.36 | C26: ='Capital Projects Fund'!H20 -> 0 | D26: ='Human Services'!I21 -> 1843751.9 | E26: =192978.44-7.15 -> 192971.29 | F26: ='Other Government'!AI20 -> 1375874.8 | G26: =SUM(B26:F26) -> 3700884.3 | M26: 294695.78 | P26: =SUM(H26:O26) -> 294695.78 | Q26: =G26+P26 -> 3995580.1 | S26: =Q26+R26 -> 3995580.1
A27: Total Liabilities | B27: ='General Fund'!M23 -> 1924485.6 | C27: ='Capital Projects Fund'!H21 -> 0 | D27: ='Human Services'!I22 -> 3323725.5 | E27: =SUM(E22:E26) -> 917625.02 | F27: ='Other Government'!AI21 -> 2046631.5 | G27: =SUM(G22:G26) -> 8212467.7 | H27: =SUM(H22:H26) -> 0 | I27: =SUM(I22:I26) -> 45122.04 | J27: =SUM(J22:J26) -> 77818.4 | K27: =SUM(K22:K26) -> 4799.08 | L27: =SUM(L22:L26) -> 78087.93 | M27: =SUM(M22:M26) -> 365294.23 | O27: =SUM(O22:O26) -> 0 | P27: =SUM(P22:P26) -> 571121.68 | Q27: =SUM(Q22:Q26) -> 8783589.4 | R27: =SUM(R22:R26) -> 8444804.1 | S27: =SUM(S22:S26) -> 17228393 | T27: ties to Major Fund Determination
T28: ='[1]Major fund 2019'!$D$112 -> 18826889
A29: Deferred Inflows of Resources:
A30: Unavailable revenue - taxes/fees | B30: ='General Fund'!M26 -> 1459235 | C30: ='Capital Projects Fund'!H24 -> 0 | G30: =SUM(B30:F30) -> 1459235
A31: Unavailable revenue - note | B31: ='General Fund'!M27 -> 0 | C31: ='Capital Projects Fund'!H25 -> 0 | G31: =SUM(B31:F31) -> 0
A32: Total Deferred Inflows of Resources | B32: =SUM(B30:B31) -> 1459235 | C32: ='Capital Projects Fund'!H26 -> 0 | E32: =SUM(E30:E31) -> 0 | G32: =SUM(B32:F32) -> 1459235
A34: Fund Balance
A35: Reserved: Program | B35: ='General Fund'!M32 -> 0 | C35: ='Capital Projects Fund'!H29 -> 0 | F35: ='Other Government'!AI25 -> 0 | G35: =SUM(B35:F35) -> 0 | P35: =SUM(H35:O35) -> 0 | Q35: =G35+P35 -> 0 | S35: =Q35+R35 -> 0
A36: Operating Reserve | B36: ='General Fund'!M33 -> 1514421.1 | G36: =SUM(B36:F36) -> 1514421.1 | P36: =SUM(H36:O36) -> 0 | Q36: =G36+P36 -> 1514421.1 | S36: =Q36+R36 -> 1514421.1
A37: Human Services | D37: ='Human Services'!I28-'Substance Abuse'!I28 -> 50214.35 | F37: ='Other Government'!AI26 -> 40213.88 | G37: =SUM(B37:F37) -> 90428.23 | P37: =SUM(H37:O37) -> 0 | Q37: =G37+P37 -> 90428.23 | S37: =Q37+R37 -> 90428.23
A38: Roads and bridges | F38: ='Other Government'!AI27 -> 1390654 | G38: =SUM(B38:F38) -> 1390654 | P38: =SUM(H38:O38) -> 0 | Q38: =G38+P38 -> 1390654 | S38: =Q38+R38 -> 1390654
A39: Affordable housing | F39: ='Other Government'!AI28 -> 24635.57 | G39: =SUM(B39:F39) -> 24635.57 | P39: =SUM(H39:O39) -> 0 | Q39: =G39+P39 -> 24635.57 | S39: =Q39+R39 -> 24635.57
A40: Hazardous Materials | F40: ='Other Government'!AI29 -> 86115.23 | G40: =SUM(B40:F40) -> 86115.23
A41: 911 | F41: ='Other Government'!AI30 -> 88647.51 | G41: =SUM(B41:F41) -> 88647.51
A42: Act 13 | F42: ='Other Government'!AI31 -> 339366.45 | G42: =SUM(B42:F42) -> 339366.45 | P42: =SUM(H42:O42) -> 0 | Q42: =G42+P42 -> 339366.45 | S42: =Q42+R42 -> 339366.45
A43: Constable server fees | F43: ='Other Government'!AI32 -> 311308.31 | G43: =SUM(B43:F43) -> 311308.31 | P43: =SUM(H43:O43) -> 0 | Q43: =G43+P43 -> 311308.31 | S43: =Q43+R43 -> 311308.31
A44: Offender identification | F44: ='Other Government'!AI33 -> 485843.37 | G44: =SUM(B44:F44) -> 485843.37 | P44: =SUM(H44:O44) -> 0 | Q44: =G44+P44 -> 485843.37 | S44: =Q44+R44 -> 485843.37
A45: Juvenile court restitution | F45: ='Other Government'!AI34 -> 9321.96 | G45: =SUM(B45:F45) -> 9321.96
A46: Records improvement/automation | F46: ='Other Government'!AI35 -> 53324.05 | G46: =SUM(B46:F46) -> 53324.05 | P46: =SUM(H46:O46) -> 0 | Q46: =G46+P46 -> 53324.05 | S46: =Q46+R46 -> 53324.05
A47: Sugar Valley Lodge | F47: ='Other Government'!AI36 -> 136670.46 | G47: =SUM(B47:F47) -> 136670.46 | P47: =SUM(H47:O47) -> 0 | Q47: =G47+P47 -> 136670.46 | S47: =Q47+R47 -> 136670.46
A48: Adoption counseling | F48: ='Other Government'!AI37 -> 11261.01 | G48: =SUM(B48:F48) -> 11261.01
A49: Domestic relations | F49: ='Other Government'!AI38 -> 872603.24 | G49: =SUM(B49:F49) -> 872603.24 | P49: =SUM(H49:O49) -> 0 | Q49: =G49+P49 -> 872603.24 | S49: =Q49+R49 -> 872603.24
A50: Demolitions | F50: ='Other Government'!AI39 -> 43126.07 | G50: =SUM(B50:F50) -> 43126.07 | P50: =SUM(H50:O50) -> 0 | Q50: =G50+P50 -> 43126.07 | S50: =Q50+R50 -> 43126.07
A51: Assigned: | F51: ='Other Government'!AI40 -> 0 | G51: =SUM(B51:F51) -> 0 | P51: =SUM(H51:O51) -> 0 | Q51: =G51+P51 -> 0 | S51: =Q51+R51 -> 0
A52: Capital Projects | F52: ='Other Government'!AI41 -> 0 | G52: =SUM(B52:F52) -> 0 | P52: =SUM(H52:O52) -> 0 | Q52: =G52+P52 -> 0 | S52: =Q52+R52 -> 0
A53: Substance Abuse | D53: ='Substance Abuse'!I27 -> 295193.4 | F53: ='Other Government'!AI42 -> 0 | G53: =SUM(B53:F53) -> 295193.4 | P53: =SUM(H53:O53) -> 0 | Q53: =G53+P53 -> 295193.4 | S53: =Q53+R53 -> 295193.4
A54: Airport Operations | F54: ='Other Government'!AI43 -> 61256.79 | G54: =SUM(B54:F54) -> 61256.79 | P54: =SUM(H54:O54) -> 0 | Q54: =G54+P54 -> 61256.79 | S54: =Q54+R54 -> 61256.79
A55: Community Action | F55: ='Other Government'!AI44 -> 13183.52 | G55: =SUM(B55:F55) -> 13183.52 | P55: =SUM(H55:O55) -> 0 | Q55: =G55+P55 -> 13183.52 | S55: =Q55+R55 -> 13183.52
A56: Reserved: Prepaids | B56: ='General Fund'!M14 -> 0 | C56: ='Capital Projects Fund'!H30 -> 0 | D56: ='Human Services'!I26 -> 0 | G56: =SUM(B56:F56) -> 0 | P56: =SUM(H56:O56) -> 0 | Q56: =G56+P56 -> 0 | S56: =Q56+R56 -> 0
A57: Unreserved | B57: ='General Fund'!M50 -> 5486875.2 | C57: ='Capital Projects Fund'!H32 -> -139518 | E57: =-7.15+7.15 -> 0 | F57: ='Other Government'!AI45 -> 58254.85 | G57: =SUM(B57:F57) -> 5405612.1 | H57: 59247146 | K57: -367.57 | L57: =22662.66 -> 22662.66 | M57: =798135.06-52055 -> 746080.06 | O57: =24911364.9+35615 -> 24946980 | P57: =SUM(H57:O57) -> 84962501 | Q57: =G57+P57 -> 90368113 | S57: =Q57+R57 -> 90368113
A58: Total Fund Balance | B58: ='General Fund'!M51 -> 7001296.3 | C58: =SUM(C35:C57) -> -139518 | D58: ='Human Services'!I28 -> 345407.75 | E58: =SUM(E35:E57) -> 0 | F58: =SUM(F35:F57) -> 4025786.3 | G58: =SUM(B58:F58) -> 11232972 | H58: =SUM(H35:H57) -> 59247146 | I58: =SUM(I35:I57) -> 0 | J58: =SUM(J35:J57) -> 0 | K58: =SUM(K35:K57) -> -367.57 | L58: =SUM(L35:L57) -> 22662.66 | M58: =SUM(M35:M57) -> 746080.06 | O58: =SUM(O35:O57) -> 24946980 | P58: =SUM(H58:O58) -> 84962501 | Q58: =G58+P58 -> 96195474 | S58: =Q58+R58 -> 96195474 | T58: ties out to Major Fund Determination
T59: ='[1]Major fund 2019'!$E$112+'[1]Major fund 2019'!$F$112 -> 95858440
A60: Total Liabilities & Fund Balance | B60: ='General Fund'!M53 -> 10385017 | C60: ='Capital Projects Fund'!H34 -> -139518 | D60: ='Human Services'!I30 -> 3669133.2 | E60: =E27+E58+E32 -> 917625.02 | F60: ='Other Government'!AI48 -> 6072417.9 | G60: =SUM(B60:F60) -> 20904675 | H60: =H27+H58 -> 59247146 | I60: =I27+I58 -> 45122.04 | J60: =J27+J58 -> 77818.4 | K60: =K27+K58 -> 4431.51 | L60: =L27+L58 -> 100750.59 | M60: =M27+M58 -> 1111374.3 | O60: =O27+O58 -> 24946980 | P60: =P27+P58 -> 85533623 | Q60: =Q27+Q58 -> 1.0497906e+08 | R60: =R27+R58 -> 8444804.1 | S60: =S27+S58 -> 1.1342387e+08
B61: =IF(B19=B60,"YES","NO") -> YES | C61: =IF(C19=C60,"YES","NO") -> YES | D61: =IF(D19=D60,"YES","NO") -> YES | E61: =IF(E19=E60,"YES","NO") -> YES | F61: =IF(F19=F60,"YES","NO") -> YES | G61: =IF(G19=G60,"YES","NO") -> YES | H61: =IF(H19=H60,"YES","NO") -> YES | I61: =IF(I19=I60,"YES","NO") -> YES | ... M61: =IF(M19=M60,"YES","NO") -> YES | O61: =IF(O19=O60,"YES","NO") -> YES | P61: =IF(P19=P60,"YES","NO") -> NO | Q61: =IF(Q19=Q60,"YES","NO") -> NO | R61: =IF(R19=R60,"YES","NO") -> YES | S61: =IF(S19=S60,"YES","NO") -> NO
A62: Revenue
A63: Taxes | B63: ='General Fund'!B56 -> 11755541 | G63: =SUM(B63:F63) -> 11755541 | P63: =SUM(H63:O63) -> 0 | Q63: =G63+P63 -> 11755541 | S63: =Q63+R63 -> 11755541
A64: Licenses | B64: ='General Fund'!B57 -> 49720 | G64: =SUM(B64:F64) -> 49720 | P64: =SUM(H64:O64) -> 0 | Q64: =G64+P64 -> 49720 | S64: =Q64+R64 -> 49720
A65: Intergovermental | B65: ='General Fund'!B58 -> 1728287.2 | C65: ='Capital Projects Fund'!H37 -> 0 | D65: ='Human Services'!I33 -> 17031977 | E65: =9611394.12+435554+7.15 -> 10046955 | F65: ='Other Government'!AI51 -> 7270149.9 | G65: =SUM(B65:F65) -> 36077370 | M65: 860147.54 | N65: 72905.8 | P65: =SUM(H65:O65) -> 933053.34 | Q65: =G65+P65 -> 37010423 | S65: =Q65+R65 -> 37010423
A66: Charges for Services | B66: ='General Fund'!B59 -> 2322656.7 | C66: ='Capital Projects Fund'!H38 -> 0 | D66: ='Human Services'!I34 -> 120623.77 | E66: =443296.47-435554 -> 7742.47 | F66: ='Other Government'!AI52 -> 713804.5 | G66: =SUM(B66:F66) -> 3164827.5 | M66: 19648.67 | P66: =SUM(H66:O66) -> 19648.67 | Q66: =G66+P66 -> 3184476.1 | S66: =Q66+R66 -> 3184476.1
A67: Fines and Forfeits | B67: ='General Fund'!B60 -> 135423.06 | D67: ='Human Services'!I35 -> 234988.95 | F67: ='Other Government'!AI53 -> 0 | G67: =SUM(B67:F67) -> 370412.01 | P67: =SUM(H67:O67) -> 0 | Q67: =G67+P67 -> 370412.01 | S67: =Q67+R67 -> 370412.01
A68: Interest | B68: ='General Fund'!M61 -> 16536.66 | C68: ='Capital Projects Fund'!H40 -> 570.84 | D68: ='Human Services'!I36 -> 6461.85 | F68: ='Other Government'!AI54 -> 25978.52 | G68: =SUM(B68:F68) -> 49547.87 | H68: 2553033.8 | L68: 328.2 | P68: =SUM(H68:O68) -> 2553362 | Q68: =G68+P68 -> 2602909.9 | S68: =Q68+R68 -> 2602909.9
A69: Lease Revenue | B69: ='General Fund'!B62 -> 0 | C69: ='Capital Projects Fund'!H41 -> 0 | G69: =SUM(B69:F69) -> 0 | P69: =SUM(H69:O69) -> 0 | Q69: =G69+P69 -> 0 | S69: =Q69+R69 -> 0
A70: Other | B70: ='General Fund'!M63 -> 135564.32 | C70: ='Capital Projects Fund'!H42 -> 0 | D70: ='Human Services'!I37 -> 314353.3 | F70: ='Other Government'!AI55 -> 8384.57 | G70: =SUM(B70:F70) -> 458302.19 | H70: 10008759 | K70: 282316.29 | L70: 70934.31 | P70: =SUM(H70:O70) -> 10362010 | Q70: =G70+P70 -> 10820312 | S70: =Q70+R70 -> 10820312
A71: Total Revenues | B71: =SUM(B63:B70) -> 16143729 | C71: ='Capital Projects Fund'!H43 -> 570.84 | D71: ='Human Services'!I38 -> 17708405 | E71: =SUM(E63:E70) -> 10054698 | F71: ='Other Government'!AI56 -> 8018317.4 | G71: =SUM(B71:F71) -> 51925720 | H71: =SUM(H63:H70) -> 12561793 | I71: =SUM(I63:I70) -> 0 | J71: =SUM(J63:J70) -> 0 | K71: =SUM(K63:K70) -> 282316.29 | L71: =SUM(L63:L70) -> 71262.51 | M71: =SUM(M63:M70) -> 879796.21 | N71: =SUM(N63:N70) -> 72905.8 | O71: =SUM(O63:O70) -> 0 | ... S71: =SUM(S63:S70) -> 65793794 | T71: ties out to Major Fund Determination if you add Sales of Fixed Assets
T72: ='[1]Major fund 2019'!$G$112 -> 65614386 | U72: =T72-S71 -> -179407.98
A73: Expenditures
A74: General gvt - administration | B74: ='General Fund'!M67 -> 6865075.5 | C74: ='Capital Projects Fund'!H46 -> 382039 | D74: ='Human Services'!I41 -> 0 | F74: ='Other Government'!AI59 -> 26412.14 | G74: =SUM(B74:F74) -> 7273526.6 | H74: 3584865 | K74: 5886.21 | L74: =348444.38-1080 -> 347364.38 | O74: 1652783.8 | P74: =SUM(H74:O74) -> 5590899.3 | Q74: =G74+P74 -> 12864426 | S74: =Q74+R74 -> 12864426
A75: General gvt - judicial | B75: ='General Fund'!M68 -> 3355865.4 | C75: ='Capital Projects Fund'!H47 -> 0 | D75: ='Human Services'!I42 -> 0 | F75: ='Other Government'!AI60 -> 582577.77 | G75: =SUM(B75:F75) -> 3938443.2 | P75: =SUM(H75:O75) -> 0 | Q75: =G75+P75 -> 3938443.2 | S75: =Q75+R75 -> 3938443.2
A76: Public safety | B76: ='General Fund'!M69 -> 4405519.5 | C76: ='Capital Projects Fund'!H48 -> 0 | D76: ='Human Services'!I43 -> 0 | F76: ='Other Government'!AI61 -> 2674400.9 | G76: =SUM(B76:F76) -> 7079920.3 | P76: =SUM(H76:O76) -> 0 | Q76: =G76+P76 -> 7079920.3 | S76: =Q76+R76 -> 7079920.3
A77: Public works and enterprises | B77: ='General Fund'!M70 -> 457124.57 | C77: ='Capital Projects Fund'!H49 -> 0 | D77: ='Human Services'!I44 -> 0 | F77: ='Other Government'!AI62 -> 1040984.7 | G77: =SUM(B77:F77) -> 1498109.3 | P77: =SUM(H77:O77) -> 0 | Q77: =G77+P77 -> 1498109.3 | S77: =Q77+R77 -> 1498109.3
A78: Human services | B78: ='General Fund'!M71 -> 106092.83 | C78: ='Capital Projects Fund'!H50 -> 0 | D78: ='Human Services'!I45 -> 18096574 | E78: =3.01+9904740.73-46 -> 9904697.7 | F78: ='Other Government'!AI63 -> 2869618.1 | G78: =SUM(B78:F78) -> 30976983 | P78: =SUM(H78:O78) -> 0 | Q78: =G78+P78 -> 30976983 | S78: =Q78+R78 -> 30976983
A79: Conservation and development | B79: ='General Fund'!M72 -> 631691.02 | C79: ='Capital Projects Fund'!H51 -> 0 | D79: ='Human Services'!I46 -> 0 | F79: ='Other Government'!AI64 -> 499209.68 | G79: =SUM(B79:F79) -> 1130900.7 | M79: =1083847.63+52055 -> 1135902.6 | P79: =SUM(H79:O79) -> 1135902.6 | Q79: =G79+P79 -> 2266803.3 | S79: =Q79+R79 -> 2266803.3
A80: Culture & Recreation | B80: ='General Fund'!M73 -> 307701.97 | C80: ='Capital Projects Fund'!H52 -> 0 | G80: =SUM(B80:F80) -> 307701.97 | P80: =SUM(H80:O80) -> 0 | Q80: =G80+P80 -> 307701.97 | S80: =Q80+R80 -> 307701.97
A81: Debt Service & Capital Outlay | B81: ='General Fund'!M75 -> 0 | C81: ='Capital Projects Fund'!H54 -> 588547 | G81: =SUM(B81:F81) -> 588547 | P81: =SUM(H81:O81) -> 0 | Q81: =G81+P81 -> 588547 | S81: =Q81+R81 -> 588547
A82: Total Expenditures | B82: =SUM(B74:B81) -> 16129071 | C82: ='Capital Projects Fund'!H55 -> 970586 | D82: ='Human Services'!I47 -> 18096574 | E82: =SUM(E74:E81) -> 9904697.7 | F82: ='Other Government'!AI65 -> 7693203.3 | G82: =SUM(B82:F82) -> 52794132 | H82: =SUM(H74:H81) -> 3584865 | I82: =SUM(I74:I81) -> 0 | J82: =SUM(J74:J81) -> 0 | K82: =SUM(K74:K81) -> 5886.21 | L82: =SUM(L74:L81) -> 347364.38 | M82: =SUM(M74:M81) -> 1135902.6 | O82: =SUM(O74:O81) -> 1652783.8 | P82: =SUM(H82:O82) -> 6726802 | Q82: =G82+P82 -> 59520934 | S82: =Q82+R82 -> 59520934 | T82: ties out to Major Fund Determination
T83: ='[1]Major fund 2019'!$J$110 -> 59069284
A84: Excess (Deficiency) | B84: ='General Fund'!M78 -> 14658.29 | C84: ='Capital Projects Fund'!H57 -> -970015.16 | D84: ='Human Services'!I49 -> -388168.81 | E84: =E71-E82 -> 150000 | F84: ='Other Government'!AI67 -> 325114.14 | G84: =SUM(B84:F84) -> -868411.54 | K84: =K71-K82 -> 276430.08 | L84: =L71-L82 -> -276101.87 | M84: =M71-M82 -> -256106.42
A86: Sale of Fixed Assets | B86: ='General Fund'!B80 -> 9448.61 | C86: ='Capital Projects Fund'!H59 -> 0 | D86: ='Human Services'!I51 -> 20520 | F86: ='Other Government'!AI69 -> 0 | G86: =SUM(B86:F86) -> 29968.61 | P86: =SUM(H86:O86) -> 0 | Q86: =G86+P86 -> 29968.61 | S86: =Q86+R86 -> 29968.61
A87: Proceeds from capital leases | C87: ='Capital Projects Fund'!H60 -> 551436 | G87: =SUM(B87:F87) -> 551436 | P87: =SUM(H87:O87) -> 0 | Q87: =G87+P87 -> 551436 | S87: =Q87+R87 -> 551436
A88: Premium on refunding bonds | C88: ='Capital Projects Fund'!H61 -> 0 | G88: =SUM(B88:F88) -> 0 | P88: =SUM(H88:O88) -> 0 | Q88: =G88+P88 -> 0 | S88: =Q88+R88 -> 0
A89: Payment to refunded bond escrow | C89: ='Capital Projects Fund'!H62 -> 0 | G89: =SUM(B89:F89) -> 0 | P89: =SUM(H89:O89) -> 0 | Q89: =G89+P89 -> 0 | S89: =Q89+R89 -> 0 | T89: ties out to Major Fund
A90: Transfers In | B90: ='General Fund'!M81 -> 4011781.1 | C90: ='Capital Projects Fund'!H63 -> 699992.94 | D90: ='Human Services'!I52 -> 1336941.7 | F90: ='Other Government'!AI70 -> 3163396.4 | G90: =SUM(B90:F90) -> 9212112.1 | L90: 209735.52 | M90: 185336.19 | P90: =SUM(H90:O90) -> 395071.71 | Q90: =G90+P90 -> 9607183.8 | S90: =Q90+R90 -> 9607183.8 | T90: ='[1]Major fund 2019'!$H$110 -> 10105014
A91: Transfers Out | B91: ='General Fund'!M82 -> 4570954.5 | C91: ='Capital Projects Fund'!H64 -> 672012.45 | D91: ='Human Services'!I53 -> 974276.17 | E91: 150000 | F91: ='Other Government'!AI71 -> 2844869.1 | G91: =SUM(B91:F91) -> 9212112.1 | K91: 275828.13 | L91: 5896.05 | P91: =SUM(H91:O91) -> 281724.18 | Q91: =G91+P91 -> 9493836.3 | S91: =Q91+R91 -> 9493836.3 | T91: ='[1]Major fund 2019'!$K$110 -> 10092147
A92: Total Other | B92: ='General Fund'!M83 -> -549724.72 | C92: =C86+C87+C88+C89+C90-C91 -> 579416.49 | D92: ='Human Services'!I54 -> 383185.49 | E92: =E86+E90-E91 -> -150000 | F92: ='Other Government'!AI72 -> 318527.35 | G92: =G86+G87+G88+G89+G90-G91 -> 581404.61 | H92: =SUM(H86:H91) -> 0 | I92: =SUM(I86:I91) -> 0 | J92: =SUM(J86:J91) -> 0 | K92: =SUM(K86:K91) -> 275828.13 | L92: =SUM(L86:L91) -> 215631.57 | M92: =SUM(M86:M91) -> 185336.19 | O92: =SUM(O86:O91) -> 0 | P92: =SUM(P86:P91) -> 676795.89 | Q92: =SUM(Q86:Q91) -> 19682425 | R92: =SUM(R86:R91) -> 0 | S92: =SUM(S86:S91) -> 19682425
A94: Net Change in Fund Balance | B94: ='General Fund'!M85 -> -535066.43 | C94: ='Capital Projects Fund'!H67 -> -390598.67 | D94: ='Human Services'!I56 -> -4983.32 | E94: =E84+E92 -> 0 | F94: =F84+F92 -> 643641.49 | G94: =SUM(B94:F94) -> -287006.93
A95: Fund Balance - Beginning | B95: ='General Fund'!M86 -> 7536362.7 | C95: ='Capital Projects Fund'!H68 -> 251080.67 | D95: ='Human Services'!I57 -> 350391.07 | E95: =E96-E94 -> 0 | F95: ='Other Government'!AI75 -> 3382144.8 | G95: =SUM(B95:F95) -> 11519979 | R95: Balance Sheet | S95: =S19-S27-S58 -> 587848.8
A96: Fund Balance - End of Year | B96: ='General Fund'!M87 -> 7001296.3 | C96: ='Capital Projects Fund'!H69 -> -139518 | D96: ='Human Services'!I58 -> 345407.75 | E96: =E58 -> 0 | F96: ='Other Government'!AI76 -> 4025786.3 | G96: =SUM(B96:F96) -> 11232972 | R96: P & L | S96: =S71-S82+S86+S90-S91 -> 6416176.4
G99: =G90-G91 -> 0

Sheet Front Stmts
A1: ='ALL GOVERNMENT FUNDS'!A1 -> ALL GOVERNMENT FUNDS
A2: ='ALL GOVERNMENT FUNDS'!A2 -> Combining Balance sheet and Statement of Revenue & Expenses
A3: ='ALL GOVERNMENT FUNDS'!A3 -> 43830
A4: yellow=new line items since back statements for front only
B6: ='ALL GOVERNMENT FUNDS'!B6 -> General Fund | C6: ='ALL GOVERNMENT FUNDS'!C6 -> Capital Projects Fund (3000/4000/4100) | D6: ='ALL GOVERNMENT FUNDS'!D6 -> Human Services Fund | E6: ='ALL GOVERNMENT FUNDS'!E6 -> 2590 Workforce Development | F6: ='ALL GOVERNMENT FUNDS'!F6 -> Other Governmental Funds | G6: ='ALL GOVERNMENT FUNDS'!G6 -> TOTAL GOVT FUNDS | H6: #1 Lease Receivable | I6: #2 Compensated Absences | J6: #3 Clerk of Courts | K6: #4 Debt | L6: #5 Taxes Receivable | M6: #6 In-Kind EHS | N6: #7 Capital Assets | O6: #8 Capital Lease | P6: #9 Net Pension Asset | Q6: Other Eliminations & Adj | R6: Adjusted Amounts
A7: ='ALL GOVERNMENT FUNDS'!A7 -> Assets | B7: ='ALL GOVERNMENT FUNDS'!B7 -> 0 | C7: ='ALL GOVERNMENT FUNDS'!C7 -> 0 | D7: ='ALL GOVERNMENT FUNDS'!D7 -> 0 | E7: ='ALL GOVERNMENT FUNDS'!E7 -> 0 | F7: ='ALL GOVERNMENT FUNDS'!F7 -> 0 | G7: ='ALL GOVERNMENT FUNDS'!G7 -> 0
A8: ='ALL GOVERNMENT FUNDS'!A8 -> Cash & cash equivalents | B8: ='ALL GOVERNMENT FUNDS'!B8 -> 6848931.2 | C8: ='ALL GOVERNMENT FUNDS'!C8 -> -139518 | D8: ='ALL GOVERNMENT FUNDS'!D8 -> 824930.46 | E8: ='ALL GOVERNMENT FUNDS'!E8 -> -1572521.4 | F8: ='ALL GOVERNMENT FUNDS'!F8 -> 4380719 | G8: ='ALL GOVERNMENT FUNDS'!G8 -> 10342541 | R8: =SUM(G8:Q8) -> 10342541
A9: ='ALL GOVERNMENT FUNDS'!A9 -> Advances Receivable | B9: ='ALL GOVERNMENT FUNDS'!B9 -> 0 | C9: ='ALL GOVERNMENT FUNDS'!C9 -> 0 | D9: ='ALL GOVERNMENT FUNDS'!D9 -> 0 | E9: ='ALL GOVERNMENT FUNDS'!E9 -> 0 | F9: ='ALL GOVERNMENT FUNDS'!F9 -> 0 | G9: ='ALL GOVERNMENT FUNDS'!G9 -> 0 | R9: =SUM(G9:Q9) -> 0
A10: ='ALL GOVERNMENT FUNDS'!A10 -> Taxes Receivable | B10: ='ALL GOVERNMENT FUNDS'!B10 -> 1462931.1 | C10: ='ALL GOVERNMENT FUNDS'!C10 -> 0 | D10: ='ALL GOVERNMENT FUNDS'!D10 -> 0 | E10: ='ALL GOVERNMENT FUNDS'!E10 -> 0 | F10: ='ALL GOVERNMENT FUNDS'!F10 -> 0 | G10: ='ALL GOVERNMENT FUNDS'!G10 -> 1462931.1 | R10: =SUM(G10:Q10) -> 1462931.1
A11: ='ALL GOVERNMENT FUNDS'!A11 -> A/R | B11: ='ALL GOVERNMENT FUNDS'!B11 -> 399176.89 | C11: ='ALL GOVERNMENT FUNDS'!C11 -> 0 | D11: ='ALL GOVERNMENT FUNDS'!D11 -> 1101496.2 | E11: ='ALL GOVERNMENT FUNDS'!E11 -> 0 | F11: ='ALL GOVERNMENT FUNDS'!F11 -> 1038191.1 | G11: ='ALL GOVERNMENT FUNDS'!G11 -> 2538864.2 | Q11: =-62835-8874.19 -> -71709.19 | R11: =SUM(G11:Q11) -> 2467155 | S11: 2467155 | T11: =R11-S11 -> 0
A12: A/R, Fiduciary | G12: - | Q12: 509104.81 | R12: =SUM(G12:Q12) -> 509104.81
A13: ='ALL GOVERNMENT FUNDS'!A12 -> Due from Component Unit | B13: ='ALL GOVERNMENT FUNDS'!B12 -> 944292 | C13: ='ALL GOVERNMENT FUNDS'!C12 -> 0 | D13: ='ALL GOVERNMENT FUNDS'!D12 -> 0 | E13: ='ALL GOVERNMENT FUNDS'!E12 -> 0 | F13: ='ALL GOVERNMENT FUNDS'!F12 -> 0 | G13: ='ALL GOVERNMENT FUNDS'!G12 -> 944292 | R13: =SUM(G13:Q13) -> 944292
A14: ='ALL GOVERNMENT FUNDS'!A13 -> Due from Other Funds | B14: ='ALL GOVERNMENT FUNDS'!B13 -> 651445.8 | C14: ='ALL GOVERNMENT FUNDS'!C13 -> 0 | D14: ='ALL GOVERNMENT FUNDS'!D13 -> 91749.53 | E14: ='ALL GOVERNMENT FUNDS'!E13 -> 0 | F14: ='ALL GOVERNMENT FUNDS'!F13 -> 27397.69 | G14: ='ALL GOVERNMENT FUNDS'!G13 -> 770593.02 | Q14: =-261488.21-509104.81 -> -770593.02 | R14: =SUM(G14:Q14) -> 0
A15: ='ALL GOVERNMENT FUNDS'!A14 -> Due from Other Governments | B15: ='ALL GOVERNMENT FUNDS'!B14 -> 78239.87 | C15: ='ALL GOVERNMENT FUNDS'!C14 -> 0 | D15: ='ALL GOVERNMENT FUNDS'!D14 -> 1650959.1 | E15: ='ALL GOVERNMENT FUNDS'!E14 -> 2490146.4 | F15: ='ALL GOVERNMENT FUNDS'!F14 -> 553694.96 | G15: ='ALL GOVERNMENT FUNDS'!G14 -> 4773040.3 | Q15: 71711.71 | R15: =SUM(G15:Q15) -> 4844752 | S15: 4844752 | T15: =R15-S15 -> 0
A16: Net Pension Asset | C16: 0 | D16: 0 | E16: 0 | F16: 0 | G16: =SUM(B16:F16) -> 0 | P16: 9136682 | R16: =SUM(G16:Q16) -> 9136682
A17: Beg. Year Non-Dep. Capital Assets | B17: 0 | C17: 0 | D17: 0 | E17: 0 | F17: 0 | G17: =SUM(B17:F17) -> 0 | N17: =2119678+40000 -> 2159678 | R17: =SUM(G17:Q17) -> 2159678
A18: Depreciable Capital Assets | B18: 0 | C18: 0 | D18: 0 | E18: 0 | F18: 0 | G18: =SUM(B18:F18) -> 0 | N18: =62207713+1814871-450905 -> 63571679 | R18: =SUM(G18:Q18) -> 63571679
A19: A/D | B19: 0 | C19: 0 | D19: 0 | E19: 0 | F19: 0 | G19: =SUM(B19:F19) -> 0 | N19: =-39548864+417273-1652784 -> -40784375 | R19: =SUM(G19:Q19) -> -40784375 | S19: =SUM(R18:R19) -> 22787304
A20: Deferred Outflows Pension | B20: 0 | C20: 0 | D20: 0 | E20: 0 | F20: 0 | G20: =SUM(B20:F20) -> 0 | P20: 3777847 | R20: =SUM(G20:Q20) -> 3777847
A21: ='ALL GOVERNMENT FUNDS'!A15 -> Other Assets | B21: ='ALL GOVERNMENT FUNDS'!B15 -> 0 | C21: ='ALL GOVERNMENT FUNDS'!C15 -> 0 | D21: ='ALL GOVERNMENT FUNDS'!D15 -> -2 | E21: ='ALL GOVERNMENT FUNDS'!E15 -> 0 | F21: ='ALL GOVERNMENT FUNDS'!F15 -> 72415.11 | G21: ='ALL GOVERNMENT FUNDS'!G15 -> 72413.11 | R21: =SUM(G21:Q21) -> 72413.11
A22: ='ALL GOVERNMENT FUNDS'!A16 -> Lease Receivable | B22: ='ALL GOVERNMENT FUNDS'!B16 -> 0 | C22: ='ALL GOVERNMENT FUNDS'!C16 -> 0 | D22: ='ALL GOVERNMENT FUNDS'!D16 -> 0 | E22: ='ALL GOVERNMENT FUNDS'!E16 -> 0 | F22: ='ALL GOVERNMENT FUNDS'!F16 -> 0 | G22: ='ALL GOVERNMENT FUNDS'!G16 -> 0 | R22: =SUM(G22:Q22) -> 0
A23: ='ALL GOVERNMENT FUNDS'!A17 -> Current | B23: ='ALL GOVERNMENT FUNDS'!B17 -> 0 | C23: ='ALL GOVERNMENT FUNDS'!C17 -> 0 | D23: ='ALL GOVERNMENT FUNDS'!D17 -> 0 | E23: ='ALL GOVERNMENT FUNDS'!E17 -> 0 | F23: ='ALL GOVERNMENT FUNDS'!F17 -> 0 | G23: ='ALL GOVERNMENT FUNDS'!G17 -> 0 | R23: =SUM(G23:Q23) -> 0
A24: ='ALL GOVERNMENT FUNDS'!A18 -> Non-Current | B24: ='ALL GOVERNMENT FUNDS'!B18 -> 0 | C24: ='ALL GOVERNMENT FUNDS'!C18 -> 0 | D24: ='ALL GOVERNMENT FUNDS'!D18 -> 0 | E24: ='ALL GOVERNMENT FUNDS'!E18 -> 0 | F24: ='ALL GOVERNMENT FUNDS'!F18 -> 0 | G24: ='ALL GOVERNMENT FUNDS'!G18 -> 0 | R24: =SUM(G24:Q24) -> 0
A25: ='ALL GOVERNMENT FUNDS'!A19 -> Total Assets | B25: ='ALL GOVERNMENT FUNDS'!B19 -> 10385017 | C25: ='ALL GOVERNMENT FUNDS'!C19 -> -139518 | D25: ='ALL GOVERNMENT FUNDS'!D19 -> 3669133.2 | E25: ='ALL GOVERNMENT FUNDS'!E19 -> 917625.02 | F25: ='ALL GOVERNMENT FUNDS'!F19 -> 6072417.9 | G25: ='ALL GOVERNMENT FUNDS'!G19 -> 20904675 | H25: =SUM(H8:H24) -> 0 | I25: =SUM(I8:I24) -> 0 | J25: =SUM(J8:J24) -> 0 | K25: =SUM(K8:K24) -> 0 | L25: =SUM(L8:L24) -> 0 | M25: =SUM(M8:M24) -> 0 | N25: =SUM(N8:N24) -> 24946982 | O25: =SUM(O8:O24) -> 0 | ... Q25: =SUM(Q8:Q24) -> -261485.69 | R25: =SUM(G25:Q25) -> 58504700 | S25: =SUM(R8:R24) -> 58504700
A27: ='ALL GOVERNMENT FUNDS'!A21 -> Liabilities
A28: ='ALL GOVERNMENT FUNDS'!A22 -> A/P | B28: ='ALL GOVERNMENT FUNDS'!B22 -> 1159048 | C28: ='ALL GOVERNMENT FUNDS'!C22 -> 0 | D28: ='ALL GOVERNMENT FUNDS'!D22 -> 985392.95 | E28: ='ALL GOVERNMENT FUNDS'!E22 -> 707350.58 | F28: ='ALL GOVERNMENT FUNDS'!F22 -> 626634.69 | G28: ='ALL GOVERNMENT FUNDS'!G22 -> 3478426.2 | R28: =SUM(G28:Q28) -> 3478426.2
A29: ='ALL GOVERNMENT FUNDS'!A23 -> Accrued Payroll | B29: ='ALL GOVERNMENT FUNDS'!B23 -> 352732.09 | C29: ='ALL GOVERNMENT FUNDS'!C23 -> 0 | D29: ='ALL GOVERNMENT FUNDS'!D23 -> 334225.68 | E29: ='ALL GOVERNMENT FUNDS'!E23 -> 17303.15 | F29: ='ALL GOVERNMENT FUNDS'!F23 -> 44122.01 | G29: ='ALL GOVERNMENT FUNDS'!G23 -> 748382.93 | R29: =SUM(G29:Q29) -> 748382.93
A30: ='ALL GOVERNMENT FUNDS'!A24 -> Due to Other Funds | B30: ='ALL GOVERNMENT FUNDS'!B24 -> 101133.21 | C30: ='ALL GOVERNMENT FUNDS'!C24 -> 0 | D30: ='ALL GOVERNMENT FUNDS'!D24 -> 160355 | E30: ='ALL GOVERNMENT FUNDS'!E24 -> 0 | F30: ='ALL GOVERNMENT FUNDS'!F24 -> 0 | G30: ='ALL GOVERNMENT FUNDS'!G24 -> 261488.21 | Q30: -261488.21 | R30: =SUM(G30:Q30) -> 0
A31: ='ALL GOVERNMENT FUNDS'!A25 -> Due to Other Governments | B31: ='ALL GOVERNMENT FUNDS'!B25 -> 23285.99 | C31: ='ALL GOVERNMENT FUNDS'!C25 -> 0 | D31: ='ALL GOVERNMENT FUNDS'!D25 -> 0 | E31: ='ALL GOVERNMENT FUNDS'!E25 -> 0 | F31: ='ALL GOVERNMENT FUNDS'!F25 -> 0 | G31: ='ALL GOVERNMENT FUNDS'!G25 -> 23285.99 | R31: =SUM(G31:Q31) -> 23285.99
A32: Compensated Absences | B32: 0 | C32: 0 | D32: 0 | E32: 0 | F32: 0 | G32: =SUM(B32:F32) -> 0 | I32: 586940 | R32: =SUM(G32:Q32) -> 586940
A33: Capital Lease - Current | B33: 0 | C33: 0 | D33: 0 | E33: 0 | F33: 0 | G33: =SUM(B33:F33) -> 0 | O33: 175198 | R33: =SUM(G33:Q33) -> 175198
A34: Capital Lease - Long Term | B34: 0 | C34: 0 | D34: 0 | E34: 0 | F34: 0 | G34: =SUM(B34:F34) -> 0 | O34: 374516 | R34: =SUM(G34:Q34) -> 374516
A35: Bonds Payable - Current | B35: 0 | C35: 0 | D35: 0 | E35: 0 | F35: 0 | G35: =SUM(B35:F35) -> 0 | R35: =SUM(G35:Q35) -> 0
A36: Bonds Payable - Long Term | B36: 0 | C36: 0 | D36: 0 | E36: 0 | F36: 0 | G36: =SUM(B36:F36) -> 0 | R36: =SUM(G36:Q36) -> 0
A37: ='ALL GOVERNMENT FUNDS'!A26 -> Deferred Revenue | B37: ='ALL GOVERNMENT FUNDS'!B26 -> 288286.36 | C37: ='ALL GOVERNMENT FUNDS'!C26 -> 0 | D37: ='ALL GOVERNMENT FUNDS'!D26 -> 1843751.9 | E37: ='ALL GOVERNMENT FUNDS'!E26 -> 192971.29 | F37: ='ALL GOVERNMENT FUNDS'!F26 -> 1375874.8 | G37: ='ALL GOVERNMENT FUNDS'!G26 -> 3700884.3 | Q37: -62838.35 | R37: =SUM(G37:Q37) -> 3638046 | S37: 3638044 | T37: =R37-S37 -> 2
A38: ='ALL GOVERNMENT FUNDS'!A27 -> Total Liabilities | B38: ='ALL GOVERNMENT FUNDS'!B27 -> 1924485.6 | C38: ='ALL GOVERNMENT FUNDS'!C27 -> 0 | D38: ='ALL GOVERNMENT FUNDS'!D27 -> 3323725.5 | E38: ='ALL GOVERNMENT FUNDS'!E27 -> 917625.02 | F38: ='ALL GOVERNMENT FUNDS'!F27 -> 2046631.5 | G38: ='ALL GOVERNMENT FUNDS'!G27 -> 8212467.7 | H38: =SUM(H28:H37) -> 0 | I38: =SUM(I28:I37) -> 586940 | J38: =SUM(J28:J37) -> 0 | K38: =SUM(K28:K37) -> 0 | L38: =SUM(L28:L37) -> 0 | M38: =SUM(M28:M37) -> 0 | N38: =SUM(N28:N37) -> 0 | O38: =SUM(O28:O37) -> 549714 | ... Q38: =SUM(Q28:Q37) -> -324326.56 | R38: =SUM(G38:Q38) -> 9024795.1 | S38: =SUM(R28:R37) -> 9024795.1
A40: ='ALL GOVERNMENT FUNDS'!A29 -> Deferred Inflows of Resources:
A41: ='ALL GOVERNMENT FUNDS'!A30 -> Unavailable revenue - taxes/fees | B41: ='ALL GOVERNMENT FUNDS'!B30 -> 1459235 | C41: ='ALL GOVERNMENT FUNDS'!C30 -> 0 | D41: ='ALL GOVERNMENT FUNDS'!D30 -> 0 | E41: ='ALL GOVERNMENT FUNDS'!E30 -> 0 | F41: ='ALL GOVERNMENT FUNDS'!F30 -> 0 | G41: ='ALL GOVERNMENT FUNDS'!G30 -> 1459235 | J41: -291491 | L41: -1230579 | Q41: 62835 | R41: =SUM(G41:Q41) -> 0
A42: ='ALL GOVERNMENT FUNDS'!A31 -> Unavailable revenue - note | B42: ='ALL GOVERNMENT FUNDS'!B31 -> 0 | C42: ='ALL GOVERNMENT FUNDS'!C31 -> 0 | D42: ='ALL GOVERNMENT FUNDS'!D31 -> 0 | E42: ='ALL GOVERNMENT FUNDS'!E31 -> 0 | F42: ='ALL GOVERNMENT FUNDS'!F31 -> 0 | G42: ='ALL GOVERNMENT FUNDS'!G31 -> 0 | R42: =SUM(G42:Q42) -> 0
A43: Deferred Inflow Pension | B43: 0 | C43: 0 | D43: 0 | E43: 0 | F43: 0 | G43: =SUM(B43:F43) -> 0 | P43: 7871417 | R43: =SUM(G43:Q43) -> 7871417
A44: ='ALL GOVERNMENT FUNDS'!A32 -> Total Deferred Inflows of Resources | B44: ='ALL GOVERNMENT FUNDS'!B32 -> 1459235 | C44: ='ALL GOVERNMENT FUNDS'!C32 -> 0 | D44: ='ALL GOVERNMENT FUNDS'!D32 -> 0 | E44: ='ALL GOVERNMENT FUNDS'!E32 -> 0 | F44: ='ALL GOVERNMENT FUNDS'!F32 -> 0 | G44: ='ALL GOVERNMENT FUNDS'!G32 -> 1459235 | H44: =SUM(H41:H43) -> 0 | I44: =SUM(I41:I43) -> 0 | J44: =SUM(J41:J43) -> -291491 | K44: =SUM(K41:K43) -> 0 | L44: =SUM(L41:L43) -> -1230579 | M44: =SUM(M41:M43) -> 0 | N44: =SUM(N41:N43) -> 0 | O44: =SUM(O41:O43) -> 0 | ... Q44: =SUM(Q41:Q43) -> 62835 | R44: =SUM(G44:Q44) -> 7871417 | S44: =R44 -> 7871417
A46: ='ALL GOVERNMENT FUNDS'!A34 -> Fund Balance | S46: =S25-S38-S44 -> 41608488
A47: ='ALL GOVERNMENT FUNDS'!A35 -> Reserved: Program | B47: ='ALL GOVERNMENT FUNDS'!B35 -> 0 | C47: ='ALL GOVERNMENT FUNDS'!C35 -> 0 | D47: ='ALL GOVERNMENT FUNDS'!D35 -> 0 | E47: ='ALL GOVERNMENT FUNDS'!E35 -> 0 | F47: ='ALL GOVERNMENT FUNDS'!F35 -> 0 | G47: ='ALL GOVERNMENT FUNDS'!G35 -> 0 | R47: =SUM(G47:Q47) -> 0 | T47: Capital Assets:
A48: ='ALL GOVERNMENT FUNDS'!A36 -> Operating Reserve | B48: ='ALL GOVERNMENT FUNDS'!B36 -> 1514421.1 | C48: ='ALL GOVERNMENT FUNDS'!C36 -> 0 | D48: ='ALL GOVERNMENT FUNDS'!D36 -> 0 | E48: ='ALL GOVERNMENT FUNDS'!E36 -> 0 | F48: ='ALL GOVERNMENT FUNDS'!F36 -> 0 | G48: ='ALL GOVERNMENT FUNDS'!G36 -> 1514421.1 | R48: =SUM(G48:Q48) -> 1514421.1 | T48: =R17 -> 2159678 | U48: Capital Assets - Net Deprec.
A49: ='ALL GOVERNMENT FUNDS'!A37 -> Human Services | B49: ='ALL GOVERNMENT FUNDS'!B37 -> 0 | C49: ='ALL GOVERNMENT FUNDS'!C37 -> 0 | D49: ='ALL GOVERNMENT FUNDS'!D37 -> 50214.35 | E49: ='ALL GOVERNMENT FUNDS'!E37 -> 0 | F49: ='ALL GOVERNMENT FUNDS'!F37 -> 40213.88 | G49: ='ALL GOVERNMENT FUNDS'!G37 -> 90428.23 | R49: =SUM(G49:Q49) -> 90428.23 | T49: =S19 -> 22787304 | U49: Capital Assets - Deprec/A/D
A50: ='ALL GOVERNMENT FUNDS'!A38 -> Roads and bridges | B50: ='ALL GOVERNMENT FUNDS'!B38 -> 0 | C50: ='ALL GOVERNMENT FUNDS'!C38 -> 0 | D50: ='ALL GOVERNMENT FUNDS'!D38 -> 0 | E50: ='ALL GOVERNMENT FUNDS'!E38 -> 0 | F50: ='ALL GOVERNMENT FUNDS'!F38 -> 1390654 | G50: ='ALL GOVERNMENT FUNDS'!G38 -> 1390654 | R50: =SUM(G50:Q50) -> 1390654 | T50: =-R33 -> -175198 | U50: Captial Lease - Current Liability
A51: ='ALL GOVERNMENT FUNDS'!A39 -> Affordable housing | B51: ='ALL GOVERNMENT FUNDS'!B39 -> 0 | C51: ='ALL GOVERNMENT FUNDS'!C39 -> 0 | D51: ='ALL GOVERNMENT FUNDS'!D39 -> 0 | E51: ='ALL GOVERNMENT FUNDS'!E39 -> 0 | F51: ='ALL GOVERNMENT FUNDS'!F39 -> 24635.57 | G51: ='ALL GOVERNMENT FUNDS'!G39 -> 24635.57 | R51: =SUM(G51:Q51) -> 24635.57 | T51: =-R34 -> -374516 | U51: Capital Lease - Noncurrent
A52: ='ALL GOVERNMENT FUNDS'!A42 -> Act 13 | B52: ='ALL GOVERNMENT FUNDS'!B42 -> 0 | C52: ='ALL GOVERNMENT FUNDS'!C42 -> 0 | D52: ='ALL GOVERNMENT FUNDS'!D42 -> 0 | E52: ='ALL GOVERNMENT FUNDS'!E42 -> 0 | F52: ='ALL GOVERNMENT FUNDS'!F42 -> 339366.45 | G52: ='ALL GOVERNMENT FUNDS'!G42 -> 339366.45 | R52: =SUM(G52:Q52) -> 339366.45 | T52: =-R35 -> 0 | U52: Bonds Payable Current
A53: ='ALL GOVERNMENT FUNDS'!A43 -> Constable server fees | B53: ='ALL GOVERNMENT FUNDS'!B43 -> 0 | C53: ='ALL GOVERNMENT FUNDS'!C43 -> 0 | D53: ='ALL GOVERNMENT FUNDS'!D43 -> 0 | E53: ='ALL GOVERNMENT FUNDS'!E43 -> 0 | F53: ='ALL GOVERNMENT FUNDS'!F43 -> 311308.31 | G53: ='ALL GOVERNMENT FUNDS'!G43 -> 311308.31 | R53: =SUM(G53:Q53) -> 311308.31 | T53: =-R36 -> 0 | U53: Bonds Payable Noncurrent
A54: ='ALL GOVERNMENT FUNDS'!A44 -> Offender identification | B54: ='ALL GOVERNMENT FUNDS'!B44 -> 0 | C54: ='ALL GOVERNMENT FUNDS'!C44 -> 0 | D54: ='ALL GOVERNMENT FUNDS'!D44 -> 0 | E54: ='ALL GOVERNMENT FUNDS'!E44 -> 0 | F54: ='ALL GOVERNMENT FUNDS'!F44 -> 485843.37 | G54: ='ALL GOVERNMENT FUNDS'!G44 -> 485843.37 | R54: =SUM(G54:Q54) -> 485843.37 | T54: =SUM(T48:T53) -> 24397268
A55: ='ALL GOVERNMENT FUNDS'!A46 -> Records improvement/automation | B55: ='ALL GOVERNMENT FUNDS'!B46 -> 0 | C55: ='ALL GOVERNMENT FUNDS'!C46 -> 0 | D55: ='ALL GOVERNMENT FUNDS'!D46 -> 0 | E55: ='ALL GOVERNMENT FUNDS'!E46 -> 0 | F55: ='ALL GOVERNMENT FUNDS'!F46 -> 53324.05 | G55: ='ALL GOVERNMENT FUNDS'!G46 -> 53324.05 | R55: =SUM(G55:Q55) -> 53324.05
A56: ='ALL GOVERNMENT FUNDS'!A47 -> Sugar Valley Lodge | B56: ='ALL GOVERNMENT FUNDS'!B47 -> 0 | C56: ='ALL GOVERNMENT FUNDS'!C47 -> 0 | D56: ='ALL GOVERNMENT FUNDS'!D47 -> 0 | E56: ='ALL GOVERNMENT FUNDS'!E47 -> 0 | F56: ='ALL GOVERNMENT FUNDS'!F47 -> 136670.46 | G56: ='ALL GOVERNMENT FUNDS'!G47 -> 136670.46 | R56: =SUM(G56:Q56) -> 136670.46
A57: ='ALL GOVERNMENT FUNDS'!A49 -> Domestic relations | B57: ='ALL GOVERNMENT FUNDS'!B49 -> 0 | C57: ='ALL GOVERNMENT FUNDS'!C49 -> 0 | D57: ='ALL GOVERNMENT FUNDS'!D49 -> 0 | E57: ='ALL GOVERNMENT FUNDS'!E49 -> 0 | F57: ='ALL GOVERNMENT FUNDS'!F49 -> 872603.24 | G57: ='ALL GOVERNMENT FUNDS'!G49 -> 872603.24 | R57: =SUM(G57:Q57) -> 872603.24
A58: Pension | B58: 0 | C58: 0 | D58: 0 | E58: 0 | F58: 0 | G58: =SUM(B58:F58) -> 0 | Q58: =R16 -> 9136682 | R58: =SUM(G58:Q58) -> 9136682
A59: ='ALL GOVERNMENT FUNDS'!A51 -> Assigned: | B59: ='ALL GOVERNMENT FUNDS'!B51 -> 0 | C59: ='ALL GOVERNMENT FUNDS'!C51 -> 0 | D59: ='ALL GOVERNMENT FUNDS'!D51 -> 0 | E59: ='ALL GOVERNMENT FUNDS'!E51 -> 0 | F59: ='ALL GOVERNMENT FUNDS'!F51 -> 0 | G59: ='ALL GOVERNMENT FUNDS'!G51 -> 0 | R59: =SUM(G59:Q59) -> 0 | T59: =R66 -> 35201601 | U59: Fund Balance
A60: ='ALL GOVERNMENT FUNDS'!A52 -> Capital Projects | B60: ='ALL GOVERNMENT FUNDS'!B52 -> 0 | C60: ='ALL GOVERNMENT FUNDS'!C52 -> 0 | D60: ='ALL GOVERNMENT FUNDS'!D52 -> 0 | E60: ='ALL GOVERNMENT FUNDS'!E52 -> 0 | F60: ='ALL GOVERNMENT FUNDS'!F52 -> 0 | G60: ='ALL GOVERNMENT FUNDS'!G52 -> 0 | R60: =SUM(G60:Q60) -> 0 | T60: =R61+R62+R63 -> 369633.71 | U60: Add Assigned Funds
A61: ='ALL GOVERNMENT FUNDS'!A53 -> Substance Abuse | B61: ='ALL GOVERNMENT FUNDS'!B53 -> 0 | C61: ='ALL GOVERNMENT FUNDS'!C53 -> 0 | D61: ='ALL GOVERNMENT FUNDS'!D53 -> 295193.4 | E61: ='ALL GOVERNMENT FUNDS'!E53 -> 0 | F61: ='ALL GOVERNMENT FUNDS'!F53 -> 0 | G61: ='ALL GOVERNMENT FUNDS'!G53 -> 295193.4 | R61: =SUM(G61:Q61) -> 295193.4 | T61: =-T54 -> -24397268 | U61: Remove Capital Assets See Calculation
A62: ='ALL GOVERNMENT FUNDS'!A54 -> Airport Operations | B62: ='ALL GOVERNMENT FUNDS'!B54 -> 0 | C62: ='ALL GOVERNMENT FUNDS'!C54 -> 0 | D62: ='ALL GOVERNMENT FUNDS'!D54 -> 0 | E62: ='ALL GOVERNMENT FUNDS'!E54 -> 0 | F62: ='ALL GOVERNMENT FUNDS'!F54 -> 61256.79 | G62: ='ALL GOVERNMENT FUNDS'!G54 -> 61256.79 | R62: =SUM(G62:Q62) -> 61256.79 | T62: =-R58 -> -9136682 | U62: Remove Net Pension Asset
A63: ='ALL GOVERNMENT FUNDS'!A55 -> Community Action | B63: ='ALL GOVERNMENT FUNDS'!B55 -> 0 | C63: ='ALL GOVERNMENT FUNDS'!C55 -> 0 | D63: ='ALL GOVERNMENT FUNDS'!D55 -> 0 | E63: ='ALL GOVERNMENT FUNDS'!E55 -> 0 | F63: ='ALL GOVERNMENT FUNDS'!F55 -> 13183.52 | G63: ='ALL GOVERNMENT FUNDS'!G55 -> 13183.52 | R63: =SUM(G63:Q63) -> 13183.52 | U63: Differencer in Cap Assets
A64: Net Investment in Capital Assets | B64: 0 | C64: 0 | D64: 0 | E64: 0 | F64: 0 | Q64: =T54 -> 24397268 | R64: =Q64 -> 24397268 | T64: =R103 -> 579522.07 | U64: Adjust for Excess/Loss on Back Stmts.
A65: Other: Hazmat, 911, Juevenile Court, Adoption, Demolitions | B65: ='ALL GOVERNMENT FUNDS'!B56 -> 0 | C65: ='ALL GOVERNMENT FUNDS'!C56 -> 0 | D65: ='ALL GOVERNMENT FUNDS'!D56 -> 0 | E65: ='ALL GOVERNMENT FUNDS'!E56 -> 0 | F65: ='ALL GOVERNMENT FUNDS'!F56 -> 0 | G65: ='ALL GOVERNMENT FUNDS'!F40+'ALL GOVERNMENT FUNDS'!F41+'ALL GOVERNMENT FUNDS'!F45+'ALL GOVERNMENT FUNDS'!F48+'ALL GOVERNMENT FUNDS'!F50 -> 238471.78 | R65: =SUM(G65:Q65) -> 238471.78 | T65: =T59+T60+T61+T62+T64 -> 2616806.9
A66: ='ALL GOVERNMENT FUNDS'!A57 -> Unreserved | B66: ='ALL GOVERNMENT FUNDS'!B57 -> 5486875.2 | C66: ='ALL GOVERNMENT FUNDS'!C57 -> -139518 | D66: ='ALL GOVERNMENT FUNDS'!D57 -> 0 | E66: ='ALL GOVERNMENT FUNDS'!E57 -> 0 | F66: ='ALL GOVERNMENT FUNDS'!F57 -> 58254.85 | G66: ='ALL GOVERNMENT FUNDS'!G57 -> 5405612.1 | I66: -607066 | J66: 279463 | K66: -448133 | L66: 1287782 | N66: 24778527 | O66: -167675 | P66: 4386083 | Q66: 287008 | R66: =SUM(G66:Q66) -> 35201601 | T66: 2616810 | U66: =T66-T65 -> 3.13
A67: ='ALL GOVERNMENT FUNDS'!A58 -> Total Fund Balance | B67: ='ALL GOVERNMENT FUNDS'!B58 -> 7001296.3 | C67: ='ALL GOVERNMENT FUNDS'!C58 -> -139518 | D67: ='ALL GOVERNMENT FUNDS'!D58 -> 345407.75 | E67: ='ALL GOVERNMENT FUNDS'!E58 -> 0 | F67: ='ALL GOVERNMENT FUNDS'!F58 -> 4025786.3 | G67: ='ALL GOVERNMENT FUNDS'!G58 -> 11232972 | H67: =SUM(H47:H66) -> 0 | I67: =SUM(I47:I66) -> -607066 | J67: =SUM(J47:J66) -> 279463 | K67: =SUM(K47:K66) -> -448133 | L67: =SUM(L47:L66) -> 1287782 | M67: =SUM(M47:M66) -> 0 | N67: =SUM(N47:N66) -> 24778527 | O67: =SUM(O47:O66) -> -167675 | P67: =SUM(P47:P66) -> 4386083 | Q67: =Q66 -> 287008 | R67: =SUM(G67:Q67) -> 41028961 | S67: =R67 -> 41028961
T68: Check and Balance to Total Assets
A69: ='ALL GOVERNMENT FUNDS'!A60 -> Total Liabilities & Fund Balance | B69: ='ALL GOVERNMENT FUNDS'!B60 -> 10385017 | C69: ='ALL GOVERNMENT FUNDS'!C60 -> -139518 | D69: ='ALL GOVERNMENT FUNDS'!D60 -> 3669133.2 | E69: ='ALL GOVERNMENT FUNDS'!E60 -> 917625.02 | F69: ='ALL GOVERNMENT FUNDS'!F60 -> 6072417.9 | G69: ='ALL GOVERNMENT FUNDS'!G60 -> 20904675 | R69: =R67+R44+R38 -> 57925173 | S69: =S46-S67 -> 579526.87 | T69: =R25 -> 58504700
B70: ='ALL GOVERNMENT FUNDS'!B61 -> YES | C70: ='ALL GOVERNMENT FUNDS'!C61 -> YES | D70: ='ALL GOVERNMENT FUNDS'!D61 -> YES | E70: ='ALL GOVERNMENT FUNDS'!E61 -> YES | F70: ='ALL GOVERNMENT FUNDS'!F61 -> YES | G70: ='ALL GOVERNMENT FUNDS'!G61 -> YES | S70: =R103-S69 -> -4.8
A71: ='ALL GOVERNMENT FUNDS'!A62 -> Revenue | S71: =S67+S69 -> 41608488 | T71: End of Year Net Position
A72: ='ALL GOVERNMENT FUNDS'!A63 -> Taxes | B72: ='ALL GOVERNMENT FUNDS'!B63 -> 11755541 | C72: ='ALL GOVERNMENT FUNDS'!C63 -> 0 | D72: ='ALL GOVERNMENT FUNDS'!D63 -> 0 | E72: ='ALL GOVERNMENT FUNDS'!E63 -> 0 | F72: ='ALL GOVERNMENT FUNDS'!F63 -> 0 | G72: ='ALL GOVERNMENT FUNDS'!G63 -> 11755541 | L72: -57203 | R72: =SUM(G72:Q72) -> 11698338
A73: ='ALL GOVERNMENT FUNDS'!A64 -> Licenses | B73: ='ALL GOVERNMENT FUNDS'!B64 -> 49720 | C73: ='ALL GOVERNMENT FUNDS'!C64 -> 0 | D73: ='ALL GOVERNMENT FUNDS'!D64 -> 0 | E73: ='ALL GOVERNMENT FUNDS'!E64 -> 0 | F73: ='ALL GOVERNMENT FUNDS'!F64 -> 0 | G73: ='ALL GOVERNMENT FUNDS'!G64 -> 49720 | R73: =SUM(G73:Q73) -> 49720
A74: ='ALL GOVERNMENT FUNDS'!A65 -> Intergovermental | B74: ='ALL GOVERNMENT FUNDS'!B65 -> 1728287.2 | C74: ='ALL GOVERNMENT FUNDS'!C65 -> 0 | D74: ='ALL GOVERNMENT FUNDS'!D65 -> 17031977 | E74: ='ALL GOVERNMENT FUNDS'!E65 -> 10046955 | F74: ='ALL GOVERNMENT FUNDS'!F65 -> 7270149.9 | G74: ='ALL GOVERNMENT FUNDS'!G65 -> 36077370 | M74: 247508 | R74: =SUM(G74:Q74) -> 36324878
A75: ='ALL GOVERNMENT FUNDS'!A66 -> Charges for Services | B75: ='ALL GOVERNMENT FUNDS'!B66 -> 2322656.7 | C75: ='ALL GOVERNMENT FUNDS'!C66 -> 0 | D75: ='ALL GOVERNMENT FUNDS'!D66 -> 120623.77 | E75: ='ALL GOVERNMENT FUNDS'!E66 -> 7742.47 | F75: ='ALL GOVERNMENT FUNDS'!F66 -> 713804.5 | G75: ='ALL GOVERNMENT FUNDS'!G66 -> 3164827.5 | R75: =SUM(G75:Q75) -> 3164827.5
A76: ='ALL GOVERNMENT FUNDS'!A67 -> Fines and Forfeits | B76: ='ALL GOVERNMENT FUNDS'!B67 -> 135423.06 | C76: ='ALL GOVERNMENT FUNDS'!C67 -> 0 | D76: ='ALL GOVERNMENT FUNDS'!D67 -> 234988.95 | E76: ='ALL GOVERNMENT FUNDS'!E67 -> 0 | F76: ='ALL GOVERNMENT FUNDS'!F67 -> 0 | G76: ='ALL GOVERNMENT FUNDS'!G67 -> 370412.01 | J76: 12028 | R76: =SUM(G76:Q76) -> 382440.01
A77: ='ALL GOVERNMENT FUNDS'!A68 -> Interest | B77: ='ALL GOVERNMENT FUNDS'!B68 -> 16536.66 | C77: ='ALL GOVERNMENT FUNDS'!C68 -> 570.84 | D77: ='ALL GOVERNMENT FUNDS'!D68 -> 6461.85 | E77: ='ALL GOVERNMENT FUNDS'!E68 -> 0 | F77: ='ALL GOVERNMENT FUNDS'!F68 -> 25978.52 | G77: ='ALL GOVERNMENT FUNDS'!G68 -> 49547.87 | R77: =SUM(G77:Q77) -> 49547.87
A78: ='ALL GOVERNMENT FUNDS'!A69 -> Lease Revenue | B78: ='ALL GOVERNMENT FUNDS'!B69 -> 0 | C78: ='ALL GOVERNMENT FUNDS'!C69 -> 0 | D78: ='ALL GOVERNMENT FUNDS'!D69 -> 0 | E78: ='ALL GOVERNMENT FUNDS'!E69 -> 0 | F78: ='ALL GOVERNMENT FUNDS'!F69 -> 0 | G78: ='ALL GOVERNMENT FUNDS'!G69 -> 0 | R78: =SUM(G78:Q78) -> 0
A79: ='ALL GOVERNMENT FUNDS'!A70 -> Other | B79: ='ALL GOVERNMENT FUNDS'!B70 -> 135564.32 | C79: ='ALL GOVERNMENT FUNDS'!C70 -> 0 | D79: ='ALL GOVERNMENT FUNDS'!D70 -> 314353.3 | E79: ='ALL GOVERNMENT FUNDS'!E70 -> 0 | F79: ='ALL GOVERNMENT FUNDS'!F70 -> 8384.57 | G79: ='ALL GOVERNMENT FUNDS'!G70 -> 458302.19 | M79: -247508 | R79: =SUM(G79:Q79) -> 210794.19 | S79: =SUM(R72:R79) -> 51880545
A80: ='ALL GOVERNMENT FUNDS'!A71 -> Total Revenues | B80: ='ALL GOVERNMENT FUNDS'!B71 -> 16143729 | C80: ='ALL GOVERNMENT FUNDS'!C71 -> 570.84 | D80: ='ALL GOVERNMENT FUNDS'!D71 -> 17708405 | E80: ='ALL GOVERNMENT FUNDS'!E71 -> 10054698 | F80: ='ALL GOVERNMENT FUNDS'!F71 -> 8018317.4 | G80: ='ALL GOVERNMENT FUNDS'!G71 -> 51925720 | H80: =SUM(H72:H79) -> 0 | I80: =SUM(I72:I79) -> 0 | J80: =SUM(J72:J79) -> 12028 | K80: =SUM(K72:K79) -> 0 | L80: =SUM(L72:L79) -> -57203 | M80: =SUM(M72:M79) -> 0 | N80: =SUM(N72:N79) -> 0 | O80: =SUM(O72:O79) -> 0 | ... Q80: =SUM(Q72:Q79) -> 0 | R80: =SUM(G80:Q80) -> 51880545
A82: ='ALL GOVERNMENT FUNDS'!A73 -> Expenditures
A83: ='ALL GOVERNMENT FUNDS'!A74 -> General gvt - administration | B83: ='ALL GOVERNMENT FUNDS'!B74 -> 6865075.5 | C83: ='ALL GOVERNMENT FUNDS'!C74 -> 382039 | D83: ='ALL GOVERNMENT FUNDS'!D74 -> 0 | E83: ='ALL GOVERNMENT FUNDS'!E74 -> 0 | F83: ='ALL GOVERNMENT FUNDS'!F74 -> 26412.14 | G83: ='ALL GOVERNMENT FUNDS'!G74 -> 7273526.6 | I83: -3421 | K83: -33133 | N83: =349785-690490 -> -340705 | P83: -330555 | R83: =SUM(G83:Q83) -> 6565712.6
A84: ='ALL GOVERNMENT FUNDS'!A75 -> General gvt - judicial | B84: ='ALL GOVERNMENT FUNDS'!B75 -> 3355865.4 | C84: ='ALL GOVERNMENT FUNDS'!C75 -> 0 | D84: ='ALL GOVERNMENT FUNDS'!D75 -> 0 | E84: ='ALL GOVERNMENT FUNDS'!E75 -> 0 | F84: ='ALL GOVERNMENT FUNDS'!F75 -> 582577.77 | G84: ='ALL GOVERNMENT FUNDS'!G75 -> 3938443.2 | I84: -3623 | N84: 72996 | R84: =SUM(G84:Q84) -> 4007816.2
A85: ='ALL GOVERNMENT FUNDS'!A76 -> Public safety | B85: ='ALL GOVERNMENT FUNDS'!B76 -> 4405519.5 | C85: ='ALL GOVERNMENT FUNDS'!C76 -> 0 | D85: ='ALL GOVERNMENT FUNDS'!D76 -> 0 | E85: ='ALL GOVERNMENT FUNDS'!E76 -> 0 | F85: ='ALL GOVERNMENT FUNDS'!F76 -> 2674400.9 | G85: ='ALL GOVERNMENT FUNDS'!G76 -> 7079920.3 | I85: -4025 | N85: =349317-435795 -> -86478 | P85: -298422 | Q85: 29919 | R85: =SUM(G85:Q85) -> 6720914.3
A86: ='ALL GOVERNMENT FUNDS'!A77 -> Public works and enterprises | B86: ='ALL GOVERNMENT FUNDS'!B77 -> 457124.57 | C86: ='ALL GOVERNMENT FUNDS'!C77 -> 0 | D86: ='ALL GOVERNMENT FUNDS'!D77 -> 0 | E86: ='ALL GOVERNMENT FUNDS'!E77 -> 0 | F86: ='ALL GOVERNMENT FUNDS'!F77 -> 1040984.7 | G86: ='ALL GOVERNMENT FUNDS'!G77 -> 1498109.3 | I86: -403 | N86: =520669-404571 -> 116098 | R86: =SUM(G86:Q86) -> 1613804.3
A87: ='ALL GOVERNMENT FUNDS'!A78 -> Human services | B87: ='ALL GOVERNMENT FUNDS'!B78 -> 106092.83 | C87: ='ALL GOVERNMENT FUNDS'!C78 -> 0 | D87: ='ALL GOVERNMENT FUNDS'!D78 -> 18096574 | E87: ='ALL GOVERNMENT FUNDS'!E78 -> 9904697.7 | F87: ='ALL GOVERNMENT FUNDS'!F78 -> 2869618.1 | G87: ='ALL GOVERNMENT FUNDS'!G78 -> 30976983 | I87: -8453 | N87: =317107-285699 -> 31408 | P87: -8568 | Q87: 3713 | R87: =SUM(G87:Q87) -> 30995083
A88: ='ALL GOVERNMENT FUNDS'!A79 -> Conservation and development | B88: ='ALL GOVERNMENT FUNDS'!B79 -> 631691.02 | C88: ='ALL GOVERNMENT FUNDS'!C79 -> 0 | D88: ='ALL GOVERNMENT FUNDS'!D79 -> 0 | E88: ='ALL GOVERNMENT FUNDS'!E79 -> 0 | F88: ='ALL GOVERNMENT FUNDS'!F79 -> 499209.68 | G88: ='ALL GOVERNMENT FUNDS'!G79 -> 1130900.7 | R88: =SUM(G88:Q88) -> 1130900.7
A89: ='ALL GOVERNMENT FUNDS'!A80 -> Culture & Recreation | B89: ='ALL GOVERNMENT FUNDS'!B80 -> 307701.97 | C89: ='ALL GOVERNMENT FUNDS'!C80 -> 0 | D89: ='ALL GOVERNMENT FUNDS'!D80 -> 0 | E89: ='ALL GOVERNMENT FUNDS'!E80 -> 0 | F89: ='ALL GOVERNMENT FUNDS'!F80 -> 0 | G89: ='ALL GOVERNMENT FUNDS'!G80 -> 307701.97 | I89: -201 | N89: =42910-38316 -> 4594 | P89: -19484 | R89: =SUM(G89:Q89) -> 292610.97
A90: ='ALL GOVERNMENT FUNDS'!A81 -> Debt Service & Capital Outlay | B90: ='ALL GOVERNMENT FUNDS'!B81 -> 0 | C90: ='ALL GOVERNMENT FUNDS'!C81 -> 588547 | D90: ='ALL GOVERNMENT FUNDS'!D81 -> 0 | E90: ='ALL GOVERNMENT FUNDS'!E81 -> 0 | F90: ='ALL GOVERNMENT FUNDS'!F81 -> 0 | G90: ='ALL GOVERNMENT FUNDS'!G81 -> 588547 | K90: -415000 | O90: -169397 | R90: =SUM(G90:Q90) -> 4150 | S90: =SUM(R83:R90) -> 51330992
A91: ='ALL GOVERNMENT FUNDS'!A82 -> Total Expenditures | B91: ='ALL GOVERNMENT FUNDS'!B82 -> 16129071 | C91: ='ALL GOVERNMENT FUNDS'!C82 -> 970586 | D91: ='ALL GOVERNMENT FUNDS'!D82 -> 18096574 | E91: ='ALL GOVERNMENT FUNDS'!E82 -> 9904697.7 | F91: ='ALL GOVERNMENT FUNDS'!F82 -> 7693203.3 | G91: ='ALL GOVERNMENT FUNDS'!G82 -> 52794132 | H91: =SUM(H83:H90) -> 0 | I91: =SUM(I83:I90) -> -20126 | J91: =SUM(J83:J90) -> 0 | K91: =SUM(K83:K90) -> -448133 | L91: =SUM(L83:L90) -> 0 | M91: =SUM(M83:M90) -> 0 | N91: =SUM(N83:N90) -> -202087 | O91: =SUM(O83:O90) -> -169397 | ... Q91: =SUM(Q83:Q90) -> 33632 | R91: =SUM(G91:Q91) -> 51330992
A93: ='ALL GOVERNMENT FUNDS'!A84 -> Excess (Deficiency) | B93: ='ALL GOVERNMENT FUNDS'!B84 -> 14658.29 | C93: ='ALL GOVERNMENT FUNDS'!C84 -> -970015.16 | D93: ='ALL GOVERNMENT FUNDS'!D84 -> -388168.81 | E93: ='ALL GOVERNMENT FUNDS'!E84 -> 150000 | F93: ='ALL GOVERNMENT FUNDS'!F84 -> 325114.14 | G93: ='ALL GOVERNMENT FUNDS'!G84 -> -868411.54 | H93: =H80-H91 -> 0 | I93: =I80-I91 -> 20126 | J93: =J80-J91 -> 12028 | K93: =K80-K91 -> 448133 | L93: =L80-L91 -> -57203 | M93: =M80-M91 -> 0 | N93: =N80-N91 -> 202087 | O93: =O80-O91 -> 169397 | ... Q93: =Q80-Q91 -> -33632 | R93: =SUM(G93:Q93) -> 549553.46 | S93: =S79-S90 -> 549553.46
A95: ='ALL GOVERNMENT FUNDS'!A86 -> Sale of Fixed Assets | B95: ='ALL GOVERNMENT FUNDS'!B86 -> 9448.61 | C95: ='ALL GOVERNMENT FUNDS'!C86 -> 0 | D95: ='ALL GOVERNMENT FUNDS'!D86 -> 20520 | E95: ='ALL GOVERNMENT FUNDS'!E86 -> 0 | F95: ='ALL GOVERNMENT FUNDS'!F86 -> 0 | G95: ='ALL GOVERNMENT FUNDS'!G86 -> 29968.61 | R95: =SUM(G95:Q95) -> 29968.61 | S95: =R95 -> 29968.61
A96: ='ALL GOVERNMENT FUNDS'!A87 -> Proceeds from capital leases | B96: ='ALL GOVERNMENT FUNDS'!B87 -> 0 | C96: ='ALL GOVERNMENT FUNDS'!C87 -> 551436 | D96: ='ALL GOVERNMENT FUNDS'!D87 -> 0 | E96: ='ALL GOVERNMENT FUNDS'!E87 -> 0 | F96: ='ALL GOVERNMENT FUNDS'!F87 -> 0 | G96: ='ALL GOVERNMENT FUNDS'!G87 -> 551436 | O96: -551436 | R96: =SUM(G96:Q96) -> 0
A97: ='ALL GOVERNMENT FUNDS'!A88 -> Premium on refunding bonds | B97: ='ALL GOVERNMENT FUNDS'!B88 -> 0 | C97: ='ALL GOVERNMENT FUNDS'!C88 -> 0 | D97: ='ALL GOVERNMENT FUNDS'!D88 -> 0 | E97: ='ALL GOVERNMENT FUNDS'!E88 -> 0 | F97: ='ALL GOVERNMENT FUNDS'!F88 -> 0 | G97: ='ALL GOVERNMENT FUNDS'!G88 -> 0 | R97: =SUM(G97:Q97) -> 0
A98: ='ALL GOVERNMENT FUNDS'!A89 -> Payment to refunded bond escrow | B98: ='ALL GOVERNMENT FUNDS'!B89 -> 0 | C98: ='ALL GOVERNMENT FUNDS'!C89 -> 0 | D98: ='ALL GOVERNMENT FUNDS'!D89 -> 0 | E98: ='ALL GOVERNMENT FUNDS'!E89 -> 0 | F98: ='ALL GOVERNMENT FUNDS'!F89 -> 0 | G98: ='ALL GOVERNMENT FUNDS'!G89 -> 0 | R98: =SUM(G98:Q98) -> 0
A99: ='ALL GOVERNMENT FUNDS'!A90 -> Transfers In | B99: ='ALL GOVERNMENT FUNDS'!B90 -> 4011781.1 | C99: ='ALL GOVERNMENT FUNDS'!C90 -> 699992.94 | D99: ='ALL GOVERNMENT FUNDS'!D90 -> 1336941.7 | E99: ='ALL GOVERNMENT FUNDS'!E90 -> 0 | F99: ='ALL GOVERNMENT FUNDS'!F90 -> 3163396.4 | G99: ='ALL GOVERNMENT FUNDS'!G90 -> 9212112.1 | R99: =SUM(G99:Q99) -> 9212112.1
A100: ='ALL GOVERNMENT FUNDS'!A91 -> Transfers Out | B100: ='ALL GOVERNMENT FUNDS'!B91 -> 4570954.5 | C100: ='ALL GOVERNMENT FUNDS'!C91 -> 672012.45 | D100: ='ALL GOVERNMENT FUNDS'!D91 -> 974276.17 | E100: ='ALL GOVERNMENT FUNDS'!E91 -> 150000 | F100: ='ALL GOVERNMENT FUNDS'!F91 -> 2844869.1 | G100: ='ALL GOVERNMENT FUNDS'!G91 -> 9212112.1 | R100: =SUM(G100:Q100) -> 9212112.1
A101: ='ALL GOVERNMENT FUNDS'!A92 -> Total Other | B101: ='ALL GOVERNMENT FUNDS'!B92 -> -549724.72 | C101: ='ALL GOVERNMENT FUNDS'!C92 -> 579416.49 | D101: ='ALL GOVERNMENT FUNDS'!D92 -> 383185.49 | E101: ='ALL GOVERNMENT FUNDS'!E92 -> -150000 | F101: ='ALL GOVERNMENT FUNDS'!F92 -> 318527.35 | G101: ='ALL GOVERNMENT FUNDS'!G92 -> 581404.61 | H101: =H95+H96+H97+H98+H99-H100 -> 0 | I101: =I95+I96+I97+I98+I99-I100 -> 0 | J101: =J95+J96+J97+J98+J99-J100 -> 0 | K101: =K95+K96+K97+K98+K99-K100 -> 0 | L101: =L95+L96+L97+L98+L99-L100 -> 0 | M101: =M95+M96+M97+M98+M99-M100 -> 0 | N101: =N95+N96+N97+N98+N99-N100 -> 0 | O101: =O95+O96+O97+O98+O99-O100 -> -551436 | ... Q101: =Q95+Q96+Q97+Q98+Q99-Q100 -> 0 | R101: =SUM(G101:Q101) -> 29968.61 | S101: =SUM(S93:S100) -> 579522.07
A103: ='ALL GOVERNMENT FUNDS'!A94 -> Net Change in Fund Balance | B103: ='ALL GOVERNMENT FUNDS'!B94 -> -535066.43 | C103: ='ALL GOVERNMENT FUNDS'!C94 -> -390598.67 | D103: ='ALL GOVERNMENT FUNDS'!D94 -> -4983.32 | E103: ='ALL GOVERNMENT FUNDS'!E94 -> 0 | F103: ='ALL GOVERNMENT FUNDS'!F94 -> 643641.49 | G103: ='ALL GOVERNMENT FUNDS'!G94 -> -287006.93 | R103: =R93+R101 -> 579522.07
A104: ='ALL GOVERNMENT FUNDS'!A95 -> Fund Balance - Beginning | B104: ='ALL GOVERNMENT FUNDS'!B95 -> 7536362.7 | C104: ='ALL GOVERNMENT FUNDS'!C95 -> 251080.67 | D104: ='ALL GOVERNMENT FUNDS'!D95 -> 350391.07 | E104: ='ALL GOVERNMENT FUNDS'!E95 -> 0 | F104: ='ALL GOVERNMENT FUNDS'!F95 -> 3382144.8 | G104: ='ALL GOVERNMENT FUNDS'!G95 -> 11519979
A105: ='ALL GOVERNMENT FUNDS'!A96 -> Fund Balance - End of Year | B105: ='ALL GOVERNMENT FUNDS'!B96 -> 7001296.3 | C105: ='ALL GOVERNMENT FUNDS'!C96 -> -139518 | D105: ='ALL GOVERNMENT FUNDS'!D96 -> 345407.75 | E105: ='ALL GOVERNMENT FUNDS'!E96 -> 0 | F105: ='ALL GOVERNMENT FUNDS'!F96 -> 4025786.3 | G105: ='ALL GOVERNMENT FUNDS'!G96 -> 11232972

Sheet Stmt of Activities - Front
A1: Statement of Activities
A2: Year Ended | B2: ='ALL GOVERNMENT FUNDS'!A3 -> 43830
C4: Program Revenues | F4: Primary Government
A5: Functions/Programs | B5: Expenses | C5: Charges for Services | D5: Operating Grants and Contributions | E5: Captial Grants | F5: Governmental Activities
A6: Primary Government
A7: Government Activities:
A8: General government - administration | B8: ='Front Stmts'!R83 -> 6565712.6 | C8: =C99+W166 -> 761526.97 | D8: =C162+W167 -> 963930.59 | F8: =-B8+C8+D8+E8 -> -4840255.1
A9: General government - judicial | B9: ='Front Stmts'!R84 -> 4007816.2 | C9: =D99+S166+T166+U166+V166+X166+AF166+AG166 -> 1499364.4 | D9: =D162+S167+T167+U167+V167+X167+AF167+AG167 -> 900388.02 | F9: =-B9+C9+D9+E9 -> -1608063.8
A10: Public safety | B10: ='Front Stmts'!R85 -> 6720914.3 | C10: =E99+Q166+AH166 -> 58424.66 | D10: =E162+Q167+AH167 -> 2895421.6 | F10: =-B10+C10+D10+E10 -> -3767068.1
A11: Public works | B11: ='Front Stmts'!R86 -> 1613804.3 | C11: =F99+N166+P166+R166 -> 567509.89 | D11: =F162+N167+P167+R167 -> 1101776.3 | F11: =-B11+C11+D11+E11 -> 55481.9
A12: Human services | B12: ='Front Stmts'!R87 -> 30995083 | C12: =G99+J166+M166+O166+Y166+Z166+AA166+AB166+AC166+AD166 -> 167001.93 | D12: =G162+J167+M167+O167+Y167+Z167+AA167+AB167+AC167+AD167 -> 30426076 | F12: =-B12+C12+D12+E12 -> -402004.36
A13: Conservation and development | B13: ='Front Stmts'!R88 -> 1130900.7 | C13: =H99 -> 18643.18 | D13: =H162 -> 11375 | F13: =-B13+C13+D13+E13 -> -1100882.5
A14: Culture and recreation | B14: ='Front Stmts'!R89 -> 292610.97 | C14: =I99 -> 92356.14 | D14: =I162 -> 25909.8 | F14: =-B14+C14+D14+E14 -> -174345.03
A15: Interest | B15: ='Front Stmts'!R90 -> 4150 | F15: =-B15+C15+D15+E15 -> -4150
A17: Total governmental activities | B17: =SUM(B6:B16) -> 51330992 | C17: =SUM(C6:C16) -> 3164827.1 | D17: =SUM(D6:D16) -> 36324878 | E17: =SUM(E6:E16) -> 0 | F17: =SUM(F6:F16) -> -11841287
D20: General revenues:
D21: Property taxes | F21: ='Front Stmts'!R72-F22 -> 11407220
D22: Other taxes | F22: ='General Fund - Revenue'!G64+'General Fund - Revenue'!H64 -> 291117.95
D23: Interest and investment income | F23: ='Front Stmts'!R77 -> 49547.87
D24: Fines and Forfeits | F24: ='Front Stmts'!R76 -> 382440.01
D25: Licenses | F25: ='Front Stmts'!R73 -> 49720
D26: Lease Revenue | F26: ='Front Stmts'!R78 -> 0
D27: Other | F27: ='Front Stmts'!R79 -> 210794.19
D28: Gain on disposal of capital asset | F28: ='Front Stmts'!R95 -> 29968.61
D30: Total general revenues | F30: =SUM(F20:F29) -> 12420809
D32: Change in Net Position | F32: =F30+F17 -> 579521.75
D34: Net Position:
D35: Beginning of year | F35: 41028966
D36: End of year | F36: =F35+F32 -> 41608488
A40: GENERAL FUND - Charges for Services | C40: **NOTE: If there are adjustments to these accounts on the General Fund-Revenue Sheet…they must be manually adjusted to the following links! You will need to 'unprotect sheet' to adjust.
C41: General Admin | D41: General Judicial | E41: Public Safety | F41: Public Works | G41: Human Services | H41: Conservation | I41: Culture
A42: YEA Government | B42: 1100 | C42: ='General Fund - Revenue'!M7 -> 12478.06
A43: General Government | B43: 1105 | C43: ='General Fund - Revenue'!M8 -> 32088.48
A44: Fiscal | B44: 1135 | C44: ='General Fund - Revenue'!M9 -> 10000
A45: Tax Claim | B45: 1140 | C45: ='General Fund - Revenue'!M10 -> 567144.06
A46: Assessment | B46: 1145 | C46: ='General Fund - Revenue'!M11 -> 13983.09
A47: Telephone | B47: 1152 | C47: ='General Fund - Revenue'!M12 -> 0
A48: MIS | B48: 1155 | C48: ='General Fund - Revenue'!M13 -> 0
A49: Maintenance | B49: 1160 | C49: ='General Fund - Revenue'!M14 -> -1500
A50: Courthouse | B50: 1162 | C50: ='General Fund - Revenue'!M15 -> 0
A51: Annex | B51: 1164 | C51: ='General Fund - Revenue'!M16 -> 0
A52: Human Services Complex | B52: 1166 | C52: ='General Fund - Revenue'!M17 -> 0
A53: Exchange Building | B53: 1167 | C53: ='General Fund - Revenue'!M18 -> 0
... A56: Fleet Mgmt | B56: 1171 | C56: ='General Fund - Revenue'!M21 -> 0
A57: YEA - Judicial | B57: 1200 | D57: ='General Fund - Revenue'!M22 -> 32925.47
A58: YEA - Public Safety | B58: 1300 | E58: ='General Fund - Revenue'!M23 -> 0
A59: YEA - Public Works | B59: 1400 | F59: ='General Fund - Revenue'!M24 -> -3062.22
A60: YEA - Human Services | B60: 1500 | G60: ='General Fund - Revenue'!M25 -> 0
A61: YEA - Culture & Recreation | B61: 1600 | I61: ='General Fund - Revenue'!M26 -> 0
A62: YEA - Conservvation | B62: 1700 | H62: ='General Fund - Revenue'!M27 -> 0
A63: YEA - Other Miscellaneous | C63: ='General Fund - Revenue'!M28 -> 0
A64: Debt Service | B64: 1905 | C64: ='General Fund - Revenue'!M29 -> 0
A65: Courts | B65: 2205 | D65: ='General Fund - Revenue'!M30 -> 39590.06
A66: Domestic Relations | B66: 2210 | D66: ='General Fund - Revenue'!M31-7370.32 -> 0
A67: Law Library | B67: 2215 | D67: ='General Fund - Revenue'!M32 -> 0
A68: FISH - DJ | B68: 2225 | D68: ='General Fund - Revenue'!M33 -> 50691.72
A69: Dinberg - DJ | B69: 2230 | D69: ='General Fund - Revenue'!M34 -> 0
A70: Lowrey - DJ | B70: 2235 | D70: ='General Fund - Revenue'!M35 -> 53585.5
A71: Kirtland - DJ | B71: 2240 | D71: ='General Fund - Revenue'!M36 -> 82019.07
A72: Court Supervision | B72: 2310 | D72: ='General Fund - Revenue'!M37 -> 177162.63
A73: Juevenile Court | B73: 2311 | D73: ='General Fund - Revenue'!M38 -> 1338.33
A74: Prison | B74: 3305 | E74: ='General Fund - Revenue'!M39 -> 36674.66
A75: EMA - 911 Building | B75: 4315 | E75: ='General Fund - Revenue'!M40 -> 0
A76: EMA | B76: 4320 | E76: ='General Fund - Revenue'!M41 -> 0
A77: 911 General | B77: 4325 | E77: ='General Fund - Revenue'!M42 -> 0
A78: Airport | B78: 4405 | F78: ='General Fund - Revenue'!M43 -> 228459.37
A79: Human Services | B79: 5505 | G79: ='General Fund - Revenue'!M44 -> 0
A80: Veterans | B80: 5507 | C80: ='General Fund - Revenue'!M45 -> 0
A81: Tax Collectors | B81: 8175 | C81: ='General Fund - Revenue'!M46 -> 46059.92
A82: Treasurer | B82: 8180 | C82: ='General Fund - Revenue'!M47 -> 5866.25
A83: Auditors | B83: 8185 | C83: ='General Fund - Revenue'!M48 -> 0
A84: Jury Commissioners | B84: 8245 | D84: ='General Fund - Revenue'!M49 -> 4591.2
A85: Register & Recorder | B85: 8250 | D85: ='General Fund - Revenue'!M50 -> 316364.05
A86: Coroner | B86: 8255 | D86: ='General Fund - Revenue'!M51 -> 0
A87: District Attorney | B87: 8260 | D87: ='General Fund - Revenue'!M52 -> 0
A88: Prothonotary | B88: 8265 | D88: ='General Fund - Revenue'!M53 -> 294988.21
A89: Sheriff | B89: 8270 | D89: ='General Fund - Revenue'!M54 -> 145904.06
A90: Commissioners | B90: 9110 | C90: ='General Fund - Revenue'!M55 -> 2187.75
A91: Voter Registration | B91: 9115 | C91: ='General Fund - Revenue'!M56 -> 1812.5
A92: Public Defender | B92: 9125 | C92: ='General Fund - Revenue'!M57 -> 586.32
A93: Human Resources | B93: 9130 | C93: ='General Fund - Revenue'!M58 -> 0
A94: Planning | B94: 9190 | C94: ='General Fund - Revenue'!M59 -> 59718.54
A95: Park | B95: 9605 | I95: ='General Fund - Revenue'!M60 -> 92356.14
A96: Community Development | B96: 9710 | H96: ='General Fund - Revenue'!M61 -> 18643.18
A97: Insurance | B97: 9805 | C97: ='General Fund - Revenue'!M62 -> 0
A98: Employee Benefits | B98: 9810 | C98: ='General Fund - Revenue'!M63 -> 0 | J98: TOTAL
A99: TOTALS | C99: =SUM(C42:C98) -> 750424.97 | D99: =SUM(D42:D98) -> 1199160.3 | E99: =SUM(E42:E98) -> 36674.66 | F99: =SUM(F42:F98) -> 225397.15 | G99: =SUM(G42:G98) -> 0 | H99: =SUM(H42:H98) -> 18643.18 | I99: =SUM(I42:I98) -> 92356.14 | J99: =SUM(C99:I99) -> 2322656.4
A103: GENERAL FUND - Intergovernmental | C103: **NOTE: If there are adjustments to these accounts on the General Fund-Revenue Sheet…they must be manually adjusted to the following links! You will need to 'unprotect sheet' to adjust.
C104: General Admin | D104: General Judicial | E104: Public Safety | F104: Public Works | G104: Human Services | H104: Conservation | I104: Culture
A105: YEA Government | B105: 1100 | C105: ='General Fund - Revenue'!L7 -> 5150.81
A106: General Government | B106: 1105 | C106: ='General Fund - Revenue'!L8+283321 -> 292998.86
A107: Fiscal | B107: 1135 | C107: ='General Fund - Revenue'!L9 -> 0
A108: Tax Claim | B108: 1140 | C108: ='General Fund - Revenue'!L10 -> 0
A109: Assessment | B109: 1145 | C109: ='General Fund - Revenue'!L11 -> 0
A110: Telephone | B110: 1152 | C110: ='General Fund - Revenue'!L12 -> 0
A111: MIS | B111: 1155 | C111: ='General Fund - Revenue'!L13 -> 0
A112: Maintenance | B112: 1160 | C112: ='General Fund - Revenue'!L14 -> 0
A113: Courthouse | B113: 1162 | C113: ='General Fund - Revenue'!L15 -> 11394.75
A114: Annex | B114: 1164 | C114: ='General Fund - Revenue'!M16 -> 0
A115: Human Services Complex | B115: 1166 | C115: ='General Fund - Revenue'!L17 -> 0
...

Sheet General Fund
A1: General Fund & Operating Reserve
A2: Combining Balance sheet and Statement of Revenue & Expenses
A3: ='ALL GOVERNMENT FUNDS'!A3 -> 43830
B5: General Fund 1000 | C5: ADJ | D5: Adjusted General Fund | E5: Operating Reserve 1100 | F5: Franklin Tax Collector 7210 | G5: Oil City Tax Collector 7211 | H5: Other Tax Collectors 7212 | I5: Franklin Per Capita 7213 | J5: Tax Claim 7600 | K5: PARK MANAGEMENT2300 | M5: Total General Fund
A7: Assets
A8: Cash & cash equivalents | B8: 5826347.9 | C8: =-72905.8-649596 -> -722501.8 | D8: =B8+C8 -> 5103846.1 | E8: 1231100.1 | F8: 36565.61 | G8: 36120.48 | H8: 52072.26 | I8: 5752.98 | J8: 382156.84 | K8: 1316.91 | M8: =D8+E8+F8+G8+H8+I8+J8+K8+L8 -> 6848931.2
A9: A/R | B9: 396983.38 | D9: =B9+C9 -> 396983.38 | K9: 2193.51 | M9: =D9+E9+F9+G9+H9+I9+J9+K9+L9 -> 399176.89
A10: Taxes Receivable | B10: =403980.44+1587289-397827 -> 1593442.4 | D10: =B10+C10 -> 1593442.4 | F10: -36565.61 | G10: -36120.48 | H10: -52072.26 | I10: -5752.98 | M10: =D10+E10+F10+G10+H10+I10+J10+K10+L10 -> 1462931.1
A11: Due from Component Unit | C11: =11375+283321+649596 -> 944292 | D11: =B11+C11 -> 944292 | M11: =D11+E11+F11+G11+H11+I11+J11+K11+L11 -> 944292
A12: Due from Other Funds | B12: 639417.8 | C12: 12028 | D12: =B12+C12 -> 651445.8 | M12: =D12+E12+F12+G12+H12+I12+J12+K13+L12 -> 651445.8
A13: Due from Other Governments | B13: 78239.87 | D13: =B13+C13 -> 78239.87 | M13: =D13+E13+F13+G13+H13+I13+J13+K14+L13 -> 78239.87
A14: Prepaids | D14: =B14+C14 -> 0 | M14: =D14+E14+F14+G14+H14+I14+J14+K14+L14 -> 0
A15: Total Assets | B15: =SUM(B8:B14) -> 8534431.4 | C15: =SUM(C8:C14) -> 233818.2 | D15: =B15+C15 -> 8768249.6 | E15: =SUM(E8:E14) -> 1231100.1 | F15: =SUM(F8:F14) -> 0 | G15: =SUM(G8:G14) -> 0 | H15: =SUM(H8:H14) -> 0 | I15: =SUM(I8:I14) -> 0 | J15: =SUM(J8:J14) -> 382156.84 | K15: =SUM(K8:K14) -> 3510.42 | M15: =D15+E15+F15+G15+H15+I15+J15+K15+L15 -> 10385017 | N15: =SUM(M8:M14) -> 10385017
A17: Liabilities
A18: A/P | B18: 733322.75 | C18: 66854.37 | D18: =B18+C18 -> 800177.12 | J18: 358870.85 | M18: =D18+E18+F18+G18+H18+I18+J18+K18+L18 -> 1159048 | O18: 1158692 | P18: =M18-O18 -> 355.97
A19: Accrued Payroll | B19: 352732.09 | D19: =B19+C19 -> 352732.09 | M19: =D19+E19+F19+G19+H19+I19+J19+K19+L19 -> 352732.09
A20: Due to Other Funds | B20: 101133.21 | D20: =B20+C20 -> 101133.21 | M20: =D20+E20+F20+G20+H20+I20+J20+K20+L20 -> 101133.21
A21: Due to Other Governments | B21: 66854.37 | C21: -66854.37 | D21: =B21+C21 -> 0 | J21: =J8-J18 -> 23285.99 | M21: =D21+E21+F21+G21+H21+I21+J21+K21+L21 -> 23285.99
A22: Unearned Revenue | B22: 1808399.2 | C22: =-72905.8+12028-1459235 -> -1520112.8 | D22: =B22+C22 -> 288286.36 | M22: =D22+E22+F22+G22+H22+I22+J22+K22+L22 -> 288286.36
A23: Total Liabilities | B23: =SUM(B18:B22) -> 3062441.6 | C23: =SUM(C18:C22) -> -1520112.8 | D23: =B23+C23 -> 1542328.8 | E23: =SUM(E18:E22) -> 0 | F23: =SUM(F18:F22) -> 0 | G23: =SUM(G18:G22) -> 0 | H23: =SUM(H18:H22) -> 0 | I23: =SUM(I18:I22) -> 0 | J23: =SUM(J18:J22) -> 382156.84 | K23: =SUM(K18:K22) -> 0 | M23: =D23+E23+F23+G23+H23+I23+J23+K23+L23 -> 1924485.6 | N23: =SUM(M18:M22) -> 1924485.6
A25: Deferred Inflows of Resources:
A26: Unavailable revenue - taxes/fees | C26: 1459235 | D26: =B26+C26 -> 1459235 | M26: =D26+E26+F26+G26+H26+I26+J26+K26+L26 -> 1459235
A27: Unavailable revenue - lease | D27: =B27+C27 -> 0 | M27: =D27+E27+F27+G27+H27+I27+J27+K27+L27 -> 0
A28: Total Deferred Inflows of Resources | B28: =SUM(B26:B27) -> 0 | C28: =SUM(C26:C27) -> 1459235 | D28: =SUM(D26:D27) -> 1459235 | E28: =SUM(E26:E27) -> 0 | F28: =SUM(F26:F27) -> 0 | G28: =SUM(G26:G27) -> 0 | H28: =SUM(H26:H27) -> 0 | I28: =SUM(I26:I27) -> 0 | ... K28: =SUM(K26:K27) -> 0 | M28: =D28+E28+F28+G28+H28+I28+J28+K28+L28 -> 1459235
A30: Fund Balance
A31: RESTRICTED
A32: Reserved: Program | D32: =B32+C32 -> 0 | M32: =D32+E32+F32+G32+H32+I32+J32+K32+L32 -> 0
A33: Operating Reserve | C33: =283321 -> 283321 | D33: =B33+C33 -> 283321 | E33: 1231100.1 | M33: =D33+E33+F33+G33+H33+I33+J33+K33+L33 -> 1514421.1
A34: Debt Service | D34: =B34+C34 -> 0 | M34: =D34+E34+F34+G34+H34+I34+J34+K34+L34 -> 0
A35: Human Services | D35: =B35+C35 -> 0 | M35: =D35+E35+F35+G35+H35+I35+J35+K35+L35 -> 0
A36: Roads and bridges | D36: =B36+C36 -> 0 | M36: =D36+E36+F36+G36+H36+I36+J36+K36+L36 -> 0
A37: Affordable housing | D37: =B37+C37 -> 0 | M37: =D37+E37+F37+G37+H37+I37+J37+K37+L37 -> 0
A38: Act 13 | D38: =B38+C38 -> 0 | M38: =D38+E38+F38+G38+H38+I38+J38+K38+L38 -> 0
A39: Constable server fees | D39: =B39+C39 -> 0 | M39: =D39+E39+F39+G39+H39+I39+J39+K39+L39 -> 0
A40: Offender identification | D40: =B40+C40 -> 0 | M40: =D40+E40+F40+G40+H40+I40+J40+K40+L40 -> 0
A41: Records improvement/automation | D41: =B41+C41 -> 0 | M41: =D41+E41+F41+G41+H41+I41+J41+K41+L41 -> 0
A42: Sugar Valley Lodge | D42: =B42+C42 -> 0 | M42: =D42+E42+F42+G42+H42+I42+J42+K42+L42 -> 0
A43: Domestic Relations | D43: =B43+C43 -> 0 | M43: =D43+E43+F43+G43+H43+I43+J43+K43+L43 -> 0
A44: Other Purposes | D44: =B44+C44 -> 0 | M44: =D44+E44+F44+G44+H44+I44+J44+K44+L44 -> 0
A45: ASSIGNED | B45: =35384.2 -> 35384.2 | C45: -35384.2 | D45: =B45+C45 -> 0 | M45: =D45+E45+F45+G45+H45+I45+J45+K45+L45 -> 0
A46: Capital Projects | D46: =B46+C46 -> 0 | M46: =D46+E46+F46+G46+H46+I46+J46+K46+L46 -> 0
A47: Substance Abuse | D47: =B47+C47 -> 0 | M47: =D47+E47+F47+G47+H47+I47+J47+K47+L47 -> 0
A48: Airport Operations | D48: =B48+C48 -> 0 | M48: =D48+E48+F48+G48+H48+I48+J48+K48+L48 -> 0
A49: Community Action | D49: =B49+C49 -> 0 | M49: =D49+E49+F49+G49+H49+I49+J49+K49+L49 -> 0
A50: UNASSIGNED | B50: 5436605.6 | C50: =35384.2+11375 -> 46759.2 | D50: =B50+C50 -> 5483364.8 | K50: 3510.42 | M50: =D50+E50+F50+G50+H50+I50+J50+K50+L50 -> 5486875.2
A51: Total Fund Balance | B51: =SUM(B32:B50) -> 5471989.8 | C51: =SUM(C32:C50) -> 294696 | D51: =B51+C51 -> 5766685.8 | E51: =SUM(E32:E50) -> 1231100.1 | F51: =SUM(F32:F50) -> 0 | G51: =SUM(G32:G50) -> 0 | H51: =SUM(H32:H50) -> 0 | I51: =SUM(I32:I50) -> 0 | J51: =SUM(J32:J50) -> 0 | K51: =SUM(K32:K50) -> 3510.42 | M51: =D51+E51+F51+G51+H51+I51+J51+K51+L51 -> 7001296.3 | N51: =SUM(M32:M50) -> 7001296.3
A53: Total Liabilities & Fund Balance | B53: =B23+B51+B28 -> 8534431.4 | C53: =C23+C51+C28 -> 233818.2 | D53: =D23+D51+D28 -> 8768249.6 | E53: =E23+E51+E28 -> 1231100.1 | F53: =F23+F51+F28 -> 0 | G53: =G23+G51+G28 -> 0 | H53: =H23+H51+H28 -> 0 | I53: =I23+I51+I28 -> 0 | ... K53: =K23+K51+K28 -> 3510.42 | M53: =M23+M51+M28 -> 10385017
B54: =IF(B15=B53, "YES", "NO") -> YES | C54: =IF(C15=C53, "YES", "NO") -> YES | D54: =IF(D15=D53, "YES", "NO") -> YES | E54: =IF(E15=E53, "YES", "NO") -> YES | F54: =IF(F15=F53, "YES", "NO") -> YES | G54: =IF(G15=G53, "YES", "NO") -> YES | H54: =IF(H15=H53, "YES", "NO") -> YES | I54: =IF(I15=I53, "YES", "NO") -> YES | ... M54: =IF(M15=M53, "YES", "NO") -> YES
A55: Revenue
A56: Taxes | B56: ='General Fund - Revenue'!E76+'General Fund - Revenue'!G76+'General Fund - Revenue'!H76 -> 11755541 | D56: =B56+C56 -> 11755541 | M56: =D56+E56+F56+G56+H56+I56+J56+K56+L56 -> 11755541
A57: Licenses | B57: ='General Fund - Revenue'!Q76 -> 49720 | D57: =B57+C57 -> 49720 | M57: =D57+E57+F57+G57+H57+I57+J57+K57+L57 -> 49720
A58: Intergovermental | B58: ='General Fund - Revenue'!I76+'General Fund - Revenue'!L76 -> 1728287.2 | D58: =B58+C58 -> 1728287.2 | M58: =D58+E58+F58+G58+H58+I58+J58+K58+L58 -> 1728287.2
A59: Charges for Services | B59: ='General Fund - Revenue'!M76 -> 2322656.7 | D59: =B59+C59 -> 2322656.7 | M59: =D59+E59+F59+G59+H59+I59+J59+K59+L59 -> 2322656.7
A60: Fines and Forfeits | B60: ='General Fund - Revenue'!N76 -> 135423.06 | D60: =B60+C60 -> 135423.06 | M60: =D60+E60+F60+G60+H60+I60+J60+K60+L60 -> 135423.06
A61: Interest | B61: ='General Fund - Revenue'!O76 -> 13659.71 | D61: =B61+C61 -> 13659.71 | E61: 2876.95 | M61: =D61+E61+F61+G61+H61+I61+J61+K61+L61 -> 16536.66
A62: Lease Revenue | D62: =B62+C62 -> 0 | M62: =D62+E62+F62+G62+H62+I62+J62+K62+L62 -> 0
A63: Other | B63: ='General Fund - Revenue'!N80 -> 112767.83 | C63: 12809.39 | D63: =B63+C63 -> 125577.22 | E63: 2091.93 | K63: 7895.17 | M63: =D63+E63+F63+G63+H63+I63+J63+K63+L63 -> 135564.32
A64: Total Revenues | B64: =SUM(B56:B63) -> 16118056 | C64: =SUM(C56:C63) -> 12809.39 | D64: =B64+C64 -> 16130865 | E64: =SUM(E56:E63) -> 4968.88 | F64: =SUM(F56:F63) -> 0 | G64: =SUM(G56:G63) -> 0 | H64: =SUM(H56:H63) -> 0 | I64: =SUM(I56:I63) -> 0 | J64: =SUM(J56:J63) -> 0 | K64: =SUM(K56:K63) -> 7895.17 | M64: =SUM(M56:M63) -> 16143729
A66: Expenditures
A67: General gvt - administration | B67: ='General Fund - Revenue'!U76 -> 6865062.5 | C67: 13 | D67: =B67+C67 -> 6865075.5 | M67: =D67+E67+F67+G67+H67+I67+J67+K67+L67 -> 6865075.5
A68: General gvt - judicial | B68: ='General Fund - Revenue'!V76 -> 3355865.4 | D68: =B68+C68 -> 3355865.4 | M68: =D68+E68+F68+G68+H68+I68+J68+K68+L68 -> 3355865.4
A69: Public safety | B69: ='General Fund - Revenue'!W76 -> 4405519.5 | D69: =B69+C69 -> 4405519.5 | M69: =D69+E69+F69+G69+H69+I69+J69+K69+L69 -> 4405519.5
A70: Public works and enterprises | B70: ='General Fund - Revenue'!X76 -> 457124.57 | D70: =B70+C70 -> 457124.57 | M70: =D70+E70+F70+G70+H70+I70+J70+K70+L70 -> 457124.57
A71: Human services | B71: ='General Fund - Revenue'!Y76 -> 106092.83 | D71: =B71+C71 -> 106092.83 | M71: =D71+E71+F71+G71+H71+I71+J71+K71+L71 -> 106092.83
A72: Conservation and development | B72: ='General Fund - Revenue'!Z76 -> 446354.83 | D72: =B72+C72 -> 446354.83 | E72: 185336.19 | M72: =D72+E72+F72+G72+H72+I72+J72+K72+L72 -> 631691.02
A73: Culture & Recreatiion | B73: ='General Fund - Revenue'!AA76 -> 307701.97 | D73: =B73+C73 -> 307701.97 | M73: =D73+E73+F73+G73+H73+I73+J73+K73+L73 -> 307701.97
A74: Capital Projects | B74: ='General Fund - Revenue'!AB64 -> 0 | D74: =B74+C74 -> 0 | M74: =D74+E74+F74+G74+H74+I74+J74+K74+L74 -> 0
A75: Debt Service | B75: ='General Fund - Revenue'!AC64 -> 0 | D75: =B75+C75 -> 0 | M75: =D75+E75+F75+G75+H75+I75+J75+K75+L75 -> 0
A76: Total Expenditures | B76: =SUM(B67:B75) -> 15943722 | C76: =SUM(C67:C75) -> 13 | D76: =B76+C76 -> 15943735 | E76: =SUM(E67:E75) -> 185336.19 | F76: =SUM(F67:F75) -> 0 | G76: =SUM(G67:G75) -> 0 | H76: =SUM(H67:H75) -> 0 | I76: =SUM(I67:I75) -> 0 | J76: =SUM(J67:J75) -> 0 | K76: =SUM(K67:K75) -> 0 | M76: =D76+E76+F76+G76+H76+I76+J76+K76+L76 -> 16129071
A78: Excess (Deficiency) | B78: =B64-B76 -> 174334.04 | C78: =C64-C76 -> 12796.39 | D78: =B78+C78 -> 187130.43 | E78: =E64-E76 -> -180367.31 | F78: =F64-F76 -> 0 | G78: =G64-G76 -> 0 | H78: =H64-H76 -> 0 | I78: =I64-I76 -> 0 | J78: =J64-J76 -> 0 | K78: =K64-K76 -> 7895.17 | M78: =M64-M76 -> 14658.29
A80: Sale of Fixed Assets | B80: ='General Fund - Revenue'!R64 -> 9448.61 | D80: =B80+C80 -> 9448.61 | M80: =D80+E80+F80+G80+H80+I80+J80+K80+L80 -> 9448.61
A81: Transfers In | B81: ='General Fund - Revenue'!AG76 -> 4011781.1 | D81: =B81+C81 -> 4011781.1 | M81: =D81+E81+F81+G81+H81+I81+J81+K81+L81 -> 4011781.1
A82: Transfers Out | B82: ='General Fund - Revenue'!AH76 -> 2050249.9 | C82: 12809.39 | D82: =B82+C82 -> 2063059.3 | E82: =2685336.19-185336.19 -> 2500000 | K82: 7895.17 | M82: =D82+E82+F82+G82+H82+I82+J82+K82+L82 -> 4570954.5
A83: Total Other | B83: =B80+B81-B82 -> 1970979.8 | C83: =C80+C81-C82 -> -12809.39 | D83: =B83+C83 -> 1958170.4 | E83: =E80+E81-E82 -> -2500000 | F83: =F80+F81-F82 -> 0 | G83: =G80+G81-G82 -> 0 | H83: =H80+H81-H82 -> 0 | I83: =I80+I81-I82 -> 0 | J83: =J80+J81-J82 -> 0 | K83: =K81-K82 -> -7895.17 | M83: =D83+E83+F83+G83+H83+I83+J83+K83+L83 -> -549724.72
A85: Net Change in Fund Balance | B85: =B78+B83 -> 2145313.9 | C85: =C78+C83 -> -13 | D85: =B85+C85 -> 2145300.9 | E85: =E78+E83 -> -2680367.3 | F85: =F78+F83 -> 0 | G85: =G78+G83 -> 0 | H85: =H78+H83 -> 0 | I85: =I78+I83 -> 0 | J85: =J78+J83 -> 0 | K85: =K78+K83 -> 0 | M85: =D85+E85+F85+G85+H85+I85+J85+K85+L85 -> -535066.43
A86: Fund Balance - Beginning | B86: =B87-B85 -> 3326675.9 | C86: =C87-C85 -> 294709 | D86: =B86+C86 -> 3621384.9 | E86: =E87-E85 -> 3911467.4 | F86: =F87-F85 -> 0 | G86: =G87-G85 -> 0 | H86: =H87-H85 -> 0 | I86: =I87-I85 -> 0 | J86: =J87-J85 -> 0 | K86: =K87-K85 -> 3510.42 | M86: =D86+E86+F86+G86+H86+I86+J86+K86+L86 -> 7536362.7
A87: Fund Balance - End of Year | B87: =B51 -> 5471989.8 | C87: =C51 -> 294696 | D87: =B87+C87 -> 5766685.8 | E87: =E33 -> 1231100.1 | F87: =F50 -> 0 | G87: =G50 -> 0 | H87: =H50 -> 0 | I87: =I50 -> 0 | J87: =J50 -> 0 | K87: =K51 -> 3510.42 | M87: =D87+E87+F87+G87+H87+I87+J87+K87+L87 -> 7001296.3

Sheet General Fund - Revenue
A1: Revenue & Expenses
A2: General Fund
A3: ='ALL GOVERNMENT FUNDS'!A3 -> 43830
F4: TAXES
C5: Income | J5: PROCEEDS FROM | U5: Expenses
A6: Org | B6: Org# | C6: Revenue | D6: Check | E6: Real Estate | F6: Occupational | G6: Per Capita | H6: Hotel Room | I6: Public Utility Realty Tax | J6: Sales | K6: Other | L6: Intergvt | M6: Charges for Services | N6: Fines & Forfeits | O6: Interest | P6: Lease Revenue/Rent | Q6: Licenses | R6: Proceed from Sale | S6: Total Revenue | U6: General Admin | V6: General Judicial | W6: Public Safety | X6: Public Works | Y6: Human services | Z6: Conservation & Development | AA6: Culture & Recreation | AB6: Capital Projects | AC6: Debt Service | AD6: Total Expenses | AF6: Excess/ Deficiency | AG6: Interfund In | AH6: Interfund Out | AI6: TOTAL
A7: YEA Government | B7: 1100 | D7: =SUM(E7:Q7) -> 19027.26 | E7: -1187.82 | G7: =0.35+12.98 -> 13.33 | L7: 5150.81 | M7: 12478.06 | O7: 2392.88 | Q7: 180 | S7: =SUM(E7:R7) -> 19027.26 | U7: 16070.07 | AD7: =SUM(U7:AC7) -> 16070.07 | AF7: =S7-AD7 -> 2957.19 | AI7: =AF7+AG7-AH7 -> 2957.19
A8: General Government | B8: 1105 | D8: =SUM(E8:Q8) -> 11664528 | E8: =10037403.52-881.55+371793.41+839890.39+54655.06+162750.07 -> 11465611 | G8: =118232.6+29715.34 -> 147947.94 | L8: 9677.86 | M8: 32088.48 | O8: 9202.37 | R8: 9448.61 | S8: =SUM(E8:R8) -> 11673976 | U8: -44017.74 | AD8: =SUM(U8:AC8) -> -44017.74 | AF8: =S8-AD8 -> 11717994 | AG8: 2891169.5 | AI8: =AF8+AG8-AH8 -> 14609163
A9: Fiscal | B9: 1135 | D9: =SUM(E9:Q9) -> 10000 | M9: 10000 | S9: =SUM(E9:R9) -> 10000 | U9: 482146.52 | AD9: =SUM(U9:AC9) -> 482146.52 | AF9: =S9-AD9 -> -472146.52 | AG9: 269878.02 | AI9: =AF9+AG9-AH9 -> -202268.5
A10: Tax Claim | B10: 1140 | D10: =SUM(E10:Q10) -> 570610.3 | M10: 567144.06 | O10: 1599.74 | P10: 1866.5 | S10: =SUM(E10:R10) -> 570610.3 | U10: 224580.78 | AD10: =SUM(U10:AC10) -> 224580.78 | AF10: =S10-AD10 -> 346029.52 | AI10: =AF10+AG10-AH10 -> 346029.52
A11: Assessment | B11: 1145 | D11: =SUM(E11:Q11) -> 13983.09 | M11: 13983.09 | S11: =SUM(E11:R11) -> 13983.09 | U11: 372632.43 | AD11: =SUM(U11:AC11) -> 372632.43 | AF11: =S11-AD11 -> -358649.34 | AI11: =AF11+AG11-AH11 -> -358649.34
A12: Telephone | B12: 1152 | D12: =SUM(E12:Q12) -> 0 | S12: =SUM(E12:R12) -> 0 | U12: 22502.63 | AD12: =SUM(U12:AC12) -> 22502.63 | AF12: =S12-AD12 -> -22502.63 | AI12: =AF12+AG12-AH12 -> -22502.63
A13: MIS | B13: 1155 | D13: =SUM(E13:Q13) -> 0 | S13: =SUM(E13:R13) -> 0 | U13: 424299.25 | AD13: =SUM(U13:AC13) -> 424299.25 | AF13: =S13-AD13 -> -424299.25 | AG13: 221610.9 | AI13: =AF13+AG13-AH13 -> -202688.35
A14: Maintenance | B14: 1160 | D14: =SUM(E14:Q14) -> -1500 | M14: -1500 | S14: =SUM(E14:R14) -> -1500 | U14: 428460.37 | AD14: =SUM(U14:AC14) -> 428460.37 | AF14: =S14-AD14 -> -429960.37 | AG14: 133779.32 | AI14: =AF14+AG14-AH14 -> -296181.05
A15: Courthouse | B15: 1162 | D15: =SUM(E15:Q15) -> 11394.75 | L15: 11394.75 | S15: =SUM(E15:R15) -> 11394.75 | U15: 332665.19 | AD15: =SUM(U15:AC15) -> 332665.19 | AF15: =S15-AD15 -> -321270.44 | AI15: =AF15+AG15-AH15 -> -321270.44
A16: Annex | B16: 1164 | D16: =SUM(E16:Q16) -> 0 | S16: =SUM(E16:R16) -> 0 | U16: 71745.69 | AD16: =SUM(U16:AC16) -> 71745.69 | AF16: =S16-AD16 -> -71745.69 | AI16: =AF16+AG16-AH16 -> -71745.69
A17: Human Services Complex | B17: 1166 | D17: =SUM(E17:Q17) -> 0 | S17: =SUM(E17:R17) -> 0 | U17: 2217.53 | AD17: =SUM(U17:AC17) -> 2217.53 | AF17: =S17-AD17 -> -2217.53 | AI17: =AF17+AG17-AH17 -> -2217.53
A18: Exchange Building | B18: 1167 | D18: =SUM(E18:Q18) -> 0 | S18: =SUM(E18:R18) -> 0 | U18: 320090.77 | AD18: =SUM(U18:AC18) -> 320090.77 | AF18: =S18-AD18 -> -320090.77 | AI18: =AF18+AG18-AH18 -> -320090.77
A19: Custodial | B19: 1168 | D19: =SUM(E19:Q19) -> 0 | S19: =SUM(E19:R19) -> 0 | U19: 99496.33 | AD19: =SUM(U19:AC19) -> 99496.33 | AF19: =S19-AD19 -> -99496.33 | AI19: =AF19+AG19-AH19 -> -99496.33
A20: Sugar Valley Buildings | B20: 1169 | D20: =SUM(E20:Q20) -> 82505.06 | L20: 82505.06 | S20: =SUM(E20:R20) -> 82505.06 | U20: 93159.27 | AD20: =SUM(U20:AC20) -> 93159.27 | AF20: =S20-AD20 -> -10654.21 | AI20: =AF20+AG20-AH20 -> -10654.21
A21: Fleet Mgmt | B21: 1171 | D21: =SUM(E21:Q21) -> 0 | S21: =SUM(E21:R21) -> 0 | U21: 15753.24 | AD21: =SUM(U21:AC21) -> 15753.24 | AF21: =S21-AD21 -> -15753.24 | AI21: =AF21+AG21-AH21 -> -15753.24
A22: YEA - Judicial | B22: 1200 | D22: =SUM(E22:Q22) -> 42092.93 | L22: =5150.81-3392.73 -> 1758.08 | M22: 32925.47 | N22: 6414.23 | O22: -4.85 | Q22: 1000 | S22: =SUM(E22:R22) -> 42092.93 | V22: 1865.81 | AD22: =SUM(U22:AC22) -> 1865.81 | AF22: =S22-AD22 -> 40227.12 | AI22: =AF22+AG22-AH22 -> 40227.12
A23: YEA - Public Safety | B23: 1300 | D23: =SUM(E23:Q23) -> -7305.82 | L23: -7305.82 | S23: =SUM(E23:R23) -> -7305.82 | W23: 5882.72 | AD23: =SUM(U23:AC23) -> 5882.72 | AF23: =S23-AD23 -> -13188.54 | AI23: =AF23+AG23-AH23 -> -13188.54
A24: YEA - Public Works | B24: 1400 | D24: =SUM(E24:Q24) -> -5162.22 | M24: =-1365.67-1321.89-374.66 -> -3062.22 | P24: =-900-1600+400 -> -2100 | S24: =SUM(E24:R24) -> -5162.22 | X24: -1833.26 | AD24: =SUM(U24:AC24) -> -1833.26 | AF24: =S24-AD24 -> -3328.96 | AI24: =AF24+AG24-AH24 -> -3328.96
A25: YEA - Human Services | B25: 1500 | D25: =SUM(E25:Q25) -> 0 | S25: =SUM(E25:R25) -> 0 | Y25: -406.36 | AD25: =SUM(U25:AC25) -> -406.36 | AF25: =S25-AD25 -> 406.36 | AI25: =AF25+AG25-AH25 -> 406.36
A26: YEA - Culture & Recreation | B26: 1600 | D26: =SUM(E26:Q26) -> -14590.93 | K26: 2606.59 | L26: -17273.2 | P26: 75.68 | S26: =SUM(E26:R26) -> -14590.93 | AD26: =SUM(U26:AC26) -> 0 | AF26: =S26-AD26 -> -14590.93 | AI26: =AF26+AG26-AH26 -> -14590.93
A27: YEA - Conservvation | B27: 1700 | D27: =SUM(E27:Q27) -> 0 | S27: =SUM(E27:R27) -> 0 | Z27: -429.85 | AD27: =SUM(U27:AC27) -> -429.85 | AF27: =S27-AD27 -> 429.85 | AI27: =AF27+AG27-AH27 -> 429.85
A28: YEA - Other Miscellaneous | D28: =SUM(E28:Q28) -> 0 | S28: =SUM(E28:R28) -> 0 | AD28: =SUM(U28:AC28) -> 0 | AF28: =S28-AD28 -> 0 | AI28: =AF28+AG28-AH28 -> 0
A29: Debt Service | B29: 1905 | D29: =SUM(E29:Q29) -> 0 | S29: =SUM(E29:R29) -> 0 | AD29: =SUM(U29:AC29) -> 0 | AF29: =S29-AD29 -> 0 | AH29: 419150 | AI29: =AF29+AG29-AH29 -> -419150
A30: Courts | B30: 2205 | D30: =SUM(E30:Q30) -> 130689.06 | L30: 91099 | M30: =4412+35178.06 -> 39590.06 | N30: =35178.06-35178.06 -> 0 | S30: =SUM(E30:R30) -> 130689.06 | V30: 596435.52 | AD30: =SUM(U30:AC30) -> 596435.52 | AF30: =S30-AD30 -> -465746.46 | AI30: =AF30+AG30-AH30 -> -465746.46
A31: Domestic Relations | B31: 2210 | D31: =SUM(E31:Q31) -> 7370.32 | M31: 7370.32 | S31: =SUM(E31:R31) -> 7370.32 | V31: 500349.83 | AD31: =SUM(U31:AC31) -> 500349.83 | AF31: =S31-AD31 -> -492979.51 | AG31: 335688.51 | AH31: 60 | AI31: =AF31+AG31-AH31 -> -157351
A32: Law Library | B32: 2215 | D32: =SUM(E32:Q32) -> 0 | S32: =SUM(E32:R32) -> 0 | V32: 51862.61 | AD32: =SUM(U32:AC32) -> 51862.61 | AF32: =S32-AD32 -> -51862.61 | AI32: =AF32+AG32-AH32 -> -51862.61
A33: FISH - DJ | B33: 2225 | D33: =SUM(E33:Q33) -> 50691.72 | M33: 50691.72 | S33: =SUM(E33:R33) -> 50691.72 | V33: 127531.76 | AD33: =SUM(U33:AC33) -> 127531.76 | AF33: =S33-AD33 -> -76840.04 | AI33: =AF33+AG33-AH33 -> -76840.04
A34: Dinberg - DJ | B34: 2230 | D34: =SUM(E34:Q34) -> 0 | S34: =SUM(E34:R34) -> 0 | AD34: =SUM(U34:AC34) -> 0 | AF34: =S34-AD34 -> 0 | AI34: =AF34+AG34-AH34 -> 0
A35: Lowrey - DJ | B35: 2235 | D35: =SUM(E35:Q35) -> 53585.5 | M35: 53585.5 | S35: =SUM(E35:R35) -> 53585.5 | V35: 138223.59 | AD35: =SUM(U35:AC35) -> 138223.59 | AF35: =S35-AD35 -> -84638.09 | AI35: =AF35+AG35-AH35 -> -84638.09
A36: Kirtland - DJ | B36: 2240 | D36: =SUM(E36:Q36) -> 82019.07 | M36: 82019.07 | S36: =SUM(E36:R36) -> 82019.07 | V36: 139722.16 | AD36: =SUM(U36:AC36) -> 139722.16 | AF36: =S36-AD36 -> -57703.09 | AI36: =AF36+AG36-AH36 -> -57703.09
A37: Court Supervision | B37: 2310 | D37: =SUM(E37:Q37) -> 251229.17 | L37: 11923.56 | M37: =2490.54+174672.09 -> 177162.63 | N37: =234926.98-174672.09 -> 60254.89 | P37: 1888.09 | S37: =SUM(E37:R37) -> 251229.17 | W37: 653987.27 | AD37: =SUM(U37:AC37) -> 653987.27 | AF37: =S37-AD37 -> -402758.1 | AI37: =AF37+AG37-AH37 -> -402758.1
A38: Juevenile Court | B38: 2311 | D38: =SUM(E38:Q38) -> 130395.96 | L38: =7233.66+116629+3388 -> 127250.66 | M38: 1338.33 | N38: 1610.72 | P38: 196.25 | S38: =SUM(E38:R38) -> 130395.96 | W38: 480001.86 | AD38: =SUM(U38:AC38) -> 480001.86 | AF38: =S38-AD38 -> -349605.9 | AG38: 2285 | AH38: 40 | AI38: =AF38+AG38-AH38 -> -347360.9
A39: Prison | B39: 3305 | D39: =SUM(E39:Q39) -> 132978.79 | K39: 71988.66 | M39: =36472.59+202.07 -> 36674.66 | N39: =202.07-202.07 -> 0 | P39: 24315.47 | S39: =SUM(E39:R39) -> 132978.79 | W39: 2992508.9 | AD39: =SUM(U39:AC39) -> 2992508.9 | AF39: =S39-AD39 -> -2859530.1 | AG39: =105303.66-71988.66 -> 33315 | AI39: =AF39+AG39-AH39 -> -2826215.1
A40: EMA - 911 Building | B40: 4315 | D40: =SUM(E40:Q40) -> 0 | S40: =SUM(E40:R40) -> 0 | W40: 37969.15 | AD40: =SUM(U40:AC40) -> 37969.15 | AF40: =S40-AD40 -> -37969.15 | AI40: =AF40+AG40-AH40 -> -37969.15
A41: EMA | B41: 4320 | D41: =SUM(E41:Q41) -> 173353.63 | L41: =47896+9360+26073.56+41873.92+48150.15 -> 173353.63 | S41: =SUM(E41:R41) -> 173353.63 | W41: 233681.54 | AD41: =SUM(U41:AC41) -> 233681.54 | AF41: =S41-AD41 -> -60327.91 | AI41: =AF41+AG41-AH41 -> -60327.91
A42: 911 General | B42: 4325 | D42: =SUM(E42:Q42) -> 0 | S42: =SUM(E42:R42) -> 0 | W42: 1488 | AD42: =SUM(U42:AC42) -> 1488 | AF42: =S42-AD42 -> -1488 | AI42: =AF42+AG42-AH42 -> -1488
A43: Airport | B43: 4405 | D43: =SUM(E43:Q43) -> 228459.37 | M43: 228459.37 | P43: =25487.16+134203.69+200+600+53600+4800+4375.92-223266.77 -> 0 | S43: =SUM(E43:R43) -> 228459.37 | X43: 458957.83 | AD43: =SUM(U43:AC43) -> 458957.83 | AF43: =S43-AD43 -> -230498.46 | AI43: =AF43+AG43-AH43 -> -230498.46
A44: Human Services | B44: 5505 | D44: =SUM(E44:Q44) -> 0 | S44: =SUM(E44:R44) -> 0 | AD44: =SUM(U44:AC44) -> 0 | AF44: =S44-AD44 -> 0 | AG44: 270697.44 | AH44: 1473120 | AI44: =AF44+AG44-AH44 -> -1202422.6
A45: Veterans | B45: 5507 | D45: =SUM(E45:Q45) -> 4146.39 | P45: 4146.39 | S45: =SUM(E45:R45) -> 4146.39 | Y45: 106499.19 | AD45: =SUM(U45:AC45) -> 106499.19 | AF45: =S45-AD45 -> -102352.8 | AI45: =AF45+AG45-AH45 -> -102352.8
A46: Tax Collectors | B46: 8175 | D46: =SUM(E46:Q46) -> 46059.92 | M46: 46059.92 | S46: =SUM(E46:R46) -> 46059.92 | U46: 201127.85 | AD46: =SUM(U46:AC46) -> 201127.85 | AF46: =S46-AD46 -> -155067.93 | AI46: =AF46+AG46-AH46 -> -155067.93
A47: Treasurer | B47: 8180 | D47: =SUM(E47:Q47) -> 185602.93 | H47: 143156.68 | M47: 5866.25 | P47: 0 | Q47: 36580 | S47: =SUM(E47:R47) -> 185602.93 | U47: 343409.48 | AD47: =SUM(U47:AC47) -> 343409.48 | AF47: =S47-AD47 -> -157806.55 | AI47: =AF47+AG47-AH47 -> -157806.55
A48: Auditors | B48: 8185 | D48: =SUM(E48:Q48) -> 0 | S48: =SUM(E48:R48) -> 0 | U48: 101241.04 | AD48: =SUM(U48:AC48) -> 101241.04 | AF48: =S48-AD48 -> -101241.04 | AI48: =AF48+AG48-AH48 -> -101241.04
A49: Jury Commissioners | B49: 8245 | D49: =SUM(E49:Q49) -> 4596.2 | M49: 4591.2 | P49: 5 | S49: =SUM(E49:R49) -> 4596.2 | V49: 31753.52 | AD49: =SUM(U49:AC49) -> 31753.52 | AF49: =S49-AD49 -> -27157.32 | AI49: =AF49+AG49-AH49 -> -27157.32
A50: Register & Recorder | B50: 8250 | D50: =SUM(E50:Q50) -> 316364.05 | M50: 316364.05 | S50: =SUM(E50:R50) -> 316364.05 | V50: 283150.31 | AD50: =SUM(U50:AC50) -> 283150.31 | AF50: =S50-AD50 -> 33213.74 | AI50: =AF50+AG50-AH50 -> 33213.74
A51: Coroner | B51: 8255 | D51: =SUM(E51:Q51) -> 26419.63 | L51: =10000+4459.63 -> 14459.63 | Q51: 11960 | S51: =SUM(E51:R51) -> 26419.63 | V51: 79572.4 | AD51: =SUM(U51:AC51) -> 79572.4 | AF51: =S51-AD51 -> -53152.77 | AI51: =AF51+AG51-AH51 -> -53152.77
A52: District Attorney | B52: 8260 | D52: =SUM(E52:Q52) -> 340240.95 | L52: =38602.5+38602.53+77205.06+5645.93+116544.35+37457.75 -> 314058.12 | N52: 26182.83 | S52: =SUM(E52:R52) -> 340240.95 | V52: 817466.08 | AD52: =SUM(U52:AC52) -> 817466.08 | AF52: =S52-AD52 -> -477225.13 | AH52: 75 | AI52: =AF52+AG52-AH52 -> -477300.13
A53: Prothonotary | B53: 8265 | D53: =SUM(E53:Q53) -> 295365.35 | M53: 294988.21 | O53: 377.14 | S53: =SUM(E53:R53) -> 295365.35 | V53: 302532.76 | AD53: =SUM(U53:AC53) -> 302532.76 | AF53: =S53-AD53 -> -7167.41 | AI53: =AF53+AG53-AH53 -> -7167.41
A54: Sheriff | B54: 8270 | D54: =SUM(E54:Q54) -> 187418.45 | L54: 475 | M54: 145904.06 | N54: 40960.39 | P54: 79 | S54: =SUM(E54:R54) -> 187418.45 | V54: 786104.05 | AD54: =SUM(U54:AC54) -> 786104.05 | AF54: =S54-AD54 -> -598685.6 | AH54: 60 | AI54: =AF54+AG54-AH54 -> -598745.6
A55: Commissioners | B55: 9110 | D55: =SUM(E55:Q55) -> 2382.75 | M55: =1512.75+675 -> 2187.75 | P55: =195 -> 195 | S55: =SUM(E55:R55) -> 2382.75 | U55: 412248.36 | AD55: =SUM(U55:AC55) -> 412248.36 | AF55: =S55-AD55 -> -409865.61 | AH55: 120 | AI55: =AF55+AG55-AH55 -> -409985.61
A56: Voter Registration | B56: 9115 | D56: =SUM(E56:Q56) -> 54074.96 | L56: 52262.46 | M56: =54074.96-52262.46 -> 1812.5 | S56: =SUM(E56:R56) -> 54074.96 | U56: 276456.82 | AD56: =SUM(U56:AC56) -> 276456.82 | AF56: =S56-AD56 -> -222381.86 | AI56: =AF56+AG56-AH56 -> -222381.86
A57: Public Defender | B57: 9125 | D57: =SUM(E57:Q57) -> 586.32 | M57: 586.32 | S57: =SUM(E57:R57) -> 586.32 | U57: 845903.04 | AD57: =SUM(U57:AC57) -> 845903.04 | AF57: =S57-AD57 -> -845316.72 | AG57: 39000 | AH57: 75 | AI57: =AF57+AG57-AH57 -> -806391.72
A58: Human Resources | B58: 9130 | D58: =SUM(E58:Q58) -> 0 | S58: =SUM(E58:R58) -> 0 | U58: 380320.37 | AD58: =SUM(U58:AC58) -> 380320.37 | AF58: =S58-AD58 -> -380320.37 | AG58: 38199.38 | AI58: =AF58+AG58-AH58 -> -342120.99
A59: Planning | B59: 9190 | D59: =SUM(E59:Q59) -> 579337.19 | L59: =251509.02+45552.08+48050.01+145883.68+3596.06+20790.8+4237 -> 519618.65 | M59: 59718.54 | S59: =SUM(E59:R59) -> 579337.19 | U59: 883085.85 | AD59: =SUM(U59:AC59) -> 883085.85 | AF59: =S59-AD59 -> -303748.66 | AI59: =AF59+AG59-AH59 -> -303748.66
A60: Park | B60: 9605 | D60: =SUM(E60:Q60) -> 143136.77 | L60: 43183 | M60: 92356.14 | N60: =792.52-792.52 -> 0 | O60: 92.43 | P60: =6712.68+792.52 -> 7505.2 | S60: =SUM(E60:R60) -> 143136.77 | U60: 792.52 | AA60: =308494.49-792.52 -> 307701.97 | AD60: =SUM(U60:AC60) -> 308494.49 | AF60: =S60-AD60 -> -165357.72 | AG60: 7895.17 | AI60: =AF60+AG60-AH60 -> -157462.55
A61: Community Development | B61: 9710 | D61: =SUM(E61:Q61) -> 18643.18 | M61: 18643.18 | S61: =SUM(E61:R61) -> 18643.18 | Z61: 446784.68 | AD61: =SUM(V61:AC61) -> 446784.68 | AF61: =S61-AD61 -> -428141.5 | AI61: =AF61+AG61-AH61 -> -428141.5
A62: Insurance | B62: 9805 | D62: =SUM(E62:Q62) -> 0 | S62: =SUM(E62:R62) -> 0 | U62: 458960.36 | AD62: =SUM(U62:AC62) -> 458960.36 | AF62: =S62-AD62 -> -458960.36 | AG62: 103949.88 | AI62: =AF62+AG62-AH62 -> -355010.48
A63: Employee Benefits | B63: 9810 | D63: =SUM(E63:Q63) -> 0 | S63: =SUM(E63:R63) -> 0 | U63: 135012.48 | AD63: =SUM(U63:AC63) -> 135012.48 | AF63: =S63-AD63 -> -135012.48 | AH63: 196.9 | AI63: =AF63+AG63-AH63 -> -135209.38
A64: TOTALS | C64: =SUM(C7:C63) -> 0 | D64: =SUM(D7:D63) -> 15830730 | E64: =SUM(E7:E63) -> 11464423 | F64: =SUM(F7:F63) -> 0 | G64: =SUM(G7:G63) -> 147961.27 | H64: =SUM(H7:H63) -> 143156.68 | I64: =SUM(I7:I63) -> 0 | J64: =SUM(J7:J63) -> 0 | ... S64: =SUM(S7:S63) -> 15840178 | U64: =SUM(U7:U63) -> 6900360.5 | V64: =SUM(V7:V63) -> 3856570.4 | W64: =SUM(W7:W63) -> 4405519.5 | X64: =SUM(X7:X63) -> 457124.57 | Y64: =SUM(Y7:Y63) -> 106092.83 | Z64: =SUM(Z7:Z63) -> 446354.83 | AA64: =SUM(AA7:AA63) -> 307701.97 | AB64: =SUM(AB7:AB63) -> 0 | ... AD64: =SUM(AD7:AD63) -> 16479725 | AF64: =SUM(AF7:AF63) -> -639546.35 | AG64: =SUM(AG7:AG63) -> 4347468.1 | AH64: =SUM(AH7:AH63) -> 1892896.9 | AI64: =SUM(AI7:AI63) -> 1815024.9
E65: TAXES | F65: =SUM(E64:H64) -> 11755541
A66: Journal Entries - # 1 - A-05-03 | B66: 2210 | M66: -7370 | V66: -500412 | AG66: -335689 | AH66: 157353
A67: # 2 - A-05-06 | B67: 1155 | U67: -708 | AG67: 2 | AL67: =S64+AG64 -> 20187646
A68: # 2 - A-05-06 | B68: 2205 | V68: -277
A69: # 2 - A-05-06 | B69: 8250 | U69: -190
A70: # 2 - A-05-06 | B70: 9190 | U70: -34400
A71: # 3 - T-01 | B71: 8260 | V71: -16 | AL71: =AD64+AH64 -> 18372621
A72: # 4 - VCEDA | B72: 9710 | L72: 11375
B73: 11001105 | L73: 283321
A74: # 7
A75: # 8
C76: =SUM(C64:C75) -> 0 | D76: =SUM(E76:Q76) -> 16118056 | E76: =SUM(E64:E75) -> 11464423 | F76: =F64 -> 0 | G76: =SUM(G64:G75) -> 147961.27 | H76: =SUM(H64:H75) -> 143156.68 | I76: =SUM(I64:I75) -> 0 | J76: =SUM(J64:J75) -> 0 | K76: =SUM(K64:K75) -> 74595.25 | L76: =SUM(L64:L75) -> 1728287.2 | M76: =SUM(M64:M75) -> 2322656.7 | N76: =SUM(N64:N75) -> 135423.06 | ... Q76: =SUM(Q64:Q75) -> 49720 | S76: =SUM(E76:Q76) -> 16118056 | U76: =SUM(U64:U75) -> 6865062.5 | V76: =SUM(V64:V75) -> 3355865.4 | W76: =SUM(W64:W75) -> 4405519.5 | X76: =SUM(X64:X75) -> 457124.57 | Y76: =SUM(Y64:Y75) -> 106092.83 | Z76: =SUM(Z64:Z75) -> 446354.83 | AA76: =SUM(AA64:AA75) -> 307701.97 | AB76: =SUM(AB64:AB75) -> 0 | AC76: =SUM(AC64:AC75) -> 0 | AD76: =SUM(U76:AC76) -> 15943722 | AF76: =S76-AD76 -> 174334.04 | AG76: =SUM(AG64:AG75) -> 4011781.1 | AH76: =SUM(AH64:AH75) -> 2050249.9 | AI76: =AF76+AG76-AH76 -> 2135865.3
F78: =SUM(E76:H76) -> 11755541
F79: TAX REVENUE | J79: =I76+L76 -> 1728287.2
J80: INTERGOVERNMENTAL | N80: =K76+P76 -> 112767.83
J81: & PUBLIC UTILITY TAX | N81: OTHER & RENT

Sheet Capital Projects Fund
A1: Capital Projects Fund
A2: Combining Balance sheet and Statement of Revenue & Expenses
A3: ='ALL GOVERNMENT FUNDS'!A3 -> 43830 | C3: check categories
B5: Capital Projects 3000 | C5: Debt Service 4000 | D5: Debt Service 4100 | E5: 2010 Debt Service 4300 | F5: Adjustments | G5: Adjusted 2010 Debt Service 4300 | H5: TOTAL Capital Projects
A7: Assets
A8: Cash & cash equivalents | B8: -139518 | C8: 0 | D8: 0 | E8: 0 | G8: =E8+F8 -> 0 | H8: =SUM(B8+C8+D8+G8) -> -139518
A9: A/R | G9: =E9+F9 -> 0 | H9: =SUM(B9+C9+D9+G9) -> 0
A10: Due from Other Funds | G10: =E10+F10 -> 0 | H10: =SUM(B10+C10+D10+G10) -> 0
A11: Due from Other Governments | G11: =E11+F11 -> 0 | H11: =SUM(B11+C11+D11+G11) -> 0
A12: Prepaids | G12: =E12+F12 -> 0 | H12: =SUM(B12+C12+D12+G12) -> 0
A13: Lease Receivable/Other | G13: =E13+F13 -> 0 | H13: =SUM(B13+C13+D13+G13) -> 0
A14: Total Assets | B14: =SUM(B8:B13) -> -139518 | C14: =SUM(C8:C13) -> 0 | D14: =SUM(D8:D13) -> 0 | E14: =SUM(E8:E13) -> 0 | F14: =SUM(F8:F13) -> 0 | G14: =E14+F14 -> 0 | H14: =SUM(B14+C14+D14+G14) -> -139518
A16: Liabilities
A17: A/P | G17: =E17+F17 -> 0 | H17: =SUM(B17+C17+D17+G17) -> 0
A18: Accrued Payroll | G18: =E18+F18 -> 0 | H18: =SUM(B18+C18+D18+G18) -> 0
A19: Due to Other Governments | G19: =E19+F19 -> 0 | H19: =SUM(B19+C19+D19+G19) -> 0
A20: Deferred Revenue | G20: =E20+F20 -> 0 | H20: =SUM(B20+C20+D20+G20) -> 0
A21: Total Liabilities | B21: =SUM(B17:B20) -> 0 | C21: =SUM(C17:C20) -> 0 | D21: =SUM(D17:D20) -> 0 | E21: =SUM(E17:E20) -> 0 | F21: =SUM(F17:F20) -> 0 | G21: =E21+F21 -> 0 | H21: =SUM(B21+C21+D21+G21) -> 0
A23: Deferred Inflows of Resources:
A24: Unavailable revenue - taxes/fees | G24: =E24+F24 -> 0 | H24: =SUM(B24+C24+D24+G24) -> 0
A25: Unavailable revenue - lease | G25: =E25+F25 -> 0 | H25: =SUM(B25+C25+D25+G25) -> 0
A26: Total Deferred Inflows | B26: =SUM(B24:B25) -> 0 | C26: =SUM(C24:C25) -> 0 | D26: =SUM(D24:D25) -> 0 | E26: =SUM(E24:E25) -> 0 | F26: =SUM(F24:F25) -> 0 | G26: =E26+F26 -> 0 | H26: =SUM(B26+C26+D26+G26) -> 0
A28: Fund Balance
A29: Reserved: Program | G29: =E29+F29 -> 0 | H29: =SUM(B29+C29+D29+G29) -> 0
A30: Reserved: Prepaids | G30: =E30+F30 -> 0 | H30: =SUM(B30+C30+D30+G30) -> 0
A31: Unreserved | B31: -139518 | G31: =E31+F31 -> 0 | H31: =SUM(B31+C31+D31+G31) -> -139518
A32: Total Fund Balance | B32: =SUM(B29:B31) -> -139518 | C32: =SUM(C29:C31) -> 0 | D32: =SUM(D29:D31) -> 0 | E32: =SUM(E29:E31) -> 0 | F32: =SUM(F29:F31) -> 0 | G32: =E32+F32 -> 0 | H32: =SUM(B32+C32+D32+G32) -> -139518
A34: Total Liabilities & Fund Balance | B34: =B21+B26+B32 -> -139518 | C34: =C21+C26+C32 -> 0 | D34: =D21+D26+D32 -> 0 | E34: =E21+E26+E32 -> 0 | F34: =F21+F26+F32 -> 0 | G34: =G21+G26+G32 -> 0 | H34: =H21+H26+H32 -> -139518
B35: =IF(B14=B34,"YES","NO") -> YES | C35: =IF(C14=C34,"YES","NO") -> YES | D35: =IF(D14=D34,"YES","NO") -> YES | E35: =IF(E14=E34,"YES","NO") -> YES | F35: =IF(F14=F34,"YES","NO") -> YES | G35: =IF(G14=G34,"YES","NO") -> YES | H35: =IF(H14=H34,"YES","NO") -> YES
A36: Revenue
A37: Intergovermental | G37: =E37+F37 -> 0 | H37: =SUM(B37:F37) -> 0
A38: Charges for Services | G38: =E38+F38 -> 0 | H38: =SUM(B38:F38) -> 0
A39: Lease Revenue | G39: =E39+F39 -> 0 | H39: =SUM(B39:F39) -> 0
A40: Interest | B40: 322.43 | C40: 247.31 | E40: 1.1 | G40: =E40+F40 -> 1.1 | H40: =SUM(B40:F40) -> 570.84
A41: Lease Revenue | G41: =E41+F41 -> 0 | H41: =SUM(B41:F41) -> 0
A42: Other | G42: =E42+F42 -> 0 | H42: =SUM(B42:F42) -> 0
A43: Total Revenues | B43: =SUM(B37:B42) -> 322.43 | C43: =SUM(C37:C42) -> 247.31 | D43: =SUM(D37:D42) -> 0 | E43: =SUM(E37:E42) -> 1.1 | F43: =SUM(F37:F42) -> 0 | G43: =SUM(G37:G42) -> 1.1 | H43: =SUM(B43:F43) -> 570.84
A45: Expenditures
A46: General gvt - administration | B46: 382039 | G46: =E46+F46 -> 0 | H46: =SUM(B46:F46) -> 382039
A47: General gvt - judicial | G47: =E47+F47 -> 0 | H47: =SUM(B47:F47) -> 0
A48: Public safety | G48: =E48+F48 -> 0 | H48: =SUM(B48:F48) -> 0
A49: Public works and enterprises | G49: =E49+F49 -> 0 | H49: =SUM(B49:F49) -> 0
A50: Human services | G50: =E50+F50 -> 0 | H50: =SUM(B50:F50) -> 0
A51: Conservation and Development | G51: =E51+F51 -> 0 | H51: =SUM(B51:F51) -> 0
A52: Culture & Recreation | G52: =E52+F52 -> 0 | H52: =SUM(B52:F52) -> 0
A53: Capital Projects | B53: =551436-382039-169397 -> 0 | G53: =E53+F53 -> 0 | H53: =SUM(B53:F53) -> 0
A54: Debt Service | B54: 169397 | D54: 419150 | G54: =E54+F54 -> 0 | H54: =SUM(B54:F54) -> 588547
A55: Total Expenditures | B55: =SUM(B46:B54) -> 551436 | C55: =SUM(C46:C54) -> 0 | D55: =SUM(D46:D54) -> 419150 | E55: =SUM(E46:E54) -> 0 | F55: =SUM(F46:F54) -> 0 | G55: =E55+F55 -> 0 | H55: =SUM(B55:F55) -> 970586
A57: Excess (Deficiency) | B57: =B43-B55 -> -551113.57 | C57: =C43-C55 -> 247.31 | D57: =D43-D55 -> -419150 | E57: =E43-E55 -> 1.1 | F57: =F43-F55 -> 0 | G57: =E57+F57 -> 1.1 | H57: =SUM(B57:F57) -> -970015.16
A59: Sale of Fixed Assets | G59: =E59+F59 -> 0 | H59: =SUM(B59:F59) -> 0
A60: Proceeds from capital leases | B60: 551436 | G60: =E60+F60 -> 0 | H60: =SUM(B60:F60) -> 551436
A61: Premium on refunding bonds | G61: =E61+F61 -> 0 | H61: =SUM(B61:F61) -> 0
A62: Payment to refunded bond escrow | G62: =E62+F62 -> 0 | H62: =SUM(B62:F62) -> 0
A63: Transfers In | B63: 280842.94 | C63: 419150 | G63: =E63+F63 -> 0 | H63: =SUM(B63:F63) -> 699992.94
A64: Transfers Out | B64: 391169.51 | C64: 280841.84 | E64: 1.1 | G64: =E64+F64 -> 1.1 | H64: =SUM(B64:F64) -> 672012.45
A65: Total Other | B65: =B59+B60+B61+B62+B63-B64 -> 441109.43 | C65: =C59+C60+C61+C62+C63-C64 -> 138308.16 | D65: =D59+D60+D61+D62+D63-D64 -> 0 | E65: =E59+E60+E61+E62+E63-E64 -> -1.1 | F65: =F59+F60+F61+F62+F63-F64 -> 0 | G65: =E65+F65 -> -1.1 | H65: =H59+H60+H61+H62+H63-H64 -> 579416.49
A67: Net Change in Fund Balance | B67: =B57+B65 -> -110004.14 | C67: =C57+C65 -> 138555.47 | D67: =D57+D65 -> -419150 | E67: =E57+E65 -> 0 | F67: =F57+F65 -> 0 | G67: =G57+G65 -> 0 | H67: =SUM(B67:F67) -> -390598.67
A68: Fund Balance - Beginning | B68: =B69-B67 -> -29513.86 | C68: =C69-C67 -> -138555.47 | D68: =D69-D67 -> 419150 | E68: =E69-E67 -> 0 | F68: =F69-F67 -> 0 | G68: =G69-G67 -> 0 | H68: =SUM(B68:F68) -> 251080.67
A69: Fund Balance - End of Year | B69: =B32 -> -139518 | C69: =C32 -> 0 | D69: =D32 -> 0 | E69: =E32 -> 0 | F69: =F32 -> 0 | G69: =G32 -> 0 | H69: =SUM(B69:F69) -> -139518

Sheet Human Services
A1: Human Services Funds
A2: Combining Balance sheet and Statement of Revenue & Expenses
A3: ='ALL GOVERNMENT FUNDS'!A3 -> 43830 | G3: Developmental
G4: Services
B5: AAA Funds | C5: RSVP Funds | D5: CYS Funds | E5: Substance Abuse Funds | F5: Mental Health Funds | G5: Mental Retardation Funds | H5: Eliminations | I5: Total Human Services
A7: Assets
A8: Cash & cash equivalents | B8: ='AAA Funds'!F8 -> 443570.84 | C8: ='RSVP Funds'!F8 -> 18972.54 | D8: ='CYS Funds'!R8 -> -1145105.2 | E8: ='Substance Abuse'!I8 -> 312232.63 | F8: ='Mental Health Funds'!K8 -> -107731.85 | G8: ='Mental Retardation Funds'!O8 -> 1302991.5 | I8: =SUM(B8:H8) -> 824930.46
A9: Advances Receivable | B9: ='AAA Funds'!F9 -> 0 | C9: ='RSVP Funds'!F9 -> 0 | D9: ='CYS Funds'!R9 -> 0 | E9: ='Substance Abuse'!I9 -> 0 | F9: ='Mental Health Funds'!K9 -> 0 | G9: ='Mental Retardation Funds'!O9 -> 0 | I9: =SUM(B9:H9) -> 0
A10: A/R | B10: ='AAA Funds'!F10 -> 480.84 | C10: ='RSVP Funds'!F10 -> 0 | D10: ='CYS Funds'!R10 -> 719055.57 | E10: ='Substance Abuse'!I10 -> 198246.05 | F10: ='Mental Health Funds'!K10 -> 93271.3 | G10: ='Mental Retardation Funds'!O10 -> 90442.4 | I10: =SUM(B10:H10) -> 1101496.2
A11: Due from Other Funds | B11: ='AAA Funds'!F11 -> 15859.98 | C11: ='RSVP Funds'!F11 -> 0 | D11: ='CYS Funds'!R11 -> 30205.68 | E11: ='Substance Abuse'!I11 -> 9333.78 | F11: ='Mental Health Funds'!K11 -> 18881.47 | G11: ='Mental Retardation Funds'!O11 -> 17468.62 | I11: =SUM(B11:H11) -> 91749.53
A12: Due from Other Governments | B12: ='AAA Funds'!F12 -> 39484.35 | C12: ='RSVP Funds'!F12 -> 0 | D12: ='CYS Funds'!R12 -> 1379505.5 | E12: ='Substance Abuse'!I12 -> 4809.12 | F12: ='Mental Health Funds'!K12 -> 227160.1 | G12: ='Mental Retardation Funds'!O12 -> 0 | I12: =SUM(B12:H12) -> 1650959.1
A13: Prepaids | B13: ='AAA Funds'!F13 -> -2 | C13: ='RSVP Funds'!F13 -> 0 | D13: ='CYS Funds'!R13 -> 0 | E13: ='Substance Abuse'!I13 -> 0 | F13: ='Mental Health Funds'!K13 -> 0 | G13: ='Mental Retardation Funds'!O13 -> 0 | I13: =SUM(B13:H13) -> -2
A14: Total Assets | B14: ='AAA Funds'!F14 -> 499394.01 | C14: ='RSVP Funds'!F14 -> 18972.54 | D14: ='CYS Funds'!R14 -> 983661.61 | E14: ='Substance Abuse'!I14 -> 524621.58 | F14: ='Mental Health Funds'!K14 -> 231581.02 | G14: ='Mental Retardation Funds'!O14 -> 1410902.5 | I14: =SUM(B14:H14) -> 3669133.2
A16: Liabilities
A17: A/P | B17: ='AAA Funds'!F17 -> 96532.2 | C17: ='RSVP Funds'!F17 -> 0 | D17: ='CYS Funds'!R17 -> 636649.71 | E17: ='Substance Abuse'!I17 -> 47925.18 | F17: ='Mental Health Funds'!K17 -> 126854.42 | G17: ='Mental Retardation Funds'!O17 -> 77431.44 | I17: =SUM(B17:H17) -> 985392.95
A18: Accrued Payroll | B18: ='AAA Funds'!F18 -> 64447.23 | C18: ='RSVP Funds'!F18 -> 0 | D18: ='CYS Funds'!R18 -> 155087.74 | E18: ='Substance Abuse'!I18 -> 31983.91 | F18: ='Mental Health Funds'!K18 -> 46198.45 | G18: ='Mental Retardation Funds'!O18 -> 36508.35 | I18: =SUM(B18:H18) -> 334225.68
A19: Due to Other Funds | B19: ='AAA Funds'!F19 -> 0 | C19: ='RSVP Funds'!F19 -> 0 | D19: ='CYS Funds'!R19 -> 160355 | E19: ='Substance Abuse'!I19 -> 0 | F19: ='Mental Health Funds'!K19 -> 0 | G19: ='Mental Retardation Funds'!O19 -> 0 | I19: =SUM(B19:H19) -> 160355
A20: Due to Other Governments | B20: ='AAA Funds'!F20 -> 0 | C20: ='RSVP Funds'!F20 -> 0 | D20: ='CYS Funds'!R20 -> 0 | E20: ='Substance Abuse'!I20 -> 0 | F20: ='Mental Health Funds'!K20 -> 0 | G20: ='Mental Retardation Funds'!O20 -> 0 | I20: =SUM(B20:H20) -> 0
A21: Deferred Revenue | B21: ='AAA Funds'!F21 -> 338415.29 | C21: ='RSVP Funds'!F21 -> 327.41 | D21: ='CYS Funds'!R21 -> -0.46 | E21: ='Substance Abuse'!I21 -> 149519.09 | F21: ='Mental Health Funds'!K21 -> 58528.61 | G21: ='Mental Retardation Funds'!O21 -> 1296961.9 | I21: =SUM(B21:H21) -> 1843751.9
A22: Total Liabilities | B22: ='AAA Funds'!F22 -> 499394.72 | C22: ='RSVP Funds'!F22 -> 327.41 | D22: ='CYS Funds'!R22 -> 952091.99 | E22: ='Substance Abuse'!I22 -> 229428.18 | F22: ='Mental Health Funds'!K22 -> 231581.48 | G22: ='Mental Retardation Funds'!O22 -> 1410901.7 | H22: =SUM(H17:H21) -> 0 | I22: =SUM(B22:H22) -> 3323725.5
A24: Fund Balance
A25: Reserved: Program | B25: ='AAA Funds'!F25 -> 37.16 | C25: ='RSVP Funds'!F25 -> 0 | D25: ='CYS Funds'!R25 -> 0 | E25: ='Substance Abuse'!I25 -> 0 | F25: ='Mental Health Funds'!K25 -> 0 | G25: ='Mental Retardation Funds'!O25 -> 255.57 | I25: =SUM(B25:H25) -> 292.73
A26: Reserved: Prepaids | B26: ='AAA Funds'!F26 -> 0 | C26: ='RSVP Funds'!F26 -> 0 | D26: ='CYS Funds'!R26 -> 0 | E26: ='Substance Abuse'!I26 -> 0 | F26: ='Mental Health Funds'!K26 -> 0 | G26: ='Mental Retardation Funds'!O26 -> 0 | I26: =SUM(B26:H26) -> 0
A27: Unreserved | B27: ='AAA Funds'!F27 -> -37.87 | C27: ='RSVP Funds'!F27 -> 18645.13 | D27: ='CYS Funds'!R27 -> 31569.62 | E27: ='Substance Abuse'!I27 -> 295193.4 | F27: ='Mental Health Funds'!K27 -> -0.46 | G27: ='Mental Retardation Funds'!O27 -> -254.8 | I27: =SUM(B27:H27) -> 345115.02
A28: Total Fund Balance | B28: ='AAA Funds'!F28 -> -0.71 | C28: ='RSVP Funds'!F28 -> 18645.13 | D28: ='CYS Funds'!R28 -> 31569.62 | E28: ='Substance Abuse'!I28 -> 295193.4 | F28: ='Mental Health Funds'!K28 -> -0.46 | G28: ='Mental Retardation Funds'!O28 -> 0.77 | H28: =SUM(H25:H27) -> 0 | I28: =SUM(B28:H28) -> 345407.75
A30: Total Liabilities & Fund Balance | B30: ='AAA Funds'!F30 -> 499394.01 | C30: ='RSVP Funds'!F30 -> 18972.54 | D30: ='CYS Funds'!R30 -> 983661.61 | E30: ='Substance Abuse'!I30 -> 524621.58 | F30: ='Mental Health Funds'!K30 -> 231581.02 | G30: ='Mental Retardation Funds'!O30 -> 1410902.5 | H30: ='Human Services 1150'!E30 -> 0 | I30: =SUM(B30:H30) -> 3669133.2
B31: =IF(B14=B30,"YES","NO") -> YES | C31: =IF(C14=C30,"YES","NO") -> YES | D31: =IF(D14=D30,"YES","NO") -> YES | E31: =IF(E14=E30,"YES","NO") -> YES | F31: =IF(F14=F30,"YES","NO") -> YES | G31: =IF(G14=G30,"YES","NO") -> YES | H31: =IF(H14=H30,"YES","NO") -> YES | I31: =IF(I14=I30,"YES","NO") -> YES
A32: Revenue
A33: Intergovermental | B33: ='AAA Funds'!F33 -> 2156136.7 | C33: ='RSVP Funds'!F33 -> 0 | D33: ='CYS Funds'!R33 -> 8696597.3 | E33: ='Substance Abuse'!I33 -> 992313.97 | F33: ='Mental Health Funds'!K33 -> 3183819.4 | G33: ='Mental Retardation Funds'!O33 -> 2003109.8 | I33: =SUM(B33:H33) -> 17031977
A34: Charges for Services | B34: ='AAA Funds'!F34 -> 0 | C34: ='RSVP Funds'!F34 -> 0 | D34: ='CYS Funds'!R34 -> 120623.77 | E34: ='Substance Abuse'!I34 -> 0 | F34: ='Mental Health Funds'!K34 -> 0 | G34: ='Mental Retardation Funds'!O34 -> 0 | I34: =SUM(B34:H34) -> 120623.77
A35: Fines and Forfeits | B35: ='AAA Funds'!F35 -> 0 | C35: ='RSVP Funds'!F35 -> 0 | D35: ='CYS Funds'!R35 -> 0 | E35: ='Substance Abuse'!I35 -> 226556.83 | F35: ='Mental Health Funds'!K35 -> 0 | G35: ='Mental Retardation Funds'!O35 -> 8432.12 | I35: =SUM(B35:H35) -> 234988.95
A36: Interest | B36: ='AAA Funds'!F36 -> 1171.5 | C36: ='RSVP Funds'!F36 -> 38.21 | D36: ='CYS Funds'!R36 -> 86.17 | E36: ='Substance Abuse'!I36 -> 828.22 | F36: ='Mental Health Funds'!K36 -> 42.98 | G36: ='Mental Retardation Funds'!O36 -> 4294.77 | I36: =SUM(B36:H36) -> 6461.85
A37: Other | B37: ='AAA Funds'!F37 -> 820 | C37: ='RSVP Funds'!F37 -> 0 | D37: ='CYS Funds'!R37 -> 242773.96 | E37: ='Substance Abuse'!I37 -> 0 | F37: ='Mental Health Funds'!K37 -> 53601.34 | G37: ='Mental Retardation Funds'!O37 -> 17158 | I37: =SUM(B37:H37) -> 314353.3
A38: Total Revenues | B38: ='AAA Funds'!F38 -> 2158128.2 | C38: ='RSVP Funds'!F38 -> 38.21 | D38: ='CYS Funds'!R38 -> 9060081.2 | E38: ='Substance Abuse'!I38 -> 1219699 | F38: ='Mental Health Funds'!K38 -> 3237463.7 | G38: ='Mental Retardation Funds'!O38 -> 2032994.7 | I38: =SUM(B38:H38) -> 17708405
A40: Expenditures
A41: General gvt - administration | B41: ='AAA Funds'!F41 -> 0 | C41: ='RSVP Funds'!F41 -> 0 | D41: ='CYS Funds'!R41 -> 0 | E41: ='Substance Abuse'!I41 -> 0 | F41: ='Mental Health Funds'!K41 -> 0 | G41: ='Mental Retardation Funds'!O41 -> 0 | I41: =SUM(B41:H41) -> 0
A42: General gvt - judicial | B42: ='AAA Funds'!F42 -> 0 | C42: ='RSVP Funds'!F42 -> 0 | D42: ='CYS Funds'!R42 -> 0 | E42: ='Substance Abuse'!I42 -> 0 | F42: ='Mental Health Funds'!K42 -> 0 | G42: ='Mental Retardation Funds'!O42 -> 0 | I42: =SUM(B42:H42) -> 0
A43: Public safety | B43: ='AAA Funds'!F43 -> 0 | C43: ='RSVP Funds'!F43 -> 0 | D43: ='CYS Funds'!R43 -> 0 | E43: ='Substance Abuse'!I43 -> 0 | F43: ='Mental Health Funds'!K43 -> 0 | G43: ='Mental Retardation Funds'!O43 -> 0 | I43: =SUM(B43:H43) -> 0
A44: Public works and enterprises | B44: ='AAA Funds'!F44 -> 0 | C44: ='RSVP Funds'!F44 -> 0 | D44: ='CYS Funds'!R44 -> 0 | E44: ='Substance Abuse'!I44 -> 0 | F44: ='Mental Health Funds'!K44 -> 0 | G44: ='Mental Retardation Funds'!O44 -> 0 | I44: =SUM(B44:H44) -> 0
A45: Human services | B45: ='AAA Funds'!F45 -> 2066166.9 | C45: ='RSVP Funds'!F45 -> 0 | D45: ='CYS Funds'!R45 -> 9847797.9 | E45: ='Substance Abuse'!I45 -> 1175131.6 | F45: ='Mental Health Funds'!K45 -> 3115553.2 | G45: ='Mental Retardation Funds'!O45 -> 1891924.3 | I45: =SUM(B45:H45) -> 18096574
A46: Conservation and Development | B46: ='AAA Funds'!F46 -> 0 | C46: ='RSVP Funds'!F46 -> 0 | D46: ='CYS Funds'!R46 -> 0 | E46: ='Substance Abuse'!I46 -> 0 | F46: ='Mental Health Funds'!K46 -> 0 | G46: ='Mental Retardation Funds'!O46 -> 0 | I46: =SUM(B46:H46) -> 0
A47: Total Expenditures | B47: ='AAA Funds'!F47 -> 2066166.9 | C47: ='RSVP Funds'!F47 -> 0 | D47: ='CYS Funds'!R47 -> 9847797.9 | E47: ='Substance Abuse'!I47 -> 1175131.6 | F47: ='Mental Health Funds'!K47 -> 3115553.2 | G47: ='Mental Retardation Funds'!O47 -> 1891924.3 | I47: =SUM(B47:H47) -> 18096574
A49: Excess (Deficiency) | B49: ='AAA Funds'!F49 -> 91961.31 | C49: ='RSVP Funds'!F49 -> 38.21 | D49: ='CYS Funds'!R49 -> -787716.7 | E49: ='Substance Abuse'!I49 -> 44567.43 | F49: ='Mental Health Funds'!K49 -> 121910.54 | G49: ='Mental Retardation Funds'!O49 -> 141070.4 | I49: =SUM(B49:H49) -> -388168.81
A51: Sale of Fixed Assets | B51: ='AAA Funds'!F51 -> 10620 | C51: ='RSVP Funds'!F51 -> 0 | D51: ='CYS Funds'!R51 -> 3060 | E51: ='Substance Abuse'!I51 -> 0 | F51: ='Mental Health Funds'!K51 -> 6840 | G51: ='Mental Retardation Funds'!O51 -> 0 | I51: =SUM(B51:H51) -> 20520
A52: Transfers In | B52: ='AAA Funds'!F52 -> 46547 | C52: ='RSVP Funds'!F52 -> 0 | D52: ='CYS Funds'!R52 -> 1200040 | E52: ='Substance Abuse'!I52 -> 51261.75 | F52: ='Mental Health Funds'!K52 -> 586.9 | G52: ='Mental Retardation Funds'!O52 -> 38506.01 | I52: =SUM(B52:H52) -> 1336941.7
A53: Transfers Out | B53: ='AAA Funds'!F53 -> 149128.31 | C53: ='RSVP Funds'!F53 -> 0 | D53: ='CYS Funds'!R53 -> 420026.67 | E53: ='Substance Abuse'!I53 -> 96207.76 | F53: ='Mental Health Funds'!K53 -> 129337.02 | G53: ='Mental Retardation Funds'!O53 -> 179576.41 | I53: =SUM(B53:H53) -> 974276.17
A54: Total Other | B54: ='AAA Funds'!F54 -> -91961.31 | C54: ='RSVP Funds'!F54 -> 0 | D54: ='CYS Funds'!R54 -> 783073.33 | E54: ='Substance Abuse'!I54 -> -44946.01 | F54: ='Mental Health Funds'!K54 -> -121910.12 | G54: ='Mental Retardation Funds'!O54 -> -141070.4 | I54: =SUM(B54:H54) -> 383185.49
A56: Net Change in Fund Balance | B56: ='AAA Funds'!F56 -> 0 | C56: ='RSVP Funds'!F56 -> 38.21 | D56: ='CYS Funds'!R56 -> -4643.37 | E56: ='Substance Abuse'!I56 -> -378.58 | F56: ='Mental Health Funds'!K56 -> 0.42 | G56: ='Mental Retardation Funds'!O56 -> 2.712477e-10 | I56: =I49+I54 -> -4983.32
A57: Fund Balance - Beginning | B57: ='AAA Funds'!F57 -> -0.71 | C57: ='RSVP Funds'!F57 -> 18606.92 | D57: ='CYS Funds'!R57 -> 36212.99 | E57: ='Substance Abuse'!I57 -> 295571.98 | F57: ='Mental Health Funds'!K57 -> -0.88 | G57: ='Mental Retardation Funds'!O57 -> 0.77 | I57: =I58-I56 -> 350391.07
A58: Fund Balance - End of Year | B58: ='AAA Funds'!F58 -> -0.71 | C58: ='RSVP Funds'!F58 -> 18645.13 | D58: ='CYS Funds'!R58 -> 31569.62 | E58: ='Substance Abuse'!I58 -> 295193.4 | F58: ='Mental Health Funds'!K58 -> -0.46 | G58: ='Mental Retardation Funds'!O58 -> 0.77 | I58: =I28 -> 345407.75

Sheet Other Government
A1: Other Governmental Funds
A2: Combining Balance sheet and Statement of Revenue & Expenses
A3: ='ALL GOVERNMENT FUNDS'!A3 -> 43830
B5: Liquid Fuels 2000 | C5: Affordable Housing 2020 | D5: Airport 2100/2150/ 2050 | E5: Hazmat 2200 | F5: Planning/ Marcellus 2790 | G5: Register and Recorder 2770 | I5: Court Constable 2400 | J5: Adj for Court Constable | K5: Adj Court Constable | L5: Offender ID 2450 | M5: Juevenile Court 2460 | N5: County Records 2750 | O5: Prothonotary 2760 | P5: Adjustments to Prothonotary | Q5: Adj Prothonotary | R5: CDBG 1720/2579 | S5: CSBG 1710 | T5: ADJ | U5: Adjusted CSBG | V5: OEO-SWP 1730 | W5: ADJ | X5: Adjusted OEO-SWP | Y5: OEO Weather 1900/1910/1920 | Z5: OEO-Other 1740-1790 | AA5: Transportation 1810/1820/1830/1840/7580 & 7581/7582 | AB5: Special Purpose 7100/7150/ 7540 | AD5: Adoption 7250 | AE5: Domestic Relations 7700 | AF5: ADJ | AG5: Adjusted Domestic Relations | AH5: 911 2252/2250 | AI5: TOTAL OTHER GVT
A7: Assets
A8: Cash & cash equivalents | B8: 1396466.5 | C8: 16237.4 | D8: ='Airport Funds'!I8 -> -217577.51 | E8: 84740.23 | F8: 339366.45 | G8: 43126.07 | I8: 311827.72 | K8: =SUM(I8:J8) -> 311827.72 | L8: 480086.37 | M8: 9179.02 | N8: 35588.52 | O8: 17874.33 | Q8: =SUM(O8:P8) -> 17874.33 | R8: =CDBG!H8 -> -65191.91 | S8: -40120.31 | U8: =S8+T8 -> -40120.31 | V8: -72502.26 | X8: =V8+W8 -> -72502.26 | Y8: ='OEO-Weatherization'!H8 -> 30141.61 | Z8: ='OEO-Other'!Y8 -> 729552.05 | AA8: ='Transportation Fund'!Y8 -> -206733.41 | AB8: ='Special Purpose '!E8 -> 173884.34 | AD8: 11261.01 | AE8: 738564.24 | AG8: =AE8+AF8 -> 738564.24 | AH8: ='911'!H8 -> 564948.45 | AI8: =B8+C8+D8+E8+F8+G8+K8+L8+M8+N8+Q8+R8+U8+X8+Y8+Z8+AA8+AB8+AD8+AG8+AH8 -> 4380719
A9: A/R | D9: ='Airport Funds'!I9 -> 439142.49 | E9: 1375 | K9: =SUM(I9:J9) -> 0 | Q9: =SUM(O9:P9) -> 0 | R9: =CDBG!H9 -> 0 | S9: =99444-99444 -> 0 | U9: =S9+T9 -> 0 | V9: 80457.25 | X9: =V9+W9 -> 80457.25 | Y9: ='OEO-Weatherization'!H9 -> 1501 | Z9: ='OEO-Other'!Y9 -> 9114.66 | AA9: ='Transportation Fund'!Y9 -> 0 | AB9: ='Special Purpose '!E9 -> 0 | AE9: 134039 | AG9: =AE9+AF9 -> 134039 | AH9: ='911'!H9 -> 372561.74 | AI9: =B9+C9+D9+E9+F9+G9+K9+L9+M9+N9+Q9+R9+U9+X9+Y9+Z9+AA9+AB9+AD9+AG9+AH9 -> 1038191.1
A10: Due from Other Funds | C10: 8398.17 | D10: ='Airport Funds'!I10 -> 0 | I10: 556.82 | K10: =SUM(I10:J10) -> 556.82 | L10: 5797.04 | M10: 142.94 | O10: 568.27 | Q10: =SUM(O10:P10) -> 568.27 | R10: =CDBG!H10 -> 0 | S10: 3256.84 | U10: =S10+T10 -> 3256.84 | V10: 1094.5 | X10: =V10+W10 -> 1094.5 | Y10: ='OEO-Weatherization'!H10 -> 1458.2 | Z10: ='OEO-Other'!Y10 -> 4781.33 | AA10: ='Transportation Fund'!Y10 -> 1343.58 | AB10: ='Special Purpose '!E10 -> 0 | AG10: =AE10+AF10 -> 0 | AH10: ='911'!H10 -> 0 | AI10: =B10+C10+D10+E10+F10+G10+K10+L10+M10+N10+Q10+R10+U10+X10+Y10+Z10+AA10+AB10+AD10+AG10+AH10 -> 27397.69
A11: Due from Other Governments | D11: ='Airport Funds'!I11 -> 0 | K11: =SUM(I11:J11) -> 0 | Q11: =SUM(O11:P11) -> 0 | R11: =CDBG!H11 -> 123446.76 | S11: 99444 | U11: =S11+T11 -> 99444 | X11: =V11+W11 -> 0 | Y11: ='OEO-Weatherization'!H11 -> 2641 | Z11: ='OEO-Other'!Y11 -> 12668.97 | AA11: ='Transportation Fund'!Y11 -> 315494.23 | AB11: ='Special Purpose '!E11 -> 0 | AE11: =134039-134039 -> 0 | AG11: =AE11+AF11 -> 0 | AH11: ='911'!H11 -> 0 | AI11: =B11+C11+D11+E11+F11+G11+K11+L11+M11+N11+Q11+R11+U11+X11+Y11+Z11+AA11+AB11+AD11+AG11+AH11 -> 553694.96
A12: Prepaids | D12: ='Airport Funds'!I12 -> 69415.11 | K12: =SUM(I12:J12) -> 0 | Q12: =SUM(O12:P12) -> 0 | R12: =CDBG!H12 -> 0 | S12: =3256.84-3256.84 -> 0 | U12: =S12+T12 -> 0 | V12: =1094.5-1094.5 -> 0 | X12: =V12+W12 -> 0 | Y12: ='OEO-Weatherization'!H12 -> 0 | Z12: ='OEO-Other'!Y12 -> 0 | AA12: ='Transportation Fund'!Y12 -> 0 | AB12: ='Special Purpose '!E12 -> 3000 | AG12: =AE12+AF12 -> 0 | AH12: ='911'!H12 -> 0 | AI12: =B12+C12+D12+E12+F12+G12+K12+L12+M12+N12+Q12+R12+U12+X12+Y12+Z12+AA12+AB12+AD12+AG12+AH12 -> 72415.11
A13: Total Assets | B13: =SUM(B8:B12) -> 1396466.5 | C13: =SUM(C8:C12) -> 24635.57 | D13: ='Airport Funds'!I13 -> 290980.09 | E13: =SUM(E8:E12) -> 86115.23 | F13: =SUM(F8:F12) -> 339366.45 | G13: =SUM(G8:G12) -> 43126.07 | I13: =SUM(I8:I12) -> 312384.54 | J13: =SUM(J8:J12) -> 0 | K13: =SUM(K8:K12) -> 312384.54 | L13: =SUM(L8:L12) -> 485883.41 | M13: =SUM(M8:M12) -> 9321.96 | N13: =SUM(N8:N12) -> 35588.52 | O13: =SUM(O8:O12) -> 18442.6 | P13: =SUM(P8:P12) -> 0 | Q13: =SUM(O13:P13) -> 18442.6 | R13: =CDBG!H13 -> 58254.85 | S13: =ROUND(SUM(S8:S12),2) -> 62580.53 | T13: =SUM(T8:T12) -> 0 | U13: =S13+T13 -> 62580.53 | V13: =SUM(V8:V12) -> 9049.49 | W13: =SUM(W8:W12) -> 0 | X13: =V13+W13 -> 9049.49 | Y13: ='OEO-Weatherization'!H13 -> 35741.81 | Z13: ='OEO-Other'!Y13 -> 756117.01 | AA13: ='Transportation Fund'!Y13 -> 110104.4 | AB13: ='Special Purpose '!E13 -> 176884.34 | AD13: =SUM(AD8:AD12) -> 11261.01 | AE13: =SUM(AE8:AE12) -> 872603.24 | AF13: =SUM(AF8:AF12) -> 0 | AG13: =AE13+AF13 -> 872603.24 | AH13: ='911'!H13 -> 937510.19 | AI13: =B13+C13+D13+E13+F13+G13+K13+L13+M13+N13+Q13+R13+U13+X13+Y13+Z13+AA13+AB13+AD13+AG13+AH13 -> 6072417.9
K14: =SUM(I14:J14) -> 0 | Q14: =SUM(O14:P14) -> 0
A15: Liabilities | K15: =SUM(I15:J15) -> 0 | Q15: =SUM(O15:P15) -> 0
A16: A/P | B16: 5812.5 | D16: ='Airport Funds'!I16 -> 229723.3 | I16: 1076.23 | K16: =SUM(I16:J16) -> 1076.23 | L16: 40.04 | N16: 707.07 | Q16: =SUM(O16:P16) -> 0 | R16: =CDBG!H16 -> 0 | S16: 18530.7 | U16: =S16+T16 -> 18530.7 | V16: 7230.77 | X16: =V16+W16 -> 7230.77 | Y16: ='OEO-Weatherization'!H16 -> 29.42 | Z16: ='OEO-Other'!Y16 -> 59539.05 | AA16: ='Transportation Fund'!Y16 -> 108763.73 | AB16: ='Special Purpose '!E16 -> 0 | AG16: =AE16+AF16 -> 0 | AH16: ='911'!H16 -> 195181.88 | AI16: =B16+C16+D16+E16+F16+G16+K16+L16+M16+N16+Q16+R16+U16+X16+Y16+Z16+AA16+AB16+AD16+AG16+AH16 -> 626634.69
A17: Accrued Payroll | D17: ='Airport Funds'!I17 -> 0 | K17: =SUM(I17:J17) -> 0 | Q17: =SUM(O17:P17) -> 0 | R17: =CDBG!H17 -> 0 | S17: 5468.34 | U17: =S17+T17 -> 5468.34 | V17: 714.14 | X17: =V17+W17 -> 714.14 | Y17: ='OEO-Weatherization'!H17 -> 157.06 | Z17: ='OEO-Other'!Y17 -> 15227.76 | AA17: ='Transportation Fund'!Y17 -> 1340.79 | AB17: ='Special Purpose '!E17 -> 0 | AG17: =AE17+AF17 -> 0 | AH17: ='911'!H17 -> 21213.92 | AI17: =B17+C17+D17+E17+F17+G17+K17+L17+M17+N17+Q17+R17+U17+X17+Y17+Z17+AA17+AB17+AD17+AG17+AH17 -> 44122.01
A18: Due to other Funds | D18: ='Airport Funds'!I18 -> 0 | K18: =SUM(I18:J18) -> 0 | Q18: =SUM(O18:P18) -> 0 | R18: =CDBG!H18 -> 0 | U18: =S18+T18 -> 0 | X18: =V18+W18 -> 0 | Y18: ='OEO-Weatherization'!H18 -> 0 | Z18: ='OEO-Other'!Y18 -> 0 | AA18: ='Transportation Fund'!Y18 -> 0 | AB18: ='Special Purpose '!E18 -> 0 | AG18: =AE18+AF18 -> 0 | AH18: ='911'!H18 -> 0 | AI18: =B18+C18+D18+E18+F18+G18+K18+L18+M18+N18+Q18+R18+U18+X18+Y18+Z18+AA18+AB18+AD18+AG18+AH18 -> 0
A19: Due to Other Governments | D19: ='Airport Funds'!I18 -> 0 | K19: =SUM(I19:J19) -> 0 | Q19: =SUM(O19:P19) -> 0 | R19: 0 | U19: =S19+T19 -> 0 | X19: =V19+W19 -> 0 | Y19: 0 | Z19: 0 | AA19: 0 | AB19: ='Special Purpose '!E18 -> 0 | AG19: =AE19+AF19 -> 0 | AH19: ='911'!H18 -> 0 | AI19: =B19+C19+D19+E19+F19+G19+K19+L19+M19+N19+Q19+R19+U19+X19+Y19+Z19+AA19+AB19+AD19+AG19+AH19 -> 0
A20: Deferred Revenue | D20: ='Airport Funds'!I19 -> 0 | K20: =SUM(I20:J20) -> 0 | Q20: =SUM(O20:P20) -> 0 | R20: =CDBG!H19 -> 0 | S20: 38585 | U20: =S20+T20 -> 38585 | V20: 1023.39 | W20: 81 | X20: =V20+W20 -> 1104.39 | Y20: ='OEO-Weatherization'!H19 -> 35555.63 | Z20: ='OEO-Other'!Y19 -> 668162.94 | AA20: ='Transportation Fund'!Y20 -> 0 | AB20: ='Special Purpose '!E19 -> 0 | AG20: =AE20+AF20 -> 0 | AH20: ='911'!H19 -> 632466.88 | AI20: =B20+C20+D20+E20+F20+G20+K20+L20+M20+N20+Q20+R20+U20+X20+Y20+Z20+AA20+AB20+AD20+AG20+AH20 -> 1375874.8
A21: Total Liabilities | B21: =SUM(B16:B20) -> 5812.5 | C21: =SUM(C16:C20) -> 0 | D21: ='Airport Funds'!I20 -> 229723.3 | E21: =SUM(E16:E20) -> 0 | F21: =SUM(F16:F20) -> 0 | G21: =SUM(G16:G20) -> 0 | I21: =SUM(I16:I20) -> 1076.23 | J21: =SUM(J16:J20) -> 0 | K21: =SUM(I21:J21) -> 1076.23 | L21: =SUM(L16:L20) -> 40.04 | M21: =SUM(M16:M20) -> 0 | N21: =SUM(N16:N20) -> 707.07 | O21: =SUM(O16:O20) -> 0 | P21: =SUM(P16:P20) -> 0 | Q21: =SUM(O21:P21) -> 0 | R21: =SUM(R16:R20) -> 0 | S21: =SUM(S16:S20) -> 62584.04 | T21: =SUM(T16:T20) -> 0 | U21: =S21+T21 -> 62584.04 | V21: =SUM(V16:V20) -> 8968.3 | W21: =SUM(W16:W20) -> 81 | X21: =V21+W21 -> 9049.3 | Y21: ='OEO-Weatherization'!H20 -> 35742.11 | Z21: ='OEO-Other'!Y20 -> 742929.75 | AA21: ='Transportation Fund'!Y21 -> 110104.52 | AB21: ='Special Purpose '!E20 -> 0 | AD21: =SUM(AD16:AD20) -> 0 | AE21: =SUM(AE16:AE20) -> 0 | AF21: =SUM(AF16:AF20) -> 0 | AG21: =AE21+AF21 -> 0 | AH21: ='911'!H20 -> 848862.68 | AI21: =B21+C21+D21+E21+F21+G21+K21+L21+M21+N21+Q21+R21+U21+X21+Y21+Z21+AA21+AB21+AD21+AG21+AH21 -> 2046631.5
K22: =SUM(I22:J22) -> 0 | Q22: =SUM(O22:P22) -> 0
A23: Fund Balance | K23: =SUM(I23:J23) -> 0 | Q23: =SUM(O23:P23) -> 0
A24: Restricted: | K24: =SUM(I24:J24) -> 0 | Q24: =SUM(O24:P24) -> 0 | R24: =CDBG!H23 -> 0
A25: Operating Reserve | D25: ='Airport Funds'!I24 -> 0 | K25: =SUM(I25:J25) -> 0 | Q25: =SUM(O25:P25) -> 0 | X25: =V25+W25 -> 0 | Y25: ='OEO-Weatherization'!H24 -> 0 | Z25: ='OEO-Other'!Y24 -> 0 | AA25: ='Transportation Fund'!Y25 -> 0 | AB25: ='Special Purpose '!E24 -> 0 | AG25: =AE25+AF25 -> 0 | AH25: ='911'!H24 -> 0 | AI25: =B25+C25+D25+E25+F25+G25+K25+L25+M25+N25+Q25+R25+U25+X25+Y25+Z25+AA25+AB25+AD25+AG25+AH25 -> 0
A26: Human services | D26: ='Airport Funds'!I25 -> 0 | K26: =SUM(I26:J26) -> 0 | Q26: =SUM(O26:P26) -> 0 | X26: =V26+W26 -> 0 | Y26: ='OEO-Weatherization'!H25 -> 0 | Z26: ='OEO-Other'!Y25 -> 0 | AA26: ='Transportation Fund'!Y26 -> 0 | AB26: ='Special Purpose '!E25 -> 40213.88 | AG26: =AE26+AF26 -> 0 | AH26: ='911'!H25 -> 0 | AI26: =B26+C26+D26+E26+F26+G26+K26+L26+M26+N26+Q26+R26+U26+X26+Y26+Z26+AA26+AB26+AD26+AG26+AH26 -> 40213.88
A27: Roads and Bridges | B27: 1390654 | D27: ='Airport Funds'!I26 -> 0 | K27: =SUM(I27:J27) -> 0 | Q27: =SUM(O27:P27) -> 0 | X27: =V27+W27 -> 0 | Y27: ='OEO-Weatherization'!H26 -> 0 | Z27: ='OEO-Other'!Y26 -> 0 | AA27: ='Transportation Fund'!Y27 -> 0 | AB27: ='Special Purpose '!E26 -> 0 | AG27: =AE27+AF27 -> 0 | AH27: ='911'!H26 -> 0 | AI27: =B27+C27+D27+E27+F27+G27+K27+L27+M27+N27+Q27+R27+U27+X27+Y27+Z27+AA27+AB27+AD27+AG27+AH27 -> 1390654
A28: Affordable housing | C28: 24635.57 | D28: ='Airport Funds'!I27 -> 0 | K28: =SUM(I28:J28) -> 0 | Q28: =SUM(O28:P28) -> 0 | X28: =V28+W28 -> 0 | Y28: ='OEO-Weatherization'!H27 -> 0 | Z28: ='OEO-Other'!Y27 -> 0 | AA28: ='Transportation Fund'!Y28 -> 0 | AB28: ='Special Purpose '!E27 -> 0 | AG28: =AE28+AF28 -> 0 | AH28: ='911'!H27 -> 0 | AI28: =B28+C28+D28+E28+F28+G28+K28+L28+M28+N28+Q28+R28+U28+X28+Y28+Z28+AA28+AB28+AD28+AG28+AH28 -> 24635.57
A29: Hazardous materials | E29: 86115.23 | AI29: =B29+C29+D29+E29+F29+G29+K29+L29+M29+N29+Q29+R29+U29+X29+Y29+Z29+AA29+AB29+AD29+AG29+AH29 -> 86115.23
A30: 911 | AH30: ='911'!H40 -> 88647.51 | AI30: =B30+C30+D30+E30+F30+G30+K30+L30+M30+N30+Q30+R30+U30+X30+Y30+Z30+AA30+AB30+AD30+AG30+AH30 -> 88647.51
A31: Act 13 | D31: ='Airport Funds'!I28 -> 0 | F31: 339366.45 | K31: =SUM(I31:J31) -> 0 | Q31: =SUM(O31:P31) -> 0 | X31: =V31+W31 -> 0 | Y31: ='OEO-Weatherization'!H28 -> 0 | Z31: ='OEO-Other'!Y28 -> 0 | AA31: ='Transportation Fund'!Y29 -> 0 | AB31: ='Special Purpose '!E28 -> 0 | AG31: =AE31+AF31 -> 0 | AH31: ='911'!H28 -> 0 | AI31: =B31+C31+D31+E31+F31+G31+K31+L31+M31+N31+Q31+R31+U31+X31+Y31+Z31+AA31+AB31+AD31+AG31+AH31 -> 339366.45
A32: Constable server fees | D32: ='Airport Funds'!I29 -> 0 | I32: 311308.31 | K32: =SUM(I32:J32) -> 311308.31 | Q32: =SUM(O32:P32) -> 0 | X32: =V32+W32 -> 0 | Y32: ='OEO-Weatherization'!H29 -> 0 | Z32: ='OEO-Other'!Y29 -> 0 | AA32: ='Transportation Fund'!Y30 -> 0 | AB32: ='Special Purpose '!E29 -> 0 | AG32: =AE32+AF32 -> 0 | AH32: ='911'!H29 -> 0 | AI32: =B32+C32+D32+E32+F32+G32+K32+L32+M32+N32+Q32+R32+U32+X32+Y32+Z32+AA32+AB32+AD32+AG32+AH32 -> 311308.31
A33: Offender identification | D33: ='Airport Funds'!I30 -> 0 | K33: =SUM(I33:J33) -> 0 | L33: 485843.37 | Q33: =SUM(O33:P33) -> 0 | X33: =V33+W33 -> 0 | Y33: ='OEO-Weatherization'!H30 -> 0 | Z33: ='OEO-Other'!Y30 -> 0 | AA33: ='Transportation Fund'!Y31 -> 0 | AB33: ='Special Purpose '!E30 -> 0 | AG33: =AE33+AF33 -> 0 | AH33: ='911'!H30 -> 0 | AI33: =B33+C33+D33+E33+F33+G33+K33+L33+M33+N33+Q33+R33+U33+X33+Y33+Z33+AA33+AB33+AD33+AG33+AH33 -> 485843.37
A34: Juvenile court restitution | M34: 9321.96 | AI34: =B34+C34+D34+E34+F34+G34+K34+L34+M34+N34+Q34+R34+U34+X34+Y34+Z34+AA34+AB34+AD34+AG34+AH34 -> 9321.96
A35: Records improvement | D35: ='Airport Funds'!I31 -> 0 | K35: =SUM(I35:J35) -> 0 | N35: 34881.45 | O35: 18442.6 | Q35: =SUM(O35:P35) -> 18442.6 | X35: =V35+W35 -> 0 | Y35: ='OEO-Weatherization'!H31 -> 0 | Z35: ='OEO-Other'!Y31 -> 0 | AA35: ='Transportation Fund'!Y32 -> 0 | AB35: ='Special Purpose '!E31 -> 0 | AG35: =AE35+AF35 -> 0 | AH35: ='911'!H31 -> 0 | AI35: =B35+C35+D35+E35+F35+G35+K35+L35+M35+N35+Q35+R35+U35+X35+Y35+Z35+AA35+AB35+AD35+AG35+AH35 -> 53324.05
A36: Sugar Valley Lodge | D36: ='Airport Funds'!I32 -> 0 | K36: =SUM(I36:J36) -> 0 | Q36: =SUM(O36:P36) -> 0 | X36: =V36+W36 -> 0 | Y36: ='OEO-Weatherization'!H32 -> 0 | Z36: ='OEO-Other'!Y32 -> 0 | AA36: ='Transportation Fund'!Y33 -> 0 | AB36: ='Special Purpose '!E32 -> 136670.46 | AG36: =AE36+AF36 -> 0 | AH36: ='911'!H32 -> 0 | AI36: =B36+C36+D36+E36+F36+G36+K36+L36+M36+N36+Q36+R36+U36+X36+Y36+Z36+AA36+AB36+AD36+AG36+AH36 -> 136670.46
A37: Adoption counseling | AD37: 11261.01 | AI37: =B37+C37+D37+E37+F37+G37+K37+L37+M37+N37+Q37+R37+U37+X37+Y37+Z37+AA37+AB37+AD37+AG37+AH37 -> 11261.01
A38: Domestic relations | D38: ='Airport Funds'!I33 -> 0 | K38: =SUM(I38:J38) -> 0 | Q38: =SUM(O38:P38) -> 0 | X38: =V38+W38 -> 0 | Y38: ='OEO-Weatherization'!H33 -> 0 | Z38: ='OEO-Other'!Y33 -> 0 | AA38: ='Transportation Fund'!Y34 -> 0 | AB38: ='Special Purpose '!E33 -> 0 | AE38: 872603.24 | AG38: =AE38+AF38 -> 872603.24 | AH38: ='911'!H33 -> 0 | AI38: =B38+C38+D38+E38+F38+G38+K38+L38+M38+N38+Q38+R38+U38+X38+Y38+Z38+AA38+AB38+AD38+AG38+AH38 -> 872603.24
A39: Demolitions | D39: ='Airport Funds'!I34 -> 0 | G39: 43126.07 | K39: =SUM(I39:J39) -> 0 | Q39: =SUM(O39:P39) -> 0 | X39: =V39+W39 -> 0 | Y39: ='OEO-Weatherization'!H34 -> 0 | Z39: ='OEO-Other'!Y34 -> 0 | AA39: ='Transportation Fund'!Y35 -> 0 | AB39: ='Special Purpose '!E34 -> 0 | AG39: =AE39+AF39 -> 0 | AH39: ='911'!H34 -> 0 | AI39: =B39+C39+D39+E39+F39+G39+K39+L39+M39+N39+Q39+R39+U39+X39+Y39+Z39+AA39+AB39+AD39+AG39+AH39 -> 43126.07
A40: Assigned: | D40: ='Airport Funds'!I35 -> 0 | K40: =SUM(I40:J40) -> 0 | Q40: =SUM(O40:P40) -> 0 | R40: =CDBG!H24 -> 0 | U40: =S40+T40 -> 0 | X40: =V40+W40 -> 0 | Y40: ='OEO-Weatherization'!H35 -> 0 | Z40: ='OEO-Other'!Y35 -> 0 | AA40: ='Transportation Fund'!Y36 -> 0 | AB40: ='Special Purpose '!E35 -> 0 | AG40: =AE40+AF40 -> 0 | AH40: ='911'!H35 -> 0 | AI40: =B40+C40+D40+E40+F40+G40+K40+L40+M40+N40+Q40+R40+U40+X40+Y40+Z40+AA40+AB40+AD40+AG40+AH40 -> 0
A41: Capital Projects | D41: ='Airport Funds'!I36 -> 0 | K41: =SUM(I41:J41) -> 0 | Q41: =SUM(O41:P41) -> 0 | U41: =S41+T41 -> 0 | X41: =V41+W41 -> 0 | Y41: ='OEO-Weatherization'!H36 -> 0 | Z41: ='OEO-Other'!Y36 -> 0 | AA41: ='Transportation Fund'!Y37 -> 0 | AB41: ='Special Purpose '!E36 -> 0 | AG41: =AE41+AF41 -> 0 | AH41: ='911'!H36 -> 0 | AI41: =B41+C41+D41+E41+F41+G41+K41+L41+M41+N41+Q41+R41+U41+X41+Y41+Z41+AA41+AB41+AD41+AG41+AH41 -> 0
A42: Substance abuse | D42: ='Airport Funds'!I37 -> 0 | K42: =SUM(I42:J42) -> 0 | Q42: =SUM(O42:P42) -> 0 | U42: =S42+T42 -> 0 | X42: =V42+W42 -> 0 | Y42: ='OEO-Weatherization'!H37 -> 0 | Z42: ='OEO-Other'!Y37 -> 0 | AA42: ='Transportation Fund'!Y38 -> 0 | AB42: ='Special Purpose '!E37 -> 0 | AG42: =AE42+AF42 -> 0 | AH42: ='911'!H37 -> 0 | AI42: =B42+C42+D42+E42+F42+G42+K42+L42+M42+N42+Q42+R42+U42+X42+Y42+Z42+AA42+AB42+AD42+AG42+AH42 -> 0
A43: Airport operations | D43: ='Airport Funds'!I38 -> 61256.79 | K43: =SUM(I43:J43) -> 0 | Q43: =SUM(O43:P43) -> 0 | U43: =S43+T43 -> 0 | X43: =V43+W43 -> 0 | Y43: ='OEO-Weatherization'!H38 -> 0 | Z43: ='OEO-Other'!Y38 -> 0 | AA43: ='Transportation Fund'!Y39 -> 0 | AB43: ='Special Purpose '!E38 -> 0 | AG43: =AE43+AF43 -> 0 | AH43: ='911'!H38 -> 0 | AI43: =B43+C43+D43+E43+F43+G43+K43+L43+M43+N43+Q43+R43+U43+X43+Y43+Z43+AA43+AB43+AD43+AG43+AH43 -> 61256.79
A44: Community action | D44: ='Airport Funds'!I39 -> 0 | G44: =43126.07-43126.07 -> 0 | K44: =SUM(I44:J44) -> 0 | Q44: =SUM(O44:P44) -> 0 | S44: -3.51 | U44: =S44+T44 -> -3.51 | V44: 81.19 | W44: -81 | X44: =V44+W44 -> 0.19 | Y44: ='OEO-Weatherization'!H39 -> -0.3 | Z44: ='OEO-Other'!Y39 -> 13187.26 | AA44: ='Transportation Fund'!Y40 -> -0.12 | AB44: ='Special Purpose '!E39 -> 0 | AG44: =AE44+AF44 -> 0 | AH44: ='911'!H39 -> 0 | AI44: =B44+C44+D44+E44+F44+G44+K44+L44+M44+N44+Q44+R44+U44+X44+Y44+Z44+AA44+AB44+AD44+AG44+AH44 -> 13183.52
A45: Unreserved | D45: ='Airport Funds'!I40 -> 0 | K45: =SUM(I45:J45) -> 0 | Q45: =SUM(O45:P45) -> 0 | R45: =CDBG!H25 -> 58254.85 | U45: =S45+T45 -> 0 | X45: =V45+W45 -> 0 | Y45: ='OEO-Weatherization'!H40 -> 0 | Z45: ='OEO-Other'!Y40 -> 0 | AA45: ='Transportation Fund'!Y41 -> 0 | AB45: ='Special Purpose '!E40 -> 0 | AG45: =AE45+AF45 -> 0 | AH45: ='Airport Funds'!I40 -> 0 | AI45: =B45+C45+D45+E45+F45+G45+K45+L45+M45+N45+Q45+R45+U45+X45+Y45+Z45+AA45+AB45+AD45+AG45+AH45 -> 58254.85
A46: Total Fund Balance | B46: =SUM(B24:B45) -> 1390654 | C46: =SUM(C24:C45) -> 24635.57 | D46: ='Airport Funds'!I41 -> 61256.79 | E46: =SUM(E24:E45) -> 86115.23 | F46: =SUM(F24:F45) -> 339366.45 | G46: =SUM(G24:G45) -> 43126.07 | I46: =SUM(I24:I45) -> 311308.31 | J46: =SUM(J24:J45) -> 0 | K46: =SUM(I46:J46) -> 311308.31 | L46: =SUM(L24:L45) -> 485843.37 | M46: =SUM(M24:M45) -> 9321.96 | N46: =SUM(N24:N45) -> 34881.45 | O46: =SUM(O24:O45) -> 18442.6 | P46: =SUM(P24:P45) -> 0 | Q46: =SUM(O46:P46) -> 18442.6 | R46: =CDBG!H26 -> 58254.85 | S46: =SUM(S24:S45) -> -3.51 | T46: =SUM(T24:T45) -> 0 | U46: =S46+T46 -> -3.51 | V46: =SUM(V24:V45) -> 81.19 | W46: =SUM(W24:W45) -> -81 | X46: =V46+W46 -> 0.19 | Y46: ='OEO-Weatherization'!H41 -> -0.3 | Z46: ='OEO-Other'!Y41 -> 13187.26 | AA46: ='Transportation Fund'!Y42 -> -0.12 | AB46: ='Special Purpose '!E41 -> 176884.34 | AD46: =SUM(AD24:AD45) -> 11261.01 | AE46: =SUM(AE24:AE45) -> 872603.24 | AF46: =SUM(AF24:AF45) -> 0 | AG46: =AE46+AF46 -> 872603.24 | AH46: ='911'!H41 -> 88647.51 | AI46: =B46+C46+D46+E46+F46+G46+K46+L46+M46+N46+Q46+R46+U46+X46+Y46+Z46+AA46+AB46+AD46+AG46+AH46 -> 4025786.3
K47: =SUM(I47:J47) -> 0 | Q47: =SUM(O47:P47) -> 0
A48: Total Liabilities & Fund Balance | B48: =B21+B46 -> 1396466.5 | C48: =C21+C46 -> 24635.57 | D48: ='Airport Funds'!I43 -> 290980.09 | E48: =E21+E46 -> 86115.23 | F48: =F21+F46 -> 339366.45 | G48: =G21+G46 -> 43126.07 | I48: =I21+I46 -> 312384.54 | J48: =J21+J46 -> 0 | K48: =K21+K46 -> 312384.54 | L48: =L21+L46 -> 485883.41 | M48: =M21+M46 -> 9321.96 | N48: =N21+N46 -> 35588.52 | O48: =O21+O46 -> 18442.6 | P48: =P21+P46 -> 0 | Q48: =SUM(O48:P48) -> 18442.6 | R48: =CDBG!H28 -> 58254.85 | S48: =S21+S46 -> 62580.53 | T48: =T21+T46 -> 0 | U48: =S48+T48 -> 62580.53 | V48: =V21+V46 -> 9049.49 | W48: =W21+W46 -> 0 | X48: =V48+W48 -> 9049.49 | Y48: ='OEO-Weatherization'!H43 -> 35741.81 | Z48: ='OEO-Other'!Y43 -> 756117.01 | AA48: ='Transportation Fund'!Y44 -> 110104.4 | AB48: ='Special Purpose '!E43 -> 176884.34 | AD48: =AD21+AD46 -> 11261.01 | AE48: =AE21+AE46 -> 872603.24 | AF48: =AF21+AF46 -> 0 | AG48: =AE48+AF48 -> 872603.24 | AH48: ='911'!H43 -> 937510.19 | AI48: =B48+C48+D48+E48+F48+G48+K48+L48+M48+N48+Q48+R48+U48+X48+Y48+Z48+AA48+AB48+AD48+AG48+AH48 -> 6072417.9
B49: =IF(B13=B48,"YES","NO") -> YES | C49: =IF(C13=C48,"YES","NO") -> YES | D49: =IF(D13=D48,"YES","NO") -> YES | E49: =IF(E13=E48,"YES","NO") -> YES | F49: =IF(F13=F48,"YES","NO") -> YES | G49: =IF(G13=G48,"YES","NO") -> YES | H49: =IF(H13=H48,"YES","NO") -> YES | I49: =IF(I13=I48,"YES","NO") -> YES | ... AI49: =IF(AI13=AI48,"YES","NO") -> YES
A50: Revenue | K50: =SUM(I50:J50) -> 0 | Q50: =SUM(O50:P50) -> 0
A51: Intergovermental | B51: =499018.1+77192.79 -> 576210.89 | D51: ='Airport Funds'!I46 -> 367056.03 | E51: 7042.91 | F51: 158509.39 | K51: =SUM(I51:J51) -> 0 | Q51: =SUM(O51:P51) -> 0 | R51: =CDBG!H31 -> 441218.52 | S51: 337560 | U51: =S51+T51 -> 337560 | V51: 158813.95 | W51: -81 | X51: =V51+W51 -> 158732.95 | Y51: ='OEO-Weatherization'!H46 -> 21770.37 | Z51: ='OEO-Other'!Y46 -> 814600.76 | AA51: ='Transportation Fund'!Y47 -> 1325753.2 | AB51: ='Special Purpose '!E46 -> 0 | AE51: 452939.97 | AF51: =-120886+6735+575 -> -113576 | AG51: =AE51+AF51 -> 339363.97 | AH51: ='911'!H46 -> 2722330.8 | AI51: =B51+C51+D51+E51+F51+G51+K51+L51+M51+N51+Q51+R51+U51+X51+Y51+Z51+AA51+AB51+AD51+AG51+AH51 -> 7270149.9
A52: Charges for Services | B52: =77192.79-77192.79 -> 0 | C52: =106.25+32714.4+5795.04 -> 38615.69 | D52: ='Airport Funds'!I47 -> 342112.74 | E52: 21750 | G52: 27420 | I52: 55916.34 | K52: =SUM(I52:J52) -> 55916.34 | L52: =2030+84724.61 -> 86754.61 | M52: 725.03 | N52: 11102 | O52: 8052.09 | Q52: =SUM(O52:P52) -> 8052.09 | R52: =CDBG!H32 -> 0 | U52: =S52+T52 -> 0 | X52: =V52+W52 -> 0 | Y52: ='OEO-Weatherization'!H47 -> 0 | Z52: ='OEO-Other'!Y47 -> 20 | AA52: ='Transportation Fund'!Y48 -> 0 | AB52: ='Special Purpose '!E47 -> 0 | AD52: 450 | AF52: 120886 | AG52: =AE52+AF52 -> 120886 | AH52: ='911'!H47 -> 0 | AI52: =B52+C52+D52+E52+F52+G52+K52+L52+M52+N52+Q52+R52+U52+X52+Y52+Z52+AA52+AB52+AD52+AG52+AH52 -> 713804.5
A53: Fines & Forfeits | C53: =5795.04-5795.04 -> 0 | K53: =SUM(I53:J53) -> 0 | L53: =84724.61-84724.61 -> 0 | U53: =S53+T53 -> 0 | Y53: ='OEO-Weatherization'!H48 -> 0 | Z53: ='OEO-Other'!Y48 -> 0 | AA53: ='Transportation Fund'!Y49 -> 0 | AH53: 0 | AI53: =B53+C53+D53+E53+F53+G53+K53+L53+M53+N53+Q53+R53+U53+X53+Y53+Z53+AA53+AB53+AD53+AG53+AH53 -> 0
A54: Interest | B54: 2952.16 | C54: 23.39 | D54: ='Airport Funds'!I48 -> 279.93 | E54: 203.52 | F54: 802.79 | G54: 76.65 | I54: 714.93 | K54: =SUM(I54:J54) -> 714.93 | L54: 1064.64 | M54: 20.15 | N54: 74.07 | O54: 56.49 | Q54: =SUM(O54:P54) -> 56.49 | R54: =CDBG!H33 -> 21.16 | U54: =S54+T54 -> 0 | X54: =V54+W54 -> 0 | Y54: ='OEO-Weatherization'!H49 -> 0 | Z54: ='OEO-Other'!Y49 -> 1646.48 | AA54: ='Transportation Fund'!Y50 -> 0 | AB54: ='Special Purpose '!E48 -> 12059.52 | AD54: 25.58 | AE54: 1669.11 | AG54: =AE54+AF54 -> 1669.11 | AH54: ='911'!H48 -> 4287.95 | AI54: =B54+C54+D54+E54+F54+G54+K54+L54+M54+N54+Q54+R54+U54+X54+Y54+Z54+AA54+AB54+AD54+AG54+AH54 -> 25978.52
A55: Other | D55: ='Airport Funds'!I49 -> 0 | K55: =SUM(I55:J55) -> 0 | Q55: =SUM(O55:P55) -> 0 | R55: =CDBG!H34 -> 0 | U55: =S55+T55 -> 0 | X55: =V55+W55 -> 0 | Y55: ='OEO-Weatherization'!H50 -> 0 | Z55: ='OEO-Other'!Y50 -> 8324.57 | AA55: ='Transportation Fund'!Y51 -> 0 | AB55: ='Special Purpose '!E49 -> 0 | AF55: 60 | AG55: =AE55+AF55 -> 60 | AH55: ='911'!H49 -> 0 | AI55: =B55+C55+D55+E55+F55+G55+K55+L55+M55+N55+Q55+R55+U55+X55+Y55+Z55+AA55+AB55+AD55+AG55+AH55 -> 8384.57
A56: Total Revenues | B56: =SUM(B51:B55) -> 579163.05 | C56: =SUM(C51:C55) -> 38639.08 | D56: =SUM(D51:D55) -> 709448.7 | E56: =SUM(E51:E55) -> 28996.43 | F56: =SUM(F51:F55) -> 159312.18 | G56: =SUM(G51:G55) -> 27496.65 | I56: =SUM(I51:I55) -> 56631.27 | J56: =SUM(J51:J55) -> 0 | K56: =SUM(I56:J56) -> 56631.27 | L56: =SUM(L51:L55) -> 87819.25 | M56: =SUM(M51:M55) -> 745.18 | N56: =SUM(N51:N55) -> 11176.07 | O56: =SUM(O51:O55) -> 8108.58 | P56: =SUM(P51:P55) -> 0 | Q56: =SUM(O56:P56) -> 8108.58 | R56: =CDBG!H35 -> 441239.68 | S56: =SUM(S51:S55) -> 337560 | T56: =SUM(T51:T55) -> 0 | U56: =S56+T56 -> 337560 | V56: =SUM(V51:V55) -> 158813.95 | W56: =SUM(W51:W55) -> -81 | X56: =V56+W56 -> 158732.95 | Y56: ='OEO-Weatherization'!H51 -> 21770.37 | Z56: ='OEO-Other'!Y51 -> 824591.81 | AA56: ='Transportation Fund'!Y52 -> 1325753.2 | AB56: ='Special Purpose '!E50 -> 12059.52 | AD56: =SUM(AD51:AD55) -> 475.58 | AE56: =SUM(AE51:AE55) -> 454609.08 | AF56: =SUM(AF51:AF55) -> 7370 | AG56: =AE56+AF56 -> 461979.08 | AH56: ='911'!H50 -> 2726618.8 | AI56: =B56+C56+D56+E56+F56+G56+K56+L56+M56+N56+Q56+R56+U56+X56+Y56+Z56+AA56+AB56+AD56+AG56+AH56 -> 8018317.4
K57: =SUM(I57:J57) -> 0
A58: Expenditures | K58: =SUM(I58:J58) -> 0
A59: General gvt - administration | G59: 4140.1 | K59: =SUM(I59:J59) -> 0 | N59: 4658.54 | P59: 17613.5 | Q59: =SUM(O59:P59) -> 17613.5 | R59: =CDBG!H38 -> 0 | U59: =S59+T59 -> 0 | X59: =V59+W59 -> 0 | Y59: ='OEO-Weatherization'!H54 -> 0 | Z59: ='OEO-Other'!Y54 -> 0 | AA59: ='Transportation Fund'!Y55 -> 0 | AB59: ='Special Purpose '!E53 -> 0 | AG59: =AE59+AF59 -> 0 | AH59: ='911'!H53 -> 0 | AI59: =B59+C59+D59+E59+F59+G59+K59+L59+M59+N59+Q59+R59+U59+X59+Y59+Z59+AA59+AB59+AD59+AG59+AH59 -> 26412.14
A60: General gvt - judicial | I60: 35142.22 | K60: =SUM(I60:J60) -> 35142.22 | L60: 47083.55 | O60: 17613.5 | P60: -17613.5 | Q60: =SUM(O60:P60) -> 0 | R60: =CDBG!H39 -> 0 | U60: =S60+T60 -> 0 | X60: =V60+W60 -> 0 | Y60: ='OEO-Weatherization'!H55 -> 0 | Z60: ='OEO-Other'!Y55 -> 0 | AA60: ='Transportation Fund'!Y56 -> 0 | AB60: ='Special Purpose '!E54 -> 0 | AF60: 500352 | AG60: =AE60+AF60 -> 500352 | AH60: ='911'!H54 -> 0 | AI60: =B60+C60+D60+E60+F60+G60+K60+L60+M60+N60+Q60+R60+U60+X60+Y60+Z60+AA60+AB60+AD60+AG60+AH60 -> 582577.77
A61: Public safety | E61: 9737 | K61: =SUM(I61:J61) -> 0 | Q61: =SUM(O61:P61) -> 0 | R61: =CDBG!H40 -> 0 | U61: =S61+T61 -> 0 | X61: =V61+W61 -> 0 | Y61: ='OEO-Weatherization'!H56 -> 0 | Z61: ='OEO-Other'!Y56 -> 0 | AA61: ='Transportation Fund'!Y57 -> 0 | AB61: ='Special Purpose '!E55 -> 0 | AG61: =AE61+AF61 -> 0 | AH61: ='911'!H55 -> 2664663.9 | AI61: =B61+C61+D61+E61+F61+G61+K61+L61+M61+N61+Q61+R61+U61+X61+Y61+Z61+AA61+AB61+AD61+AG61+AH61 -> 2674400.9
A62: Public works and enterprises | B62: 388104.35 | D62: ='Airport Funds'!I56 -> 652880.38 | K62: =SUM(I62:J62) -> 0 | Q62: =SUM(O62:P62) -> 0 | R62: =CDBG!H41 -> 0 | U62: =S62+T62 -> 0 | X62: =V62+W62 -> 0 | Y62: ='OEO-Weatherization'!H57 -> 0 | Z62: ='OEO-Other'!Y57 -> 0 | AA62: 0 | AB62: ='Special Purpose '!E56 -> 0 | AG62: =AE62+AF62 -> 0 | AH62: ='911'!H56 -> 0 | AI62: =B62+C62+D62+E62+F62+G62+K62+L62+M62+N62+Q62+R62+U62+X62+Y62+Z62+AA62+AB62+AD62+AG62+AH62 -> 1040984.7
A63: Human services | C63: 35794.03 | K63: =SUM(I63:J63) -> 0 | Q63: =SUM(O63:P63) -> 0 | R63: =CDBG!H42 -> 0 | S63: 324243.37 | U63: =S63+T63 -> 324243.37 | V63: 149774.03 | X63: =V63+W63 -> 149774.03 | Y63: ='OEO-Weatherization'!H58 -> 19240.35 | Z63: ='OEO-Other'!Y58 -> 1019490.2 | AA63: ='Transportation Fund'!Y59 -> 1321076.2 | AB63: ='Special Purpose '!E57 -> 0 | AG63: =AE63+AF63 -> 0 | AH63: ='911'!H57 -> 0 | AI63: =B63+C63+D63+E63+F63+G63+K63+L63+M63+N63+Q63+R63+U63+X63+Y63+Z63+AA63+AB63+AD63+AG63+AH63 -> 2869618.1
A64: Conservation and development | D64: ='Airport Funds'!I58 -> 4000 | F64: 112225 | K64: =SUM(I64:J64) -> 0 | Q64: =SUM(O64:P64) -> 0 | R64: =CDBG!H43 -> 382984.68 | U64: =S64+T64 -> 0 | X64: =V64+W64 -> 0 | Y64: ='OEO-Weatherization'!H59 -> 0 | Z64: ='OEO-Other'!Y59 -> 0 | AA64: ='Transportation Fund'!Y60 -> 0 | AB64: ='Special Purpose '!E58 -> 0 | AG64: =AE64+AF64 -> 0 | AH64: ='911'!H58 -> 0 | AI64: =B64+C64+D64+E64+F64+G64+K64+L64+M64+N64+Q64+R64+U64+X64+Y64+Z64+AA64+AB64+AD64+AG64+AH64 -> 499209.68
A65: Total Expenditures | B65: =SUM(B59:B64) -> 388104.35 | C65: =SUM(C59:C64) -> 35794.03 | D65: =SUM(D59:D64) -> 656880.38 | E65: =SUM(E59:E64) -> 9737 | F65: =SUM(F59:F64) -> 112225 | G65: =SUM(G59:G64) -> 4140.1 | I65: =SUM(I59:I64) -> 35142.22 | J65: =SUM(J59:J64) -> 0 | K65: =SUM(I65:J65) -> 35142.22 | L65: =SUM(L59:L64) -> 47083.55 | M65: =SUM(M59:M64) -> 0 | N65: =SUM(N59:N64) -> 4658.54 | O65: =SUM(O59:O64) -> 17613.5 | P65: =SUM(P59:P64) -> 0 | Q65: =SUM(O65:P65) -> 17613.5 | R65: =SUM(R59:R64) -> 382984.68 | S65: =SUM(S59:S64) -> 324243.37 | T65: =SUM(T59:T64) -> 0 | U65: =SUM(U59:U64) -> 324243.37 | V65: =SUM(V59:V64) -> 149774.03 | W65: =SUM(W59:W64) -> 0 | X65: =V65+W65 -> 149774.03 | Y65: ='OEO-Weatherization'!H60 -> 19240.35 | Z65: ='OEO-Other'!Y60 -> 1019490.2 | AA65: ='Transportation Fund'!Y61 -> 1321076.2 | AB65: ='Special Purpose '!E59 -> 0 | AD65: =SUM(AD59:AD64) -> 0 | AE65: =SUM(AE59:AE64) -> 0 | AF65: =SUM(AF59:AF64) -> 500352 | AG65: =AE65+AF65 -> 500352 | AH65: ='911'!H59 -> 2664663.9 | AI65: =B65+C65+D65+E65+F65+G65+K65+L65+M65+N65+Q65+R65+U65+X65+Y65+Z65+AA65+AB65+AD65+AG65+AH65 -> 7693203.3
K66: =SUM(I66:J66) -> 0 | Q66: =SUM(O66:P66) -> 0
A67: Excess (Deficiency) | B67: =B56-B65 -> 191058.7 | C67: =C56-C65 -> 2845.05 | D67: ='Airport Funds'!I61 -> 52568.32 | E67: =E56-E65 -> 19259.43 | F67: =F56-F65 -> 47087.18 | G67: =G56-G65 -> 23356.55 | I67: =I56-I65 -> 21489.05 | J67: =J56-J65 -> 0 | K67: =SUM(I67:J67) -> 21489.05 | L67: =L56-L65 -> 40735.7 | M67: =M56-M65 -> 745.18 | N67: =N56-N65 -> 6517.53 | O67: =O56-O65 -> -9504.92 | P67: =P56-P65 -> 0 | Q67: =SUM(O67:P67) -> -9504.92 | R67: =CDBG!H46 -> 58255 | S67: =S56-S65 -> 13316.63 | T67: =T56-T65 -> 0 | U67: =U56-U65 -> 13316.63 | V67: =V56-V65 -> 9039.92 | W67: =W56-W65 -> -81 | X67: =V67+W67 -> 8958.92 | Y67: ='OEO-Weatherization'!H62 -> 2530.02 | Z67: ='OEO-Other'!Y62 -> -194898.35 | AA67: ='Transportation Fund'!Y63 -> 4677.03 | AB67: ='Special Purpose '!E61 -> 12059.52 | AD67: =AD56-AD65 -> 475.58 | AE67: =AE56-AE65 -> 454609.08 | AF67: =AF56-AF65 -> -492982 | AG67: =AE67+AF67 -> -38372.92 | AH67: ='911'!H61 -> 61954.94 | AI67: =B67+C67+D67+E67+F67+G67+K67+L67+M67+N67+Q67+R67+U67+X67+Y67+Z67+AA67+AB67+AD67+AG67+AH67 -> 325114.14
K68: =SUM(I68:J68) -> 0 | Q68: =SUM(O68:P68) -> 0
A69: Sale of Fixed Assets | D69: ='Airport Funds'!I63 -> 0 | K69: =SUM(I69:J69) -> 0 | Q69: =SUM(O69:P69) -> 0 | R69: =CDBG!H48 -> 0 | U69: =S69+T69 -> 0 | X69: =V69+W69 -> 0 | Y69: ='OEO-Weatherization'!H64 -> 0 | Z69: ='OEO-Other'!Y64 -> 0 | AA69: ='Transportation Fund'!Y65 -> 0 | AB69: ='Special Purpose '!E63 -> 0 | AG69: =AE69+AF69 -> 0 | AH69: ='911'!H63 -> 0 | AI69: =B69+C69+D69+E69+F69+G69+K69+L69+M69+N69+Q69+R69+U69+X69+Y69+Z69+AA69+AB69+AD69+AG69+AH69 -> 0
A70: Transfers In | D70: ='Airport Funds'!I64 -> 15891.29 | K70: =SUM(I70:J70) -> 0 | Q70: =SUM(O70:P70) -> 0 | R70: =CDBG!H49 -> 0 | U70: =S70+T70 -> 0 | X70: =V70+W70 -> 0 | Y70: ='OEO-Weatherization'!H65 -> 0 | Z70: ='OEO-Other'!Y65 -> 263542 | AA70: ='Transportation Fund'!Y66 -> 0 | AB70: ='Special Purpose '!E64 -> 0 | AF70: 157353 | AG70: =AE70+AF70 -> 157353 | AH70: ='911'!H64 -> 2726610.1 | AI70: =B70+C70+D70+E70+F70+G70+K70+L70+M70+N70+Q70+R70+U70+X70+Y70+Z70+AA70+AB70+AD70+AG70+AH70 -> 3163396.4
A71: Transfers Out | D71: ='Airport Funds'!I65 -> 15891.29 | K71: =SUM(I71:J71) -> 0 | Q71: =SUM(O71:P71) -> 0 | R71: =CDBG!H50 -> 0 | S71: 13320.2 | U71: =S71+T71 -> 13320.2 | V71: 8957.64 | X71: =V71+W71 -> 8957.64 | Y71: ='OEO-Weatherization'!H66 -> 2530.02 | Z71: ='OEO-Other'!Y66 -> 72823.25 | AA71: ='Transportation Fund'!Y67 -> 4677.03 | AB71: ='Special Purpose '!E65 -> 0 | AE71: 335688.51 | AF71: =-335689+60 -> -335629 | AG71: =AE71+AF71 -> 59.51 | AH71: ='911'!H65 -> 2726610.1 | AI71: =B71+C71+D71+E71+F71+G71+K71+L71+M71+N71+Q71+R71+U71+X71+Y71+Z71+AA71+AB71+AD71+AG71+AH71 -> 2844869.1
A72: Total Other | B72: =B70-B71 -> 0 | C72: =C70-C71 -> 0 | D72: ='Airport Funds'!I66 -> 0 | E72: =E70-E71 -> 0 | F72: =F70-F71 -> 0 | G72: =G70-G71 -> 0 | I72: =I70-I71 -> 0 | J72: =J70-J71 -> 0 | K72: =SUM(I72:J72) -> 0 | L72: =L70-L71 -> 0 | M72: =M70-M71 -> 0 | N72: =N70-N71 -> 0 | O72: =O70-O71 -> 0 | P72: =P70-P71 -> 0 | Q72: =SUM(O72:P72) -> 0 | R72: =CDBG!H51 -> 0 | S72: =S70-S71 -> -13320.2 | T72: =T70-T71 -> 0 | U72: =S72+T72 -> -13320.2 | V72: =V70-V71 -> -8957.64 | W72: =W70-W71 -> 0 | X72: =V72+W72 -> -8957.64 | Y72: ='OEO-Weatherization'!H67 -> -2530.02 | Z72: ='OEO-Other'!Y67 -> 190718.75 | AA72: ='Transportation Fund'!Y68 -> -4677.03 | AB72: ='Special Purpose '!E66 -> 0 | AD72: =AD70-AD71 -> 0 | AE72: =AE70-AE71 -> -335688.51 | AF72: =AF69+AF70-AF71 -> 492982 | AG72: =AE72+AF72 -> 157293.49 | AH72: ='911'!H66 -> 0 | AI72: =B72+C72+D72+E72+F72+G72+K72+L72+M72+N72+Q72+R72+U72+X72+Y72+Z72+AA72+AB72+AD72+AG72+AH72 -> 318527.35
A74: Net Change in Fund Balance | B74: =B67+B72 -> 191058.7 | C74: =C67+C72 -> 2845.05 | D74: ='Airport Funds'!I68 -> 52568.32 | E74: =E67+E72 -> 19259.43 | F74: =F67+F72 -> 47087.18 | G74: =G67+G72 -> 23356.55 | I74: =I67+I72 -> 21489.05 | J74: =J67+J72 -> 0 | K74: =SUM(I74:J74) -> 21489.05 | L74: =L67+L72 -> 40735.7 | M74: =M67+M72 -> 745.18 | N74: =N67+N72 -> 6517.53 | O74: =O67+O72 -> -9504.92 | P74: =P67+P72 -> 0 | Q74: =SUM(O74:P74) -> -9504.92 | R74: =CDBG!H53 -> 58255 | S74: =S67+S72 -> -3.57 | T74: =T67+T72 -> 0 | U74: =U67+U72 -> -3.57 | V74: =V67+V72 -> 82.28 | W74: =W67+W72 -> -81 | X74: =X67+X72 -> 1.28 | Y74: ='OEO-Weatherization'!H69 -> 0 | Z74: ='OEO-Other'!Y69 -> -4179.6 | AA74: ='Transportation Fund'!Y70 -> 2.8194336e-11 | AB74: ='Special Purpose '!E68 -> 12059.52 | AD74: =AD67+AD72 -> 475.58 | AE74: =AE67+AE72 -> 118920.57 | AF74: =AF67+AF72 -> 0 | AG74: =AG67+AG72 -> 118920.57 | AH74: ='911'!H68 -> 61954.94 | AI74: =B74+C74+D74+E74+F74+G74+K74+L74+M74+N74+Q74+R74+U74+X74+Y74+Z74+AA74+AB74+AD74+AG74+AH74 -> 643641.49
A75: Fund Balance - Beginning | B75: =B76-B74 -> 1199595.3 | C75: =C76-C74 -> 21790.52 | D75: ='Airport Funds'!I69 -> 8688.47 | E75: =E76-E74 -> 66855.8 | F75: =F76-F74 -> 292279.27 | G75: =G76-G74 -> 19769.52 | I75: =I76-I74 -> 289819.26 | J75: =J76-J74 -> 0 | K75: =SUM(I75:J75) -> 289819.26 | L75: =L76-L74 -> 445107.67 | M75: =M76-M74 -> 8576.78 | N75: =N76-N74 -> 28363.92 | O75: =O76-O74 -> 27947.52 | P75: =P76-P74 -> 0 | Q75: =SUM(O75:P75) -> 27947.52 | R75: =CDBG!H54 -> -0.15 | S75: =S76-S74 -> 0.06 | T75: =T76-T74 -> 0 | U75: =U76-U74 -> 0.06 | V75: =V76-V74 -> -1.09 | W75: =W76-W74 -> 0 | X75: =X76-X74 -> -1.09 | Y75: ='OEO-Weatherization'!H70 -> -0.3 | Z75: ='OEO-Other'!Y70 -> 17366.86 | AA75: ='Transportation Fund'!Y71 -> -0.12 | AB75: ='Special Purpose '!E69 -> 164824.82 | AD75: =AD76-AD74 -> 10785.43 | AE75: =AE76-AE74 -> 753682.67 | AF75: =AF76-AF74 -> 0 | AG75: =AG76-AG74 -> 753682.67 | AH75: ='911'!H69 -> 26692.57 | AI75: =B75+C75+D75+E75+F75+G75+K75+L75+M75+N75+Q75+R75+U75+X75+Y75+Z75+AA75+AB75+AD75+AG75+AH75 -> 3382144.8
A76: Fund Balance - End of Year | B76: =B46 -> 1390654 | C76: =C46 -> 24635.57 | D76: ='Airport Funds'!I70 -> 61256.79 | E76: =E46 -> 86115.23 | F76: =F46 -> 339366.45 | G76: =G46 -> 43126.07 | I76: =I46 -> 311308.31 | J76: =J46 -> 0 | K76: =SUM(I76:J76) -> 311308.31 | L76: =L46 -> 485843.37 | M76: =M46 -> 9321.96 | N76: =N46 -> 34881.45 | O76: =O46 -> 18442.6 | P76: =P46 -> 0 | Q76: =SUM(O76:P76) -> 18442.6 | R76: =CDBG!H55 -> 58254.85 | S76: =S46 -> -3.51 | T76: =T46 -> 0 | U76: =U46 -> -3.51 | V76: =V46 -> 81.19 | W76: =W46 -> -81 | X76: =X46 -> 0.19 | Y76: ='OEO-Weatherization'!H71 -> -0.3 | Z76: ='OEO-Other'!Y71 -> 13187.26 | AA76: ='Transportation Fund'!Y72 -> -0.12 | AB76: ='Special Purpose '!E70 -> 176884.34 | AD76: =AD46 -> 11261.01 | AE76: =AE46 -> 872603.24 | AF76: =AF46 -> 0 | AG76: =AG46 -> 872603.24 | AH76: ='911'!H70 -> 88647.51 | AI76: =B76+C76+D76+E76+F76+G76+K76+L76+M76+N76+Q76+R76+U76+X76+Y76+Z76+AA76+AB76+AD76+AG76+AH76 -> 4025786.3

Sheet AAA Funds
A1: AAA Funds
A2: Combining Balance sheet and Statement of Revenue & Expenses
A3: ='ALL GOVERNMENT FUNDS'!A3 -> 43830
B5: AAA 1160 | C5: ADJ | D5: Adjusted AAA | E5: AAA 7510 | F5: TOTAL AAA
A7: Assets
A8: Cash & cash equivalents | B8: 443570.84 | D8: =B8+C8 -> 443570.84 | E8: 0 | F8: =D8+E8 -> 443570.84
A9: Advances Receivable | D9: =B9+C9 -> 0 | F9: =D9+E9 -> 0
A10: A/R | B10: 480.84 | D10: =B10+C10 -> 480.84 | F10: =D10+E10 -> 480.84
A11: Due from Other Funds | C11: 15859.98 | D11: =B11+C11 -> 15859.98 | F11: =D11+E11 -> 15859.98
A12: Due from Other Governments | B12: 39484.35 | D12: =B12+C12 -> 39484.35 | F12: =D12+E12 -> 39484.35
A13: Prepaids | B13: 15857.98 | C13: -15859.98 | D13: =B13+C13 -> -2 | F13: =D13+E13 -> -2
A14: Total Assets | B14: =SUM(B8:B13) -> 499394.01 | C14: =SUM(C8:C13) -> 0 | D14: =SUM(D8:D13) -> 499394.01 | E14: =SUM(E8:E13) -> 0 | F14: =D14+E14 -> 499394.01
A16: Liabilities
A17: A/P | B17: 96532.2 | D17: =B17+C17 -> 96532.2 | F17: =D17+E17 -> 96532.2
A18: Accrued Payroll | B18: 64447.23 | D18: =B18+C18 -> 64447.23 | F18: =D18+E18 -> 64447.23
A19: Due to Other Funds | D19: =B19+C19 -> 0 | F19: =D19+E19 -> 0
A20: Due to Other Governments | D20: =B20+C20 -> 0 | F20: =D20+E20 -> 0
A21: Deferred Revenue | B21: 338415.29 | D21: =B21+C21 -> 338415.29 | F21: =D21+E21 -> 338415.29
A22: Total Liabilities | B22: =SUM(B17:B21) -> 499394.72 | C22: =SUM(C17:C21) -> 0 | D22: =SUM(D17:D21) -> 499394.72 | E22: =SUM(E17:E21) -> 0 | F22: =D22+E22 -> 499394.72
A24: Fund Balance
A25: Reserved: Program | B25: 37.16 | D25: =B25+C25 -> 37.16 | F25: =D25+E25 -> 37.16
A26: Reserved: Prepaids | D26: =B26+C26 -> 0 | F26: =D26+E26 -> 0
A27: Unreserved | B27: -37.87 | D27: =B27+C27 -> -37.87 | F27: =D27+E27 -> -37.87
A28: Total Fund Balance | B28: =SUM(B25:B27) -> -0.71 | C28: =SUM(C25:C27) -> 0 | D28: =SUM(D25:D27) -> -0.71 | E28: =SUM(E25:E27) -> 0 | F28: =D28+E28 -> -0.71
A30: Total Liabilities & Fund Balance | B30: =B22+B28 -> 499394.01 | C30: =C22+C28 -> 0 | D30: =D22+D28 -> 499394.01 | E30: =E22+E28 -> 0 | F30: =D30+E30 -> 499394.01
B31: =IF(B14=B30,"YES","NO") -> YES | C31: =IF(C14=C30,"YES","NO") -> YES | D31: =IF(D14=D30,"YES","NO") -> YES | E31: =IF(E14=E30,"YES","NO") -> YES | F31: =IF(F14=F30,"YES","NO") -> YES
A32: Revenue
A33: Intergovermental | B33: 2156136.7 | D33: =B33+C33 -> 2156136.7 | F33: =D33+E33 -> 2156136.7
A34: Charges for Services | D34: =B34+C34 -> 0 | F34: =D34+E34 -> 0
A35: Fines and Forfeits | D35: =B35+C35 -> 0 | F35: =D35+E35 -> 0
A36: Interest | B36: 1171.5 | D36: =B36+C36 -> 1171.5 | F36: =D36+E36 -> 1171.5
A37: Other | B37: 820 | D37: =B37+C37 -> 820 | F37: =D37+E37 -> 820
A38: Total Revenues | B38: =SUM(B33:B37) -> 2158128.2 | C38: =SUM(C33:C37) -> 0 | D38: =SUM(D33:D37) -> 2158128.2 | E38: =SUM(E33:E37) -> 0 | F38: =D38+E38 -> 2158128.2
A40: Expenditures
A41: General gvt - administration | D41: =B41+C41 -> 0 | F41: =D41+E41 -> 0
A42: General gvt - judicial | D42: =B42+C42 -> 0 | F42: =D42+E42 -> 0
A43: Public safety | D43: =B43+C43 -> 0 | F43: =D43+E43 -> 0
A44: Public works and enterprises | D44: =B44+C44 -> 0 | F44: =D44+E44 -> 0
A45: Human services | B45: 2066166.9 | D45: =B45+C45 -> 2066166.9 | F45: =D45+E45 -> 2066166.9
A46: Conservation and Development | D46: =B46+C46 -> 0 | F46: =D46+E46 -> 0
A47: Total Expenditures | B47: =SUM(B41:B46) -> 2066166.9 | C47: =SUM(C41:C46) -> 0 | D47: =SUM(D41:D46) -> 2066166.9 | E47: =SUM(E41:E46) -> 0 | F47: =D47+E47 -> 2066166.9
A49: Excess (Deficiency) | B49: =B38-B47 -> 91961.31 | C49: =C38-C47 -> 0 | D49: =D38-D47 -> 91961.31 | E49: =E38-E47 -> 0 | F49: =D49+E49 -> 91961.31
A51: Proceeds from Sale of Fixed Assets | B51: 10620 | D51: =B51+C51 -> 10620 | F51: =D51+E51 -> 10620
A52: Transfers In | B52: 46547 | D52: =B52+C52 -> 46547 | F52: =D52+E52 -> 46547
A53: Transfers Out | B53: 149128.31 | D53: =B53+C53 -> 149128.31 | F53: =D53+E53 -> 149128.31
A54: Total Other | B54: =B51+B52-B53 -> -91961.31 | C54: =C51+C52-C53 -> 0 | D54: =B54+C54 -> -91961.31 | E54: =E51+E52-E53 -> 0 | F54: =D54+E54 -> -91961.31
A56: Net Change in Fund Balance | B56: =B49+B54 -> 0 | C56: =C49+C54 -> 0 | D56: =D49+D54 -> 0 | E56: =E49+E54 -> 0 | F56: =D56+E56 -> 0
A57: Fund Balance - Beginning | B57: =B58-B56 -> -0.71 | C57: =C58-C56 -> 0 | D57: =D58-D56 -> -0.71 | E57: =E58-E56 -> 0 | F57: =D57+E57 -> -0.71
A58: Fund Balance - End of Year | B58: =B28 -> -0.71 | C58: =C28 -> 0 | D58: =D28 -> -0.71 | E58: =E28 -> 0 | F58: =D58+E58 -> -0.71

Sheet CYS Funds
A1: CYS Funds
A2: Combining Balance sheet and Statement of Revenue & Expenses
A3: ='ALL GOVERNMENT FUNDS'!A3 -> 43830
B5: CYS 1200 | C5: ADJ | D5: Adjusted CYS | E5: Crisis 1230 | F5: ADJ | G5: Adjusted Crisis | H5: Regional Training 1240 | I5: ADJ | J5: Adjusted Regional Training | K5: CYS Restricted 7520 | L5: Family Services 7521 | M5: ADJ | N5: Adjusted Family Services | O5: Early Head Start 7522 | P5: ADJ | Q5: Adjusted Early Head Start | R5: TOTAL CYS
A7: Assets
A8: Cash & cash equivalents | B8: -1045568.1 | D8: =B8+C8 -> -1045568.1 | G8: =E8+F8 -> 0 | J8: =H8+I8 -> 0 | K8: 32098.28 | L8: 0 | N8: =L8+M8 -> 0 | O8: -131635.32 | Q8: =O8+P8 -> -131635.32 | R8: =D8+J8+K8+N8+Q8 -> -1145105.2
A9: Advances Receivable | D9: =B9+C9 -> 0 | G9: =E9+F9 -> 0 | J9: =H9+I9 -> 0 | N9: =L9+M9 -> 0 | Q9: =O9+P9 -> 0 | R9: =D9+J9+K9+N9+Q9 -> 0
A10: A/R | B10: 489240.08 | D10: =B10+C10 -> 489240.08 | G10: =E10+F10 -> 0 | J10: =H10+I10 -> 0 | N10: =L10+M10 -> 0 | O10: 229815.49 | Q10: =O10+P10 -> 229815.49 | R10: =D10+J10+K10+N10+Q10 -> 719055.57
A11: Due from Other Funds | C11: 30205.68 | D11: =B11+C11 -> 30205.68 | G11: =E11+F11 -> 0 | J11: =H11+I11 -> 0 | N11: =L11+M11 -> 0 | Q11: =O11+P11 -> 0 | R11: =D11+J11+K11+N11+Q11 -> 30205.68
A12: Due from Other Governments | B12: 1379388.5 | C12: 117 | D12: =B12+C12 -> 1379505.5 | G12: =E12+F12 -> 0 | J12: =H12+I12 -> 0 | N12: =L12+M12 -> 0 | Q12: =O12+P12 -> 0 | R12: =D12+J12+K12+N12+Q12 -> 1379505.5
A13: Prepaids | B13: 30205.68 | C13: -30205.68 | D13: =B13+C13 -> 0 | G13: =E13+F13 -> 0 | J13: =H13+I13 -> 0 | N13: =L13+M13 -> 0 | Q13: =O13+P13 -> 0 | R13: =D13+J13+K13+N13+Q13 -> 0
A14: Total Assets | B14: =SUM(B8:B13) -> 853266.16 | C14: =SUM(C8:C13) -> 117 | D14: =SUM(D8:D13) -> 853383.16 | E14: =SUM(E8:E13) -> 0 | F14: =SUM(F8:F13) -> 0 | G14: =SUM(G8:G13) -> 0 | H14: =SUM(H8:H13) -> 0 | I14: =SUM(I8:I13) -> 0 | ... Q14: =SUM(Q8:Q13) -> 98180.17 | R14: =D14+J14+K14+N14+Q14 -> 983661.61
A16: Liabilities
A17: A/P | B17: 537941.02 | D17: =B17+C17 -> 537941.02 | G17: =E17+F17 -> 0 | J17: =H17+I17 -> 0 | K17: 526.29 | N17: =L17+M17 -> 0 | O17: 98182.4 | Q17: =O17+P17 -> 98182.4 | R17: =D17+J17+K17+N17+Q17 -> 636649.71
A18: Accrued Payroll | B18: 155087.74 | D18: =B18+C18 -> 155087.74 | G18: =E18+F18 -> 0 | J18: =H18+I18 -> 0 | N18: =L18+M18 -> 0 | Q18: =O18+P18 -> 0 | R18: =D18+J18+K18+N18+Q18 -> 155087.74
A19: Due to Other Funds | B19: 160355 | D19: =B19+C19 -> 160355 | G19: =E19+F19 -> 0 | J19: =H19+I19 -> 0 | N19: =L19+M19 -> 0 | Q19: =O19+P19 -> 0 | R19: =D19+J19+K19+N19+Q19 -> 160355
A20: Due to Other Governments | D20: =B20+C20 -> 0 | G20: =E20+F20 -> 0 | J20: =H20+I20 -> 0 | N20: =L20+M20 -> 0 | Q20: =O20+P20 -> 0 | R20: =D20+J20+K20+N20+Q20 -> 0
A21: Deferred Revenue | D21: =B21+C21 -> 0 | G21: =E21+F21 -> 0 | J21: =H21+I21 -> 0 | N21: =L21+M21 -> 0 | O21: -0.46 | Q21: =O21+P21 -> -0.46 | R21: =D21+J21+K21+N21+Q21 -> -0.46
A22: Total Liabilities | B22: =SUM(B17:B21) -> 853383.76 | C22: =SUM(C17:C21) -> 0 | D22: =SUM(D17:D21) -> 853383.76 | E22: =SUM(E17:E21) -> 0 | F22: =SUM(F17:F21) -> 0 | G22: =SUM(G17:G21) -> 0 | H22: =SUM(H17:H21) -> 0 | I22: =SUM(I17:I21) -> 0 | ... Q22: =SUM(Q17:Q21) -> 98181.94 | R22: =D22+J22+K22+N22+Q22 -> 952091.99
A24: Fund Balance
A25: Reserved: Program | B25: 162.06 | C25: -162.06 | D25: =B25+C25 -> 0 | G25: =E25+F25 -> 0 | J25: =H25+I25 -> 0 | N25: =L25+M25 -> 0 | Q25: =O25+P25 -> 0 | R25: =D25+J25+K25+N25+Q25 -> 0
A26: Reserved: Prepaids | D26: =B26+C26 -> 0 | G26: =E26+F26 -> 0 | J26: =H26+I26 -> 0 | N26: =L26+M26 -> 0 | Q26: =O26+P26 -> 0 | R26: =D26+J26+K26+N26+Q26 -> 0
A27: Unreserved | B27: -279.66 | C27: =117+162.06 -> 279.06 | D27: =B27+C27 -> -0.6 | G27: =E27+F27 -> 0 | J27: =H27+I27 -> 0 | K27: 31571.99 | N27: =L27+M27 -> 0 | O27: -1.77 | Q27: =O27+P27 -> -1.77 | R27: =D27+J27+K27+N27+Q27 -> 31569.62
A28: Total Fund Balance | B28: =SUM(B25:B27) -> -117.6 | C28: =SUM(C25:C27) -> 117 | D28: =SUM(D25:D27) -> -0.6 | E28: =SUM(E25:E27) -> 0 | F28: =SUM(F25:F27) -> 0 | G28: =SUM(G25:G27) -> 0 | H28: =SUM(H25:H27) -> 0 | I28: =SUM(I25:I27) -> 0 | ... Q28: =SUM(Q25:Q27) -> -1.77 | R28: =D28+J28+K28+N28+Q28 -> 31569.62
A30: Total Liabilities & Fund Balance | B30: =B22+B28 -> 853266.16 | C30: =C22+C28 -> 117 | D30: =D22+D28 -> 853383.16 | E30: =E22+E28 -> 0 | F30: =F22+F28 -> 0 | G30: =G22+G28 -> 0 | H30: =H22+H28 -> 0 | I30: =I22+I28 -> 0 | ... Q30: =Q22+Q28 -> 98180.17 | R30: =D30+J30+K30+N30+Q30 -> 983661.61
B31: =IF(B14=B30,"YES","NO") -> YES | C31: =IF(C14=C30,"YES","NO") -> YES | D31: =IF(D14=D30,"YES","NO") -> YES | E31: =IF(E14=E30,"YES","NO") -> YES | F31: =IF(F14=F30,"YES","NO") -> YES | G31: =IF(G14=G30,"YES","NO") -> YES | H31: =IF(H14=H30,"YES","NO") -> YES | I31: =IF(I14=I30,"YES","NO") -> YES | ... R31: =IF(R14=R30,"YES","NO") -> YES
A32: Revenue | R32: =D32+J32+K32+N32+Q32 -> 0
A33: Intergovermental | B33: 7790470.2 | C33: 117 | D33: =B33+C33 -> 7790587.2 | G33: =E33+F33 -> 0 | J33: =H33+I33 -> 0 | N33: =L33+M33 -> 0 | O33: 906010.06 | Q33: =O33+P33 -> 906010.06 | R33: =D33+G33+J33+K33+N33+Q33 -> 8696597.3
A34: Charges for Services | B34: 120623.77 | D34: =B34+C34 -> 120623.77 | G34: =E34+F34 -> 0 | J34: =H34+I34 -> 0 | N34: =L34+M34 -> 0 | Q34: =O34+P34 -> 0 | R34: =D34+G34+J34+K34+N34+Q34 -> 120623.77
A35: Fines and Forfeits | D35: =B35+C35 -> 0 | G35: =E35+F35 -> 0 | J35: =H35+I35 -> 0 | N35: =L35+M35 -> 0 | Q35: =O35+P35 -> 0 | R35: =D35+G35+J35+K35+N35+Q35 -> 0
A36: Interest | D36: =B36+C36 -> 0 | G36: =E36+F36 -> 0 | J36: =H36+I36 -> 0 | K36: 86.17 | N36: =L36+M36 -> 0 | Q36: =O36+P36 -> 0 | R36: =D36+G36+J36+K36+N36+Q36 -> 86.17
A37: Other | D37: =B37+C37 -> 0 | G37: =E37+F37 -> 0 | J37: =H37+I37 -> 0 | K37: -4734.04 | N37: =L37+M37 -> 0 | O37: 247508 | Q37: =O37+P37 -> 247508 | R37: =D37+G37+J37+K37+N37+Q37 -> 242773.96
A38: Total Revenues | B38: =SUM(B33:B37) -> 7911094 | C38: =SUM(C33:C37) -> 117 | D38: =SUM(D33:D37) -> 7911211 | E38: =SUM(E33:E37) -> 0 | F38: =SUM(F33:F37) -> 0 | G38: =SUM(G33:G37) -> 0 | H38: =SUM(H33:H37) -> 0 | I38: =SUM(I33:I37) -> 0 | ... Q38: =SUM(Q33:Q37) -> 1153518.1 | R38: =D38+G38+J38+K38+N38+Q38 -> 9060081.2
R39: =D39+J39+K39+N39+Q39 -> 0
A40: Expenditures | R40: =D40+J40+K40+N40+Q40 -> 0
A41: General gvt - administration | R41: =D41+J41+K41+N41+Q41 -> 0
A42: General gvt - judicial | D42: =B42+C42 -> 0 | G42: =E42+F42 -> 0 | J42: =H42+I42 -> 0 | N42: =L42+M42 -> 0 | Q42: =O42+P42 -> 0 | R42: =D42+J42+K42+N42+Q42 -> 0
A43: Public safety | D43: =B43+C43 -> 0 | G43: =E43+F43 -> 0 | J43: =H43+I43 -> 0 | N43: =L43+M43 -> 0 | Q43: =O43+P43 -> 0 | R43: =D43+J43+K43+N43+Q43 -> 0
A44: Public works and enterprises | D44: =B44+C44 -> 0 | G44: =E44+F44 -> 0 | J44: =H44+I44 -> 0 | N44: =L44+M44 -> 0 | Q44: =O44+P44 -> 0 | R44: =D44+J44+K44+N44+Q44 -> 0
A45: Human services | B45: 8694329.3 | C45: -49 | D45: =B45+C45 -> 8694280.3 | G45: =E45+F45 -> 0 | J45: =H45+I45 -> 0 | N45: =L45+M45 -> 0 | O45: 906010.06 | P45: 247507.5 | Q45: =O45+P45 -> 1153517.6 | R45: =D45+J45+K45+N45+Q45 -> 9847797.9
A46: Conservation and Development | D46: =B46+C46 -> 0 | G46: =E46+F46 -> 0 | J46: =H46+I46 -> 0 | N46: =L46+M46 -> 0 | Q46: =O46+P46 -> 0 | R46: =D46+J46+K46+N46+Q46 -> 0
A47: Total Expenditures | B47: =SUM(B41:B46) -> 8694329.3 | C47: =SUM(C41:C46) -> -49 | D47: =SUM(D41:D46) -> 8694280.3 | E47: =SUM(E41:E46) -> 0 | F47: =SUM(F41:F46) -> 0 | G47: =SUM(G41:G46) -> 0 | H47: =SUM(H41:H46) -> 0 | I47: =SUM(I41:I46) -> 0 | ... Q47: =SUM(Q41:Q46) -> 1153517.6 | R47: =D47+J47+K47+N47+Q47 -> 9847797.9
R48: =D48+J48+K48+N48+Q48 -> 0
A49: Excess (Deficiency) | B49: =B38-B47 -> -783235.33 | C49: =C38-C47 -> 166 | D49: =D38-D47 -> -783069.33 | E49: =E38-E47 -> 0 | F49: =F38-F47 -> 0 | G49: =G38-G47 -> 0 | H49: =H38-H47 -> 0 | I49: =I38-I47 -> 0 | ... Q49: =Q38-Q47 -> 0.5 | R49: =D49+J49+K49+N49+Q49 -> -787716.7
R50: =D50+J50+K50+N50+Q50 -> 0
A51: Sale of Fixed Assets | B51: 3060 | D51: =B51+C51 -> 3060 | G51: =E51+F51 -> 0 | J51: =H51+I51 -> 0 | N51: =L51+M51 -> 0 | Q51: =O51+P51 -> 0 | R51: =D51+J51+K51+N51+Q51 -> 3060
A52: Transfers In | B52: 1200040 | D52: =B52+C52 -> 1200040 | G52: =E52+F52 -> 0 | J52: =H52+I52 -> 0 | N52: =L52+M52 -> 0 | Q52: =O52+P52 -> 0 | R52: =D52+J52+K52+N52+Q52 -> 1200040
A53: Transfers Out | B53: 420026.67 | D53: =B53+C53 -> 420026.67 | G53: =E53+F53 -> 0 | J53: =H53+I53 -> 0 | N53: =L53+M53 -> 0 | O53: 247507.5 | P53: -247507.5 | Q53: =O53+P53 -> 0 | R53: =D53+J53+K53+N53+Q53 -> 420026.67
A54: Total Other | B54: =B51+B52-B53 -> 783073.33 | C54: =C51+C52-C53 -> 0 | D54: =B54+C54 -> 783073.33 | E54: =E51+E52-E53 -> 0 | F54: =F51+F52-F53 -> 0 | G54: =E54+F54 -> 0 | H54: =H51+H52-H53 -> 0 | I54: =I51+I52-I53 -> 0 | J54: =H54+I54 -> 0 | K54: =K51+K52-K53 -> 0 | L54: =L51+L52-L53 -> 0 | M54: =M51+M52-M53 -> 0 | N54: =L54+M54 -> 0 | O54: =O51+O52-O53 -> -247507.5 | P54: =P51+P52-P53 -> 247507.5 | Q54: =O54+P54 -> 0 | R54: =D54+J54+K54+N54+Q54 -> 783073.33
R55: =D55+J55+K55+N55+Q55 -> 0
A56: Net Change in Fund Balance | B56: =B49+B54 -> -162 | C56: =C49+C54 -> 166 | D56: =D49+D54 -> 4 | E56: =E49+E54 -> 0 | F56: =F49+F54 -> 0 | G56: =G49+G54 -> 0 | H56: =H49+H54 -> 0 | I56: =I49+I54 -> 0 | ... Q56: =Q49+Q54 -> 0.5 | R56: =D56+J56+K56+N56+Q56 -> -4643.37
A57: Fund Balance - Beginning | B57: =B58-B56 -> 44.4 | C57: =C58-C56 -> -49 | D57: =D58-D56 -> -4.6 | E57: =E58-E56 -> 0 | F57: =F58-F56 -> 0 | G57: =G58-G56 -> 0 | H57: =H58-H56 -> 0 | I57: =I58-I56 -> 0 | ... Q57: =Q58-Q56 -> -2.27 | R57: =D57+J57+K57+N57+Q57 -> 36212.99
A58: Fund Balance - End of Year | B58: =B28 -> -117.6 | C58: =C28 -> 117 | D58: =D28 -> -0.6 | E58: =E28 -> 0 | F58: =F28 -> 0 | G58: =G28 -> 0 | H58: =H28 -> 0 | I58: =I28 -> 0 | ... Q58: =Q28 -> -1.77 | R58: =D58+J58+K58+N58+Q58 -> 31569.62

Sheet Substance Abuse
A1: Substance Abuse Funds
A2: Combining Balance sheet and Statement of Revenue & Expenses
A3: ='ALL GOVERNMENT FUNDS'!A3 -> 43830
B5: Substance Abuse 1300 | C5: ADJ | D5: Adjusted SA | E5: DUI 1320 | F5: Tobacco 1340 | G5: ADJ | H5: Adjusted Tobacco | I5: TOTAL Substance Abuse
A7: Assets
A8: Cash & cash equivalents | B8: 18894.76 | D8: =B8+C8 -> 18894.76 | E8: 293337.87 | F8: 0 | H8: =F8+G8 -> 0 | I8: =D8+E8+H8 -> 312232.63
A9: Advances Receivable | D9: =B9+C9 -> 0 | H9: =F9+G9 -> 0
A10: A/R | B10: =203055.17-4809.12 -> 198246.05 | D10: =B10+C10 -> 198246.05 | H10: =F10+G10 -> 0 | I10: =D10+E10+H10 -> 198246.05
A11: Due from Other Funds | C11: 7143.85 | D11: =B11+C11 -> 7143.85 | E11: 2189.93 | H11: =F11+G11 -> 0 | I11: =D11+E11+H11 -> 9333.78
A12: Due from Other Governments | B12: 4809.12 | D12: =B12+C12 -> 4809.12 | H12: =F12+G12 -> 0 | I12: =D12+E12+H12 -> 4809.12
A13: Prepaids | B13: 7143.85 | C13: -7143.85 | D13: =B13+C13 -> 0 | H13: =F13+G13 -> 0 | I13: =D13+E13+H13 -> 0
A14: Total Assets | B14: =SUM(B8:B13) -> 229093.78 | C14: =SUM(C8:C13) -> 0 | D14: =SUM(D8:D13) -> 229093.78 | E14: =SUM(E8:E13) -> 295527.8 | F14: =SUM(F8:F13) -> 0 | G14: =SUM(G8:G13) -> 0 | H14: =SUM(H8:H13) -> 0 | I14: =D14+E14+H14 -> 524621.58
A16: Liabilities
A17: A/P | B17: 47589.18 | D17: =B17+C17 -> 47589.18 | E17: 336 | H17: =F17+G17 -> 0 | I17: =D17+E17+H17 -> 47925.18
A18: Accrued Payroll | B18: 31983.91 | D18: =B18+C18 -> 31983.91 | H18: =F18+G18 -> 0 | I18: =D18+E18+H18 -> 31983.91
A19: Due to Other Funds | D19: =B19+C19 -> 0 | H19: =F19+G19 -> 0 | I19: =D19+E19+H19 -> 0
A20: Due to Other Governments | D20: =B20+C20 -> 0 | H20: =F20+G20 -> 0 | I20: =D20+E20+H20 -> 0
A21: Deferred Revenue | B21: 149519.09 | D21: =B21+C21 -> 149519.09 | H21: =F21+G21 -> 0 | I21: =D21+E21+H21 -> 149519.09
A22: Total Liabilities | B22: =SUM(B17:B21) -> 229092.18 | C22: =SUM(C17:C21) -> 0 | D22: =SUM(D17:D21) -> 229092.18 | E22: =SUM(E17:E21) -> 336 | F22: =SUM(F17:F21) -> 0 | G22: =SUM(G17:G21) -> 0 | H22: =SUM(H17:H21) -> 0 | I22: =D22+E22+H22 -> 229428.18
A24: Fund Balance
A25: Reserved: Program | D25: =B25+C25 -> 0 | H25: =F25+G25 -> 0 | I25: =D25+E25+H25 -> 0
A26: Reserved: Prepaids | D26: =B26+C26 -> 0 | H26: =F26+G26 -> 0 | I26: =D26+E26+H26 -> 0
A27: Unreserved | B27: 1.6 | D27: =B27+C27 -> 1.6 | E27: 295191.8 | H27: =F27+G27 -> 0 | I27: =D27+E27+H27 -> 295193.4
A28: Total Fund Balance | B28: =SUM(B25:B27) -> 1.6 | C28: =SUM(C25:C27) -> 0 | D28: =SUM(D25:D27) -> 1.6 | E28: =SUM(E25:E27) -> 295191.8 | F28: =SUM(F25:F27) -> 0 | G28: =SUM(G25:G27) -> 0 | H28: =SUM(H25:H27) -> 0 | I28: =D28+E28+H28 -> 295193.4
A30: Total Liabilities & Fund Balance | B30: =B22+B28 -> 229093.78 | C30: =SUM(C22+C28) -> 0 | D30: =D22+D28 -> 229093.78 | E30: =E28+E22 -> 295527.8 | F30: =F22+F28 -> 0 | G30: =SUM(G22+G28) -> 0 | H30: =H22+H28 -> 0 | I30: =D30+E30+H30 -> 524621.58
B31: =IF(B14=B30,"YES","NO") -> YES | C31: =IF(C14=C30,"YES","NO") -> YES | D31: =IF(D14=D30,"YES","NO") -> YES | E31: =IF(E14=E30,"YES","NO") -> YES | F31: =IF(F14=F30,"YES","NO") -> YES | G31: =IF(G14=G30,"YES","NO") -> YES | H31: =IF(H14=H30,"YES","NO") -> YES | I31: =IF(I14=I30,"YES","NO") -> YES
A32: Revenue
A33: Intergovermental | B33: 992313.97 | D33: =B33+C33 -> 992313.97 | H33: =F33+G33 -> 0 | I33: =D33+E33+H33 -> 992313.97
A34: Charges for Services | D34: =B34+C34 -> 0 | H34: =F34+G34 -> 0 | I34: =D34+E34+H34 -> 0
A35: Fines and Forfeits | B35: 189857.21 | D35: =B35+C35 -> 189857.21 | E35: 36699.62 | H35: =F35+G35 -> 0 | I35: =D35+E35+H35 -> 226556.83
A36: Interest | B36: 199.64 | D36: =B36+C36 -> 199.64 | E36: 628.58 | H36: =F36+G36 -> 0 | I36: =D36+E36+H36 -> 828.22
A37: Other | D37: =SUM(B37+C37) -> 0 | H37: =SUM(F37+G37) -> 0 | I37: =D37+E37+H37 -> 0
A38: Total Revenues | B38: =SUM(B33:B37) -> 1182370.8 | C38: =SUM(C33:C37) -> 0 | D38: =SUM(D33:D37) -> 1182370.8 | E38: =SUM(E33:E37) -> 37328.2 | F38: =SUM(F33:F37) -> 0 | G38: =SUM(G33:G37) -> 0 | H38: =SUM(H33:H37) -> 0 | I38: =D38+E38+H38 -> 1219699
A40: Expenditures
A41: General gvt - administration | D41: =B41+C41 -> 0 | I41: =D41+E41+H41 -> 0
A42: General gvt - judicial | D42: =B42+C42 -> 0 | H42: =F42+G42 -> 0 | I42: =D42+E42+H42 -> 0
A43: Public safety | D43: =SUM(D40:D42) -> 0 | H43: =SUM(H40:H42) -> 0 | I43: =D43+E43+H43 -> 0
A44: Public works and enterprises | I44: =D44+E44+H44 -> 0
A45: Human services | B45: 1169952.6 | C45: 1110 | D45: =B45+C45 -> 1171062.6 | E45: 4069.03 | H45: =F45+G45 -> 0 | I45: =D45+E45+H45 -> 1175131.6
A46: Conservation and Development | I46: =D46+E46+H46 -> 0
A47: Total Expenditures | B47: =SUM(B41:B46) -> 1169952.6 | C47: =SUM(C41:C46) -> 1110 | D47: =SUM(D41:D46) -> 1171062.6 | E47: =SUM(E41:E46) -> 4069.03 | F47: =SUM(F41:F46) -> 0 | G47: =SUM(G41:G46) -> 0 | H47: =SUM(H41:H46) -> 0 | I47: =D47+E47+H47 -> 1175131.6
A49: Excess (Deficiency) | B49: =B38-B47 -> 12418.26 | C49: =C38-C47 -> -1110 | D49: =D38-D47 -> 11308.26 | E49: =E38-E47 -> 33259.17 | F49: =F38-F47 -> 0 | G49: =G38-G47 -> 0 | H49: =H38-H47 -> 0 | I49: =D49+E49+H49 -> 44567.43
A51: Sale of Fixed Assets | D51: =B51+C51 -> 0 | H51: =F51+G51 -> 0 | I51: =D51+E51+H51 -> 0
A52: Transfers In | B52: 51261.75 | D52: =B52+C52 -> 51261.75 | H52: =F52+G52 -> 0 | I52: =D52+E52+H52 -> 51261.75
A53: Transfers Out | B53: 62574.01 | D53: =B53+C53 -> 62574.01 | E53: 33633.75 | H53: =F53+G53 -> 0 | I53: =D53+E53+H53 -> 96207.76
A54: Total Other | B54: =B51+B52-B53 -> -11312.26 | C54: =C51+C52-C53 -> 0 | D54: =B54+C54 -> -11312.26 | E54: =E51+E52-E53 -> -33633.75 | F54: =F51+F52-F53 -> 0 | G54: =G51+G52-G53 -> 0 | H54: =F54+G54 -> 0 | I54: =D54+E54+H54 -> -44946.01
A56: Net Change in Fund Balance | B56: =B49+B54 -> 1106 | C56: =C49+C54 -> -1110 | D56: =D49+D54 -> -4 | E56: =E49+E54 -> -374.58 | F56: =F49+F54 -> 0 | G56: =G49+G54 -> 0 | H56: =H49+H54 -> 0 | I56: =D56+E56+H56 -> -378.58
A57: Fund Balance - Beginning | B57: =B58-B56 -> -1104.4 | C57: =C58-C56 -> 1110 | D57: =D58-D56 -> 5.6 | E57: =E58-E56 -> 295566.38 | F57: =F58-F56 -> 0 | G57: =G58-G56 -> 0 | H57: =H58-H56 -> 0 | I57: =D57+E57+H57 -> 295571.98
A58: Fund Balance - End of Year | B58: =B28 -> 1.6 | C58: =C28 -> 0 | D58: =D28 -> 1.6 | E58: =E28 -> 295191.8 | F58: =F28 -> 0 | G58: =G28 -> 0 | H58: =H28 -> 0 | I58: =D58+E58+H58 -> 295193.4

Sheet Airport Funds
A1: Airport Funds
A2: Combining Balance sheet and Statement of Revenue & Expenses
A3: ='Human Services 1150'!A3 -> 43830
B5: Airport 2050 | C5: Adjustments for Airport 2050 | D5: Adjusted Balances for Airport 2050 | E5: Airport Project 2100 | F5: Adjustments for Airport 2100 | G5: Adjusted Balances for Airport 2050 | H5: Wings Over Venango 2150 | I5: TOTAL AIRPORT
A7: Assets
A8: Cash & cash equivalents | B8: 97199.6 | D8: =SUM(B8:C8) -> 97199.6 | E8: -349241.63 | G8: =SUM(E8:F8) -> -349241.63 | H8: 34464.52 | I8: =SUM(D8+G8+H8) -> -217577.51
A9: A/R | B9: 10189.81 | D9: =SUM(B9:C9) -> 10189.81 | E9: 428952.68 | G9: =SUM(E9:F9) -> 428952.68 | I9: =SUM(D9+G9+H9) -> 439142.49
A10: Due from Other Funds | D10: =SUM(B10:C10) -> 0 | G10: =SUM(E10:F10) -> 0 | I10: =SUM(D10+G10+H10) -> 0
A11: Due from Other Governments | D11: =SUM(B11:C11) -> 0 | G11: =SUM(E11:F11) -> 0 | I11: =SUM(D11+G11+H11) -> 0
A12: Prepaids | B12: 69415.11 | D12: =SUM(B12:C12) -> 69415.11 | G12: =SUM(E12:F12) -> 0 | I12: =SUM(D12+G12+H12) -> 69415.11
A13: Total Assets | B13: =SUM(B8:B12) -> 176804.52 | C13: =SUM(C8:C12) -> 0 | D13: =SUM(B13:C13) -> 176804.52 | E13: =SUM(E8:E12) -> 79711.05 | F13: =SUM(F8:F12) -> 0 | G13: =SUM(E13:F13) -> 79711.05 | H13: =SUM(H8:H12) -> 34464.52 | I13: =SUM(D13+G13+H13) -> 290980.09
D14: =SUM(B14:C14) -> 0 | G14: =SUM(E14:F14) -> 0 | I14: =SUM(D14+G14+H14) -> 0
A15: Liabilities | D15: =SUM(B15:C15) -> 0 | G15: =SUM(E15:F15) -> 0 | I15: =SUM(D15+G15+H15) -> 0
A16: A/P | B16: 13751.97 | D16: =SUM(B16:C16) -> 13751.97 | E16: 215971.33 | G16: =SUM(E16:F16) -> 215971.33 | I16: =SUM(D16+G16+H16) -> 229723.3
A17: Accrued Payroll | D17: =SUM(B17:C17) -> 0 | G17: =SUM(E17:F17) -> 0 | I17: =SUM(D17+G17+H17) -> 0
A18: Due to Other Governments | D18: =SUM(B18:C18) -> 0 | G18: =SUM(E18:F18) -> 0 | I18: =SUM(D18+G18+H18) -> 0
A19: Deferred Revenue | D19: =SUM(B19:C19) -> 0 | G19: =SUM(E19:F19) -> 0 | I19: =SUM(D19+G19+H19) -> 0
A20: Total Liabilities | B20: =SUM(B16:B19) -> 13751.97 | C20: =SUM(C16:C19) -> 0 | D20: =SUM(B20:C20) -> 13751.97 | E20: =SUM(E16:E19) -> 215971.33 | F20: =SUM(F16:F19) -> 0 | G20: =SUM(E20:F20) -> 215971.33 | H20: =SUM(H16:H19) -> 0 | I20: =SUM(D20+G20+H20) -> 229723.3
D21: =SUM(B21:C21) -> 0 | G21: =SUM(E21:F21) -> 0 | I21: =SUM(D21+G21+H21) -> 0
A22: Fund Balance | D22: =SUM(B22:C22) -> 0 | G22: =SUM(E22:F22) -> 0 | I22: =SUM(D22+G22+H22) -> 0
A23: Restricted: | D23: =SUM(B23:C23) -> 0 | G23: =SUM(E23:F23) -> 0 | I23: =SUM(D23+G23+H23) -> 0
A24: Operating reserve | D24: =SUM(B24:C24) -> 0 | G24: =SUM(E24:F24) -> 0 | I24: =SUM(D24+G24+H24) -> 0
A25: Human services | D25: =SUM(B25:C25) -> 0 | G25: =SUM(E25:F25) -> 0 | I25: =SUM(D25+G25+H25) -> 0
A26: Roads and bridges | D26: =SUM(B26:C26) -> 0 | G26: =SUM(E26:F26) -> 0 | I26: =SUM(D26+G26+H26) -> 0
A27: Affordable housing | D27: =SUM(B27:C27) -> 0 | G27: =SUM(E27:F27) -> 0 | I27: =SUM(D27+G27+H27) -> 0
A28: Act 13 | D28: =SUM(B28:C28) -> 0 | G28: =SUM(E28:F28) -> 0 | I28: =SUM(D28+G28+H28) -> 0
A29: Constable server fees | D29: =SUM(B29:C29) -> 0 | G29: =SUM(E29:F29) -> 0 | I29: =SUM(D29+G29+H29) -> 0
A30: Offender identification | D30: =SUM(B30:C30) -> 0 | G30: =SUM(E30:F30) -> 0 | I30: =SUM(D30+G30+H30) -> 0
A31: Records improvement | D31: =SUM(B31:C31) -> 0 | G31: =SUM(E31:F31) -> 0 | I31: =SUM(D31+G31+H31) -> 0
A32: Sugar Valley Lodge | D32: =SUM(B32:C32) -> 0 | G32: =SUM(E32:F32) -> 0 | I32: =SUM(D32+G32+H32) -> 0
A33: Domestic relations | D33: =SUM(B33:C33) -> 0 | G33: =SUM(E33:F33) -> 0 | I33: =SUM(D33+G33+H33) -> 0
... A37: Substance abuse | D37: =SUM(B37:C37) -> 0 | G37: =SUM(E37:F37) -> 0 | I37: =SUM(D37+G37+H37) -> 0
A38: Airport Operations | B38: 163052.55 | D38: =SUM(B38:C38) -> 163052.55 | E38: -136260.28 | G38: =SUM(E38:F38) -> -136260.28 | H38: 34464.52 | I38: =SUM(D38+G38+H38) -> 61256.79
A39: Community action | D39: =SUM(B39:C39) -> 0 | G39: =SUM(E39:F39) -> 0 | I39: =SUM(D39+G39+H39) -> 0
A40: Unreserved | D40: =SUM(B40:C40) -> 0 | G40: =SUM(E40:F40) -> 0 | I40: =SUM(D40+G40+H40) -> 0
A41: Total Fund Balance | B41: =SUM(B23:B40) -> 163052.55 | C41: =SUM(C23:C40) -> 0 | D41: =SUM(B41:C41) -> 163052.55 | E41: =SUM(E23:E40) -> -136260.28 | F41: =SUM(F23:F40) -> 0 | G41: =SUM(E41:F41) -> -136260.28 | H41: =SUM(H23:H40) -> 34464.52 | I41: =SUM(D41+G41+H41) -> 61256.79
D42: =SUM(B42:C42) -> 0 | G42: =SUM(E42:F42) -> 0 | I42: =SUM(D42+G42+H42) -> 0
A43: Total Liabilities & Fund Balance | B43: =B20+B41 -> 176804.52 | C43: =C20+C41 -> 0 | D43: =SUM(B43:C43) -> 176804.52 | E43: =E20+E41 -> 79711.05 | F43: =F20+F41 -> 0 | G43: =SUM(E43:F43) -> 79711.05 | H43: =H20+H41 -> 34464.52 | I43: =SUM(D43+G43+H43) -> 290980.09
D44: =SUM(B44:C44) -> 0 | G44: =SUM(E44:F44) -> 0 | I44: =SUM(D44+G44+H44) -> 0
A45: Revenue | D45: =SUM(B45:C45) -> 0 | G45: =SUM(E45:F45) -> 0 | I45: =SUM(D45+G45+H45) -> 0
A46: Intergovermental | D46: =SUM(C46:C46) -> 0 | E46: 367056.03 | G46: =SUM(E46:F46) -> 367056.03 | I46: =SUM(D46+G46+H46) -> 367056.03
A47: Charges for Services | B47: 314615.99 | C47: 27496.75 | D47: =SUM(B47:C47) -> 342112.74 | G47: =SUM(E47:F47) -> 0 | I47: =SUM(D47+G47+H47) -> 342112.74
A48: Interest | B48: 194.65 | D48: =SUM(B48:C48) -> 194.65 | G48: =SUM(E48:F48) -> 0 | H48: 85.28 | I48: =SUM(D48+G48+H48) -> 279.93
A49: Other | B49: 27496.75 | C49: -27496.75 | D49: =SUM(B49:C49) -> 0 | G49: =SUM(E49:F49) -> 0 | I49: =SUM(D49+G49+H49) -> 0
A50: Total Revenues | B50: =SUM(B46:B49) -> 342307.39 | C50: =SUM(C46:C49) -> 0 | D50: =SUM(B50:C50) -> 342307.39 | E50: =SUM(E46:E49) -> 367056.03 | F50: =SUM(F46:F49) -> 0 | G50: =SUM(E50:F50) -> 367056.03 | H50: =SUM(H46:H49) -> 85.28 | I50: =SUM(D50+G50+H50) -> 709448.7
D51: =SUM(B51:C51) -> 0 | G51: =SUM(E51:F51) -> 0 | I51: =SUM(D51+G51+H51) -> 0
A52: Expenditures | D52: =SUM(B52:C52) -> 0 | G52: =SUM(E52:F52) -> 0 | I52: =SUM(D52+G52+H52) -> 0
A53: General gvt - administration | D53: =SUM(B53:C53) -> 0 | G53: =SUM(E53:F53) -> 0 | I53: =SUM(D53+G53+H53) -> 0
A54: General gvt - judicial | D54: =SUM(B54:C54) -> 0 | G54: =SUM(E54:F54) -> 0 | I54: =SUM(D54+G54+H54) -> 0
A55: Public safety | D55: =SUM(B55:C55) -> 0 | G55: =SUM(E55:F55) -> 0 | I55: =SUM(D55+G55+H55) -> 0
A56: Public works and enterprises | B56: 269933.06 | C56: -4000 | D56: =SUM(B56:C56) -> 265933.06 | E56: 382947.32 | G56: =SUM(E56:F56) -> 382947.32 | H56: 4000 | I56: =SUM(D56+G56+H56) -> 652880.38
A57: Human services | D57: =SUM(B57:C57) -> 0 | G57: =SUM(E57:F57) -> 0 | I57: =SUM(D57+G57+H57) -> 0
A58: Conservation and Development | C58: 4000 | D58: =SUM(B58:C58) -> 4000 | G58: =SUM(E58:F58) -> 0 | I58: =SUM(D58+G58+H58) -> 4000
A59: Total Expenditures | B59: =SUM(B53:B58) -> 269933.06 | C59: =SUM(C53:C58) -> 0 | D59: =SUM(B59:C59) -> 269933.06 | E59: =SUM(E53:E58) -> 382947.32 | F59: =SUM(F53:F58) -> 0 | G59: =SUM(E59:F59) -> 382947.32 | H59: =SUM(H53:H58) -> 4000 | I59: =SUM(D59+G59+H59) -> 656880.38
D60: =SUM(B60:C60) -> 0 | G60: =SUM(E60:F60) -> 0 | I60: =SUM(D60+G60+H60) -> 0
A61: Excess (Deficiency) | B61: =B50-B59 -> 72374.33 | C61: =C50-C59 -> 0 | D61: =SUM(B61:C61) -> 72374.33 | E61: =E50-E59 -> -15891.29 | F61: =F50-F59 -> 0 | G61: =SUM(E61:F61) -> -15891.29 | H61: =H50-H59 -> -3914.72 | I61: =SUM(D61+G61+H61) -> 52568.32
A63: Sale of Fixed Assets | D63: =SUM(B63:C63) -> 0 | G63: =SUM(E63:F63) -> 0 | I63: =SUM(D63+G63+H63) -> 0
A64: Transfers In | D64: =SUM(B64:C64) -> 0 | E64: 15891.29 | G64: =SUM(E64:F64) -> 15891.29 | I64: =SUM(D64+G64+H64) -> 15891.29
A65: Transfers Out | B65: 15891.29 | D65: =SUM(B65:C65) -> 15891.29 | G65: =SUM(E65:F65) -> 0 | I65: =SUM(D65+G65+H65) -> 15891.29
A66: Total Other | B66: =B63+B64-B65 -> -15891.29 | C66: =C63+C64-C65 -> 0 | D66: =SUM(B66:C66) -> -15891.29 | E66: =E63+E64-E65 -> 15891.29 | F66: =F63+F64-F65 -> 0 | G66: =SUM(E66:F66) -> 15891.29 | H66: =H63+H64-H65 -> 0 | I66: =SUM(D66+G66+H66) -> 0
D67: =SUM(B67:C67) -> 0 | G67: =SUM(E67:F67) -> 0 | I67: =SUM(D67+G67+H67) -> 0
A68: Net Change in Fund Balance | B68: =B61+B66 -> 56483.04 | C68: =C61+C66 -> 0 | D68: =SUM(B68:C68) -> 56483.04 | E68: =E61+E66 -> 2.1827873e-11 | F68: =F61+F66 -> 0 | G68: =SUM(E68:F68) -> 2.1827873e-11 | H68: =H61+H66 -> -3914.72 | I68: =SUM(D68+G68+H68) -> 52568.32
A69: Fund Balance - Beginning | B69: =B70-B68 -> 106569.51 | C69: =C70-C68 -> 0 | D69: =SUM(B69:C69) -> 106569.51 | E69: =E70-E68 -> -136260.28 | F69: =F70-F68 -> 0 | G69: =SUM(E69:F69) -> -136260.28 | H69: =H70-H68 -> 38379.24 | I69: =SUM(D69+G69+H69) -> 8688.47
A70: Fund Balance - End of Year | B70: =B41 -> 163052.55 | C70: =C41 -> 0 | D70: =SUM(B70:C70) -> 163052.55 | E70: =E41 -> -136260.28 | F70: =F41 -> 0 | G70: =SUM(E70:F70) -> -136260.28 | H70: =H41 -> 34464.52 | I70: =SUM(D70+G70+H70) -> 61256.79

Sheet RSVP Funds
A1: RSVP Funds
A2: Combining Balance sheet and Statement of Revenue & Expenses
A3: ='ALL GOVERNMENT FUNDS'!A3 -> 43830
B5: RSVP 1180 | C5: ADJ | D5: Adjusted RSVP 1180 | E5: RSVP 7515 | F5: TOTAL RSVP
A7: Assets
A8: Cash & cash equivalents | D8: =B8+C8 -> 0 | E8: 18972.54 | F8: =D8+E8 -> 18972.54
A9: Advances Receivable | D9: =B9+C9 -> 0 | F9: =D9+E9 -> 0
A10: A/R | D10: =B10+C10 -> 0 | F10: =D10+E10 -> 0
A11: Due from Other Funds | D11: =B11+C11 -> 0 | F11: =D11+E11 -> 0
A12: Due from Other Governments | D12: =B12+C12 -> 0 | F12: =D12+E12 -> 0
A13: Prepaids | D13: =B13+C13 -> 0 | F13: =D13+E13 -> 0
A14: Total Assets | B14: =SUM(B8:B13) -> 0 | C14: =SUM(C8:C13) -> 0 | D14: =B14+C14 -> 0 | E14: =SUM(E8:E13) -> 18972.54 | F14: =D14+E14 -> 18972.54
A16: Liabilities
A17: A/P | D17: =B17+C17 -> 0 | F17: =D17+E17 -> 0
A18: Accrued Payroll | D18: =B18+C18 -> 0 | F18: =D18+E18 -> 0
A19: Due to Other Funds | D19: =B19+C19 -> 0 | F19: =D19+E19 -> 0
A20: Due to Other Governments | D20: =B20+C20 -> 0 | F20: =D20+E20 -> 0
A21: Deferred Revenue | D21: =B21+C21 -> 0 | E21: 327.41 | F21: =D21+E21 -> 327.41
A22: Total Liabilities | B22: =SUM(B17:B21) -> 0 | C22: =SUM(C17:C21) -> 0 | D22: =B22+C22 -> 0 | E22: =SUM(E17:E21) -> 327.41 | F22: =D22+E22 -> 327.41
A24: Fund Balance
A25: Reserved: Program | D25: =B25+C25 -> 0 | F25: =D25+E25 -> 0
A26: Reserved: Prepaids | D26: =B26+C26 -> 0 | F26: =D26+E26 -> 0
A27: Unreserved | D27: =B27+C27 -> 0 | E27: 18645.13 | F27: =D27+E27 -> 18645.13
A28: Total Fund Balance | B28: =SUM(B25:B27) -> 0 | C28: =SUM(C25:C27) -> 0 | D28: =B28+C28 -> 0 | E28: =SUM(E25:E27) -> 18645.13 | F28: =D28+E28 -> 18645.13
A30: Total Liabilities & Fund Balance | B30: =B22+B28 -> 0 | C30: =C22+C28 -> 0 | D30: =B30+C30 -> 0 | E30: =E22+E28 -> 18972.54 | F30: =D30+E30 -> 18972.54
B31: =IF(B14=B30,"YES","NO") -> YES | C31: =IF(C14=C30,"YES","NO") -> YES | D31: =IF(D14=D30,"YES","NO") -> YES | E31: =IF(E14=E30,"YES","NO") -> YES | F31: =IF(F14=F30,"YES","NO") -> YES
A32: Revenue
A33: Intergovermental | D33: =B33+C33 -> 0 | F33: =D33+E33 -> 0
A34: Charges for Services | D34: =B34+C34 -> 0 | F34: =D34+E34 -> 0
A35: Fines and Forfeits | D35: =B35+C35 -> 0 | F35: =D35+E35 -> 0
A36: Interest | D36: =B36+C36 -> 0 | E36: 38.21 | F36: =D36+E36 -> 38.21
A37: Other | D37: =B37+C37 -> 0 | F37: =D37+E37 -> 0
A38: Total Revenues | B38: =SUM(B33:B37) -> 0 | C38: =SUM(C33:C37) -> 0 | D38: =SUM(D33:D37) -> 0 | E38: =SUM(E33:E37) -> 38.21 | F38: =D38+E38 -> 38.21
A40: Expenditures
A41: General gvt - administration | F41: =D41+E41 -> 0
A42: General gvt - judicial | D42: =B42+C42 -> 0 | F42: =D42+E42 -> 0
A43: Public safety | D43: =B43+C43 -> 0 | F43: =D43+E43 -> 0
A44: Public works and enterprises | D44: =B44+C44 -> 0 | F44: =D44+E44 -> 0
A45: Human services | D45: =B45+C45 -> 0 | F45: =D45+E45 -> 0
A46: Conservation and Development | F46: =D46+E46 -> 0
A47: Total Expenditures | B47: =SUM(B41:B46) -> 0 | C47: =SUM(C41:C46) -> 0 | D47: =SUM(D41:D46) -> 0 | E47: =SUM(E41:E46) -> 0 | F47: =D47+E47 -> 0
A49: Excess (Deficiency) | B49: =B38-B47 -> 0 | C49: =C38-C47 -> 0 | D49: =D38-D47 -> 0 | E49: =E38-E47 -> 38.21 | F49: =D49+E49 -> 38.21
A51: Sale of Fixed Assets | D51: =B51+C51 -> 0 | F51: =D51+E51 -> 0
A52: Transfers In | D52: =B52+C52 -> 0 | F52: =D52+E52 -> 0
A53: Transfers Out | D53: =B53+C53 -> 0 | F53: =D53+E53 -> 0
A54: Total Other | B54: =B51+B52-B53 -> 0 | C54: =C51+C52-C53 -> 0 | D54: =B54+C54 -> 0 | E54: =E51+E52-E53 -> 0 | F54: =D54+E54 -> 0
A56: Net Change in Fund Balance | B56: =B49+B54 -> 0 | C56: =C49+C54 -> 0 | D56: =D49+D54 -> 0 | E56: =E49+E54 -> 38.21 | F56: =D56+E56 -> 38.21
A57: Fund Balance - Beginning | B57: =B58-B56 -> 0 | C57: =C58-C56 -> 0 | D57: =D58-D56 -> 0 | E57: =E58-E56 -> 18606.92 | F57: =D57+E57 -> 18606.92
A58: Fund Balance - End of Year | B58: =B28 -> 0 | C58: =C28 -> 0 | D58: =D28 -> 0 | E58: =E28 -> 18645.13 | F58: =D58+E58 -> 18645.13

Sheet Mental Health Funds
A1: Mental Health Funds
A2: Combining Balance sheet and Statement of Revenue & Expenses
A3: ='RSVP Funds'!A3 -> 43830
B5: Mental Health 1400 | C5: ADJ | D5: Adjusted Mental Health | E5: Health Choices 1450 | F5: ADJ | G5: Adjusted Health Choices | H5: Crisis 1230 | I5: ADJ | J5: Adjusted Crisis | K5: TOTAL Mental Health
A7: Assets
A8: Cash & cash equivalents | B8: -145272.99 | D8: =(B8+C8) -> -145272.99 | E8: 40892.85 | G8: =E8+F8 -> 40892.85 | H8: -3351.71 | J8: =H8+I8 -> -3351.71 | K8: =D8+G8+J8 -> -107731.85
A9: Advances Receivable | D9: =(B9+C9) -> 0 | G9: =E9+F9 -> 0 | J9: =H9+I9 -> 0 | K9: =D9+G9+J9 -> 0
A10: A/R | B10: 93271.3 | D10: =(B10+C10) -> 93271.3 | G10: =E10+F10 -> 0 | J10: =H10+I10 -> 0 | K10: =D10+G10+J10 -> 93271.3
A11: Due from Other Funds | C11: 13535.91 | D11: =(B11+C11) -> 13535.91 | F11: 1993.47 | G11: =E11+F11 -> 1993.47 | I11: 3352.09 | J11: =H11+I11 -> 3352.09 | K11: =D11+G11+J11 -> 18881.47
A12: Due from Other Governments | B12: 209438.43 | D12: =(B12+C12) -> 209438.43 | E12: 17721.67 | G12: =E12+F12 -> 17721.67 | J12: =H12+I12 -> 0 | K12: =D12+G12+J12 -> 227160.1
A13: Prepaids | B13: 13535.91 | C13: =-13535.91 -> -13535.91 | D13: =(B13+C13) -> 0 | E13: 1993.47 | F13: -1993.47 | G13: =E13+F13 -> 0 | H13: 3253.09 | I13: =99-3352.09 -> -3253.09 | J13: =H13+I13 -> 0 | K13: =D13+G13+J13 -> 0
A14: Total Assets | B14: =SUM(B8:B13) -> 170972.65 | C14: =SUM(C8:C13) -> 0 | D14: =(B14+C14) -> 170972.65 | E14: =SUM(E8:E13) -> 60607.99 | F14: =SUM(F8:F13) -> 0 | G14: =SUM(G8:G13) -> 60607.99 | H14: =SUM(H8:H13) -> -98.62 | I14: =SUM(I8:I13) -> 99 | J14: =SUM(J8:J13) -> 0.38 | K14: =D14+G14+J14 -> 231581.02
A16: Liabilities
A17: A/P | B17: 126768.08 | D17: =(B17+C17) -> 126768.08 | E17: 86.34 | G17: =E17+F17 -> 86.34 | J17: =H17+I17 -> 0 | K17: =D17+G17+J17 -> 126854.42
A18: Accrued Payroll | B18: 38913.27 | D18: =(B18+C18) -> 38913.27 | E18: 7285.18 | G18: =E18+F18 -> 7285.18 | J18: =H18+I18 -> 0 | K18: =D18+G18+J18 -> 46198.45
A19: Due to Other Funds | D19: =(B19+C19) -> 0 | G19: =E19+F19 -> 0 | J19: =H19+I19 -> 0 | K19: =D19+G19+J19 -> 0
A20: Due to Other Governments | D20: =(B20+C20) -> 0 | G20: =E20+F20 -> 0 | J20: =H20+I20 -> 0 | K20: =D20+G20+J20 -> 0
A21: Deferred Revenue | B21: 5291.7 | D21: =(B21+C21) -> 5291.7 | E21: 53236.91 | G21: =E21+F21 -> 53236.91 | J21: =H21+I21 -> 0 | K21: =D21+G21+J21 -> 58528.61
A22: Total Liabilities | B22: =SUM(B17:B21) -> 170973.05 | C22: =SUM(C17:C21) -> 0 | D22: =(B22+C22) -> 170973.05 | E22: =SUM(E17:E21) -> 60608.43 | F22: =SUM(F17:F21) -> 0 | G22: =SUM(G17:G21) -> 60608.43 | H22: =SUM(H17:H21) -> 0 | I22: =SUM(I17:I21) -> 0 | J22: =SUM(J17:J21) -> 0 | K22: =D22+G22+J22 -> 231581.48
A24: Fund Balance
A25: Reserved: Program | D25: =(B25+C25) -> 0 | G25: =E25+F25 -> 0 | J25: =H25+I25 -> 0 | K25: =D25+G25+J25 -> 0
A26: Reserved: Prepaids | D26: =(B26+C26) -> 0 | G26: =E26+F26 -> 0 | J26: =H26+I26 -> 0 | K26: =D26+G26+J26 -> 0
A27: Unreserved | B27: -0.4 | D27: =(B27+C27) -> -0.4 | E27: -0.44 | G27: =E27+F27 -> -0.44 | H27: -98.62 | I27: 99 | J27: =H27+I27 -> 0.38 | K27: =D27+G27+J27 -> -0.46
A28: Total Fund Balance | B28: =SUM(B25:B27) -> -0.4 | C28: =SUM(C25:C27) -> 0 | D28: =(B28+C28) -> -0.4 | E28: =SUM(E25:E27) -> -0.44 | F28: =SUM(F25:F27) -> 0 | G28: =SUM(G25:G27) -> -0.44 | H28: =SUM(H25:H27) -> -98.62 | I28: =SUM(I25:I27) -> 99 | J28: =SUM(J25:J27) -> 0.38 | K28: =D28+G28+J28 -> -0.46
A30: Total Liabilities & Fund Balance | B30: =B22+B28 -> 170972.65 | C30: =C22+C28 -> 0 | D30: =(B30+C30) -> 170972.65 | E30: =E22+E28 -> 60607.99 | F30: =F22+F28 -> 0 | G30: =G22+G28 -> 60607.99 | H30: =H22+H28 -> -98.62 | I30: =I22+I28 -> 99 | J30: =J22+J28 -> 0.38 | K30: =D30+G30+J30 -> 231581.02
B31: =IF(B14=B30,"YES","NO") -> YES | C31: =IF(C14=C30,"YES","NO") -> YES | D31: =IF(D14=D30,"YES","NO") -> YES | E31: =IF(E14=E30,"YES","NO") -> YES | F31: =IF(F14=F30,"YES","NO") -> YES | G31: =IF(G14=G30,"YES","NO") -> YES | H31: =IF(H14=H30,"YES","NO") -> NO | I31: =IF(I14=I30,"YES","NO") -> YES | ... K31: =IF(K14=K30,"YES","NO") -> YES
A32: Revenue | E32: =E14-E30 -> 0 | K32: =D32+G32+J32 -> 0
A33: Intergovermental | B33: 2995675.2 | D33: =B33+C33 -> 2995675.2 | E33: =-13532.91+201677.17 -> 188144.26 | G33: =E33+F33 -> 188144.26 | J33: =H33+I33 -> 0 | K33: =D33+G33+J33 -> 3183819.4
A34: Charges for Services | D34: =B34+C34 -> 0 | G34: =E34+F34 -> 0 | J34: =H34+I34 -> 0 | K34: =D34+G34+J34 -> 0
A35: Fines and Forfeits | D35: =B35+C35 -> 0 | G35: =E35+F35 -> 0 | J35: =H35+I35 -> 0 | K35: =D35+G35+J35 -> 0
A36: Interest | B36: 38.41 | D36: =B36+C36 -> 38.41 | E36: 4.57 | G36: =E36+F36 -> 4.57 | J36: =H36+I36 -> 0 | K36: =D36+G36+J36 -> 42.98
A37: Other | B37: 53601.34 | D37: =B37+C37 -> 53601.34 | G37: =E37+F37 -> 0 | J37: =H37+I37 -> 0 | K37: =D37+G37+J37 -> 53601.34
A38: Total Revenues | B38: =SUM(B33:B37) -> 3049314.9 | C38: =SUM(C33:C37) -> 0 | D38: =SUM(D33:D37) -> 3049314.9 | E38: =SUM(E33:E37) -> 188148.83 | F38: =SUM(F33:F37) -> 0 | G38: =SUM(G33:G37) -> 188148.83 | H38: =SUM(H33:H37) -> 0 | I38: =SUM(I33:I37) -> 0 | J38: =SUM(J33:J37) -> 0 | K38: =D38+G38+J38 -> 3237463.7
A40: Expenditures
A41: General gvt - administration | D41: =B41+C41 -> 0 | G41: =E41+F41 -> 0 | K41: =D41+G41+J41 -> 0
A42: General gvt - judicial | D42: =B42+C42 -> 0 | G42: =E42+F42 -> 0 | J42: =H42+I42 -> 0 | K42: =D42+G42+J42 -> 0
A43: Public safety | D43: =B43+C43 -> 0 | G43: =E43+F43 -> 0 | J43: =H43+I43 -> 0 | K43: =D43+G43+J43 -> 0
A44: Public works and enterprises | D44: =B44+C44 -> 0 | G44: =E44+F44 -> 0 | J44: =H44+I44 -> 0 | K44: =D44+G44+J44 -> 0
A45: Human services | B45: 2937968.8 | D45: =B45+C45 -> 2937968.8 | E45: 177584.8 | G45: =E45+F45 -> 177584.8 | H45: 98.62 | I45: -99 | J45: =H45+I45 -> -0.38 | K45: =D45+G45+J45 -> 3115553.2
A46: Conservation and Development | D46: =B46+C46 -> 0 | G46: =E46+F46 -> 0 | J46: =H46+I46 -> 0 | K46: =D46+G46+J46 -> 0
A47: Total Expenditures | B47: =SUM(B41:B46) -> 2937968.8 | C47: =SUM(C41:C46) -> 0 | D47: =SUM(D41:D46) -> 2937968.8 | E47: =SUM(E41:E46) -> 177584.8 | F47: =SUM(F41:F46) -> 0 | G47: =SUM(G41:G46) -> 177584.8 | H47: =SUM(H41:H46) -> 98.62 | I47: =SUM(I41:I46) -> -99 | J47: =SUM(J41:J46) -> -0.38 | K47: =D47+G47+J47 -> 3115553.2
A49: Excess (Deficiency) | B49: =B38-B47 -> 111346.13 | C49: =C38-C47 -> 0 | D49: =D38-D47 -> 111346.13 | E49: =E38-E47 -> 10564.03 | F49: =F38-F47 -> 0 | G49: =G38-G47 -> 10564.03 | H49: =H38-H47 -> -98.62 | I49: =I38-I47 -> 99 | J49: =J38-J47 -> 0.38 | K49: =D49+G49+J49 -> 121910.54
A51: Sale of Fixed Assets | B51: 6840 | D51: =B51+C51 -> 6840 | G51: =E51+F51 -> 0 | J51: =H51+I51 -> 0 | K51: =D51+G51+J51 -> 6840
A52: Transfers In | B52: 586.9 | D52: =B52+C52 -> 586.9 | G52: =E52+F52 -> 0 | J52: =H52+I52 -> 0 | K52: =D52+G52+J52 -> 586.9
A53: Transfers Out | B53: 118772.99 | D53: =B53+C53 -> 118772.99 | E53: 10564.03 | G53: =E53+F53 -> 10564.03 | J53: =H53+I53 -> 0 | K53: =D53+G53+J53 -> 129337.02
A54: Total Other | B54: =B51+B52-B53 -> -111346.09 | C54: =C51+C52-C53 -> 0 | D54: =D51+D52-D53 -> -111346.09 | E54: =E51+E52-E53 -> -10564.03 | F54: =F51+F52-F53 -> 0 | G54: =G52-G53 -> -10564.03 | H54: =H51+H52-H53 -> 0 | I54: =I51+I52-I53 -> 0 | J54: =H54+I54 -> 0 | K54: =D54+G54+J54 -> -121910.12
A56: Net Change in Fund Balance | B56: =B49+B54 -> 0.04 | C56: =C49+C54 -> 0 | D56: =D49+D54 -> 0.04 | E56: =E49+E54 -> 2.7284841e-11 | F56: =F49+F54 -> 0 | G56: =G49+G54 -> 2.7284841e-11 | H56: =H49+H54 -> -98.62 | I56: =I49+I54 -> 99 | J56: =J49+J54 -> 0.38 | K56: =D56+G56+J56 -> 0.42
A57: Fund Balance - Beginning | B57: =B58-B56 -> -0.44 | C57: =C58-C56 -> 0 | D57: =D58-D56 -> -0.44 | E57: =E58-E56 -> -0.44 | F57: =F58-F56 -> 0 | G57: =G58-G56 -> -0.44 | H57: =H58-H56 -> 0 | I57: =I58-I56 -> 0 | J57: =J58-J56 -> 0 | K57: =D57+G57+J57 -> -0.88
A58: Fund Balance - End of Year | B58: =B28 -> -0.4 | C58: =C28 -> 0 | D58: =D28 -> -0.4 | E58: =E28 -> -0.44 | F58: =F28 -> 0 | G58: =G28 -> -0.44 | H58: =H28 -> -98.62 | I58: =I28 -> 99 | J58: =J28 -> 0.38 | K58: =D58+G58+J58 -> -0.46

Sheet Mental Retardation Funds
A1: Developmental Services Funds
A2: Combining Balance sheet and Statement of Revenue & Expenses
A3: ='Mental Health Funds'!A3 -> 43830
B5: Development Services 1500 | C5: ADJ | D5: Adjusted Developmental Services | E5: Waiver Ineligible 1550 | F5: ADJ | G5: Adjusted Waiver Ineligible | H5: M/R Waiver 1600 | I5: ADJ | J5: Adjusted M/R Waiver | K5: Early Intervention 1650 | L5: ADJ | M5: Adjusted Early Intervention | N5: Human Services 1150 | O5: TOTAL Developmental Services
A7: Assets
A8: Cash & cash equivalents | B8: 1271133.2 | D8: =B8+C8 -> 1271133.2 | E8: 0 | G8: =E8+F8 -> 0 | H8: 0 | J8: =H8+I8 -> 0 | K8: 42967.53 | M8: =K8+L8 -> 42967.53 | N8: ='Human Services 1150'!D8 -> -11109.26 | O8: =D8+G8+J8+M8+N8 -> 1302991.5
A9: Advances Receivable | D9: =B9+C9 -> 0 | G9: =E9+F9 -> 0 | J9: =H9+I9 -> 0 | M9: =K9+L9 -> 0 | N9: ='Human Services 1150'!D9 -> 0 | O9: =D9+G9+J9+M9+N9 -> 0
A10: A/R | B10: 50867.6 | D10: =B10+C10 -> 50867.6 | G10: =E10+F10 -> 0 | J10: =H10+I10 -> 0 | K10: 24941.8 | M10: =K10+L10 -> 24941.8 | N10: ='Human Services 1150'!D10 -> 14633 | O10: =D10+G10+J10+M10+N10 -> 90442.4
A11: Due from Other Funds | C11: 14236.61 | D11: =B11+C11 -> 14236.61 | G11: =E11+F11 -> 0 | J11: =H11+I11 -> 0 | L11: 3232.01 | M11: =K11+L11 -> 3232.01 | N11: ='Human Services 1150'!D11 -> 0 | O11: =D11+G11+J11+M11+N11 -> 17468.62
A12: Due from Other Governments | D12: =B12+C12 -> 0 | G12: =E12+F12 -> 0 | J12: =H12+I12 -> 0 | M12: =K12+L12 -> 0 | N12: ='Human Services 1150'!D12 -> 0 | O12: =D12+G12+J12+M12+N12 -> 0
A13: Prepaids | B13: 14236.61 | C13: -14236.61 | D13: =B13+C13 -> 0 | G13: =E13+F13 -> 0 | J13: =H13+I13 -> 0 | K13: 3232.01 | L13: -3232.01 | M13: =K13+L13 -> 0 | N13: ='Human Services 1150'!D13 -> 0 | O13: =D13+G13+J13+M13+N13 -> 0
A14: Total Assets | B14: =SUM(B8:B13) -> 1336237.4 | C14: =SUM(C8:C13) -> 0 | D14: =SUM(D8:D13) -> 1336237.4 | E14: =SUM(E8:E13) -> 0 | F14: =SUM(F8:F13) -> 0 | G14: =SUM(G8:G13) -> 0 | H14: =SUM(H8:H13) -> 0 | I14: =SUM(I8:I13) -> 0 | ... M14: =SUM(M8:M13) -> 71141.34 | N14: ='Human Services 1150'!D14 -> 3523.74 | O14: =D14+G14+J14+M14+N14 -> 1410902.5
A16: Liabilities
A17: A/P | B17: 43725.99 | D17: =B17+C17 -> 43725.99 | G17: =E17+F17 -> 0 | J17: =H17+I17 -> 0 | K17: 33257.65 | M17: =K17+L17 -> 33257.65 | N17: ='Human Services 1150'!D17 -> 447.8 | O17: =D17+G17+J17+M17+N17 -> 77431.44
A18: Accrued Payroll | B18: 25832.01 | D18: =B18+C18 -> 25832.01 | G18: =E18+F18 -> 0 | J18: =H18+I18 -> 0 | K18: 7875.71 | M18: =K18+L18 -> 7875.71 | N18: ='Human Services 1150'!D18 -> 2800.63 | O18: =D18+G18+J18+M18+N18 -> 36508.35
A19: Due to Other Funds | D19: =B19+C19 -> 0 | G19: =E19+F19 -> 0 | J19: =H19+I19 -> 0 | M19: =K19+L19 -> 0 | N19: ='Human Services 1150'!D19 -> 0 | O19: =D19+G19+J19+M19+N19 -> 0
A20: Due to Other Governments | D20: =B20+C20 -> 0 | G20: =E20+F20 -> 0 | J20: =H20+I20 -> 0 | M20: =K20+L20 -> 0 | N20: ='Human Services 1150'!D20 -> 0 | O20: =D20+G20+J20+M20+N20 -> 0
A21: Deferred Revenue | B21: 1266678.9 | D21: =B21+C21 -> 1266678.9 | G21: =E21+F21 -> 0 | J21: =H21+I21 -> 0 | K21: 30007.98 | M21: =K21+L21 -> 30007.98 | N21: ='Human Services 1150'!D21 -> 274.99 | O21: =D21+G21+J21+M21+N21 -> 1296961.9
A22: Total Liabilities | B22: =SUM(B17:B21) -> 1336236.9 | C22: =SUM(C17:C21) -> 0 | D22: =SUM(D17:D21) -> 1336236.9 | E22: =SUM(E17:E21) -> 0 | F22: =SUM(F17:F21) -> 0 | G22: =SUM(G17:G21) -> 0 | H22: =SUM(H17:H21) -> 0 | I22: =SUM(I17:I21) -> 0 | ... M22: =SUM(M17:M21) -> 71141.34 | N22: ='Human Services 1150'!D22 -> 3523.42 | O22: =D22+G22+J22+M22+N22 -> 1410901.7
A24: Fund Balance
A25: Reserved: Program | D25: =B25+C25 -> 0 | G25: =E25+F25 -> 0 | J25: =H25+I25 -> 0 | M25: =K25+L25 -> 0 | N25: ='Human Services 1150'!D25 -> 255.57 | O25: =D25+G25+J25+M25+N25 -> 255.57
A26: Reserved: Prepaids | D26: =B26+C26 -> 0 | G26: =E26+F26 -> 0 | J26: =H26+I26 -> 0 | M26: =K26+L26 -> 0 | N26: ='Human Services 1150'!D26 -> 0 | O26: =D26+G26+J26+M26+N26 -> 0
A27: Unreserved | B27: 0.45 | D27: =B27+C27 -> 0.45 | G27: =E27+F27 -> 0 | J27: =H27+I27 -> 0 | M27: =K27+L27 -> 0 | N27: ='Human Services 1150'!D27 -> -255.25 | O27: =D27+G27+J27+M27+N27 -> -254.8
A28: Total Fund Balance | B28: =SUM(B25:B27) -> 0.45 | C28: =SUM(C25:C27) -> 0 | D28: =SUM(D25:D27) -> 0.45 | E28: =SUM(E25:E27) -> 0 | F28: =SUM(F25:F27) -> 0 | G28: =SUM(G25:G27) -> 0 | H28: =SUM(H25:H27) -> 0 | I28: =SUM(I25:I27) -> 0 | ... M28: =SUM(M25:M27) -> 0 | N28: ='Human Services 1150'!D28 -> 0.32 | O28: =D28+G28+J28+M28+N28 -> 0.77
A30: Total Liabilities & Fund Balance | B30: =B22+B28 -> 1336237.4 | C30: =C22+C28 -> 0 | D30: =D22+D28 -> 1336237.4 | E30: =E22+E28 -> 0 | F30: =F22+F28 -> 0 | G30: =G22+G28 -> 0 | H30: =H22+H28 -> 0 | I30: =I22+I28 -> 0 | ... M30: =M22+M28 -> 71141.34 | N30: ='Human Services 1150'!D30 -> 3523.74 | O30: =D30+G30+J30+M30+N30 -> 1410902.5
B31: =IF(B14=B30,"YES","NO") -> YES | C31: =IF(C14=C30,"YES","NO") -> YES | D31: =IF(D14=D30,"YES","NO") -> YES | E31: =IF(E14=E30,"YES","NO") -> YES | F31: =IF(F14=F30,"YES","NO") -> YES | G31: =IF(G14=G30,"YES","NO") -> YES | H31: =IF(H14=H30,"YES","NO") -> YES | I31: =IF(I14=I30,"YES","NO") -> YES | ... M31: =IF(M14=M30,"YES","NO") -> YES
A32: Revenue
A33: Intergovermental | B33: 1489273.6 | D33: =B33+C33 -> 1489273.6 | G33: =E33+F33 -> 0 | J33: =H33+I33 -> 0 | K33: 426980.19 | M33: =K33+L33 -> 426980.19 | N33: ='Human Services 1150'!D33 -> 86856.01 | O33: =D33+G33+J33+M33+N33 -> 2003109.8
A34: Charges for Services | D34: =B34+C34 -> 0 | G34: =E34+F34 -> 0 | J34: =H34+I34 -> 0 | M34: =K34+L34 -> 0 | N34: ='Human Services 1150'!D34 -> 0 | O34: =D34+G34+J34+M34+N34 -> 0
A35: Fines and Forfeits | B35: 8432.12 | D35: =B35+C35 -> 8432.12 | G35: =E35+F35 -> 0 | J35: =H35+I35 -> 0 | M35: =K35+L35 -> 0 | N35: ='Human Services 1150'!D35 -> 0 | O35: =D35+G35+J35+M35+N35 -> 8432.12
A36: Interest | B36: 4167.84 | D36: =B36+C36 -> 4167.84 | G36: =E36+F36 -> 0 | J36: =H36+I36 -> 0 | K36: 126.93 | M36: =K36+L36 -> 126.93 | N36: ='Human Services 1150'!D36 -> 0 | O36: =D36+G36+J36+M36+N36 -> 4294.77
A37: Other | B37: 16158 | D37: =B37+C37 -> 16158 | G37: =E37+F37 -> 0 | J37: =H37+I37 -> 0 | K37: 1000 | M37: =K37+L37 -> 1000 | N37: ='Human Services 1150'!D37 -> 0 | O37: =D37+G37+J37+M37+N37 -> 17158
A38: Total Revenues | B38: =SUM(B33:B37) -> 1518031.6 | C38: =SUM(C33:C37) -> 0 | D38: =SUM(D33:D37) -> 1518031.6 | E38: =SUM(E33:E37) -> 0 | F38: =SUM(F33:F37) -> 0 | G38: =SUM(G33:G37) -> 0 | H38: =SUM(H33:H37) -> 0 | I38: =SUM(I33:I37) -> 0 | ... M38: =SUM(M33:M37) -> 428107.12 | N38: ='Human Services 1150'!D38 -> 86856.01 | O38: =D38+G38+J38+M38+N38 -> 2032994.7
A40: Expenditures
A41: General gvt - administration | D41: =B41+C41 -> 0 | G41: =E41+F41 -> 0 | J41: =H41+I41 -> 0 | M41: =K41+L41 -> 0 | N41: ='Human Services 1150'!D41 -> 0 | O41: =D41+G41+J41+M41+N41 -> 0
A42: General gvt - judicial | D42: =B42+C42 -> 0 | G42: =E42+F42 -> 0 | J42: =H42+I42 -> 0 | M42: =K42+L42 -> 0 | N42: ='Human Services 1150'!D42 -> 0 | O42: =D42+G42+J42+M42+N42 -> 0
A43: Public safety | D43: =B43+C43 -> 0 | G43: =E43+F43 -> 0 | J43: =H43+I43 -> 0 | M43: =K43+L43 -> 0 | N43: ='Human Services 1150'!D43 -> 0 | O43: =D43+G43+J43+M43+N43 -> 0
A44: Public works and enterprises | D44: =B44+C44 -> 0 | G44: =E44+F44 -> 0 | J44: =H44+I44 -> 0 | M44: =K44+L44 -> 0 | N44: ='Human Services 1150'!D44 -> 0 | O44: =D44+G44+J44+M44+N44 -> 0
A45: Human services | B45: 1359633 | D45: =B45+C45 -> 1359633 | G45: =E45+F45 -> 0 | J45: =H45+I45 -> 0 | K45: 445435.25 | M45: =K45+L45 -> 445435.25 | N45: ='Human Services 1150'!D45 -> 86856.01 | O45: =D45+G45+J45+M45+N45 -> 1891924.3
A46: Conservation and Development | D46: =B46+C46 -> 0 | G46: =E46+F46 -> 0 | J46: =H46+I46 -> 0 | M46: =K46+L46 -> 0 | N46: ='Human Services 1150'!D46 -> 0 | O46: =D46+G46+J46+M46+N46 -> 0
A47: Total Expenditures | B47: =SUM(B41:B46) -> 1359633 | C47: =SUM(C41:C46) -> 0 | D47: =SUM(D41:D46) -> 1359633 | E47: =SUM(E41:E46) -> 0 | F47: =SUM(F41:F46) -> 0 | G47: =SUM(G41:G46) -> 0 | H47: =SUM(H41:H46) -> 0 | I47: =SUM(I41:I46) -> 0 | ... M47: =SUM(M41:M46) -> 445435.25 | N47: ='Human Services 1150'!D47 -> 86856.01 | O47: =D47+G47+J47+M47+N47 -> 1891924.3
A49: Excess (Deficiency) | B49: =B38-B47 -> 158398.53 | C49: =C38-C47 -> 0 | D49: =D38-D47 -> 158398.53 | E49: =E38-E47 -> 0 | F49: =F38-F47 -> 0 | G49: =G38-G47 -> 0 | H49: =H38-H47 -> 0 | I49: =I38-I47 -> 0 | ... M49: =M38-M47 -> -17328.13 | N49: ='Human Services 1150'!D49 -> 0 | O49: =D49+G49+J49+M49+N49 -> 141070.4
A51: Sale of Fixed Assets | D51: =B51+C51 -> 0 | G51: =E51+F51 -> 0 | J51: =H51+I51 -> 0 | M51: =K51+L51 -> 0 | N51: ='Human Services 1150'!D51 -> 0 | O51: =D51+G51+J51+M51+N51 -> 0
A52: Transfers In | B52: 0.01 | D52: =B52+C52 -> 0.01 | G52: =E52+F52 -> 0 | J52: =H52+I52 -> 0 | K52: 38506 | M52: =K52+L52 -> 38506 | N52: ='Human Services 1150'!D52 -> 0 | O52: =D52+G52+J52+M52+N52 -> 38506.01
A53: Transfers Out | B53: 158398.53 | D53: =B53+C53 -> 158398.53 | G53: =E53+F53 -> 0 | H53: 0.01 | J53: =H53+I53 -> 0.01 | K53: 21177.87 | M53: =K53+L53 -> 21177.87 | N53: ='Human Services 1150'!D53 -> 0 | O53: =D53+G53+J53+M53+N53 -> 179576.41
A54: Total Other | B54: =B51+B52-B53 -> -158398.52 | C54: =C51+C52-C53 -> 0 | D54: =B54+C54 -> -158398.52 | E54: =E51+E52-E53 -> 0 | F54: =F51+F52-F53 -> 0 | G54: =E54+F54 -> 0 | H54: =H51+H52-H53 -> -0.01 | I54: =I51+I52-I53 -> 0 | J54: =H54+I54 -> -0.01 | K54: =K51+K52-K53 -> 17328.13 | L54: =L51+L52-L53 -> 0 | M54: =K54+L54 -> 17328.13 | N54: ='Human Services 1150'!D54 -> 0 | O54: =D54+G54+J54+M54+N54 -> -141070.4
A56: Net Change in Fund Balance | B56: =B49+B54 -> 0.01 | C56: =C49+C54 -> 0 | D56: =D49+D54 -> 0.01 | E56: =E49+E54 -> 0 | F56: =F49+F54 -> 0 | G56: =G49+G54 -> 0 | H56: =H49+H54 -> -0.01 | I56: =I49+I54 -> 0 | ... M56: =M49+M54 -> 0 | N56: ='Human Services 1150'!D56 -> 0 | O56: =D56+G56+J56+M56+N56 -> 2.712477e-10
A57: Fund Balance - Beginning | B57: =B58-B56 -> 0.44 | C57: =C58-C56 -> 0 | D57: =D58-D56 -> 0.44 | E57: =E58-E56 -> 0 | F57: =F58-F56 -> 0 | G57: =G58-G56 -> 0 | H57: =H58-H56 -> 0.01 | I57: =I58-I56 -> 0 | ... M57: =M58-M56 -> 0 | N57: ='Human Services 1150'!D57 -> 0.32 | O57: =D57+G57+J57+M57+N57 -> 0.77
A58: Fund Balance - End of Year | B58: =B28 -> 0.45 | C58: =C28 -> 0 | D58: =D28 -> 0.45 | E58: =E28 -> 0 | F58: =F28 -> 0 | G58: =G28 -> 0 | H58: =H28 -> 0 | I58: =I28 -> 0 | ... M58: =M28 -> 0 | N58: ='Human Services 1150'!D58 -> 0.32 | O58: =D58+G58+J58+M58+N58 -> 0.77

Sheet Human Services 1150
A1: Human Services 1150
A2: Combining Balance sheet and Statement of Revenue & Expenses
A3: ='Mental Retardation Funds'!A3 -> 43830
B5: 1150 Human Service | C5: ADJ | D5: Adjusted Human Services
A7: Assets
A8: Cash & cash equivalents | B8: -11109.26 | D8: =B8+C8 -> -11109.26
A9: Advances Receivable | D9: =B9+C9 -> 0
A10: A/R | B10: 14253 | C10: 380 | D10: =B10+C10 -> 14633
A11: Due from Other Funds | D11: =B11+C11 -> 0
A12: Due from Other Governments | D12: =B12+C12 -> 0
A13: Prepaids | D13: =B13+C13 -> 0
A14: Total Assets | B14: =SUM(B8:B13) -> 3143.74 | C14: =SUM(C8:C13) -> 380 | D14: =SUM(D8:D13) -> 3523.74
A16: Liabilities
A17: A/P | B17: 447.8 | D17: =B17+C17 -> 447.8
A18: Accrued Payroll | B18: 2800.63 | D18: =B18+C18 -> 2800.63
A19: Due to Other Funds | D19: =B19+C19 -> 0
A20: Due to Other Governments | D20: =B20+C20 -> 0
A21: Deferred Revenue | B21: 274.99 | D21: =B21+C21 -> 274.99
A22: Total Liabilities | B22: =SUM(B17:B21) -> 3523.42 | C22: =SUM(C17:C21) -> 0 | D22: =SUM(D17:D21) -> 3523.42
A24: Fund Balance
A25: Reserved: Program | B25: 255.57 | D25: =B25+C25 -> 255.57
A26: Reserved: Prepaids | D26: =B26+C26 -> 0
A27: Unreserved | B27: -635.25 | C27: 380 | D27: =B27+C27 -> -255.25
A28: Total Fund Balance | B28: =SUM(B25:B27) -> -379.68 | C28: =SUM(C25:C27) -> 380 | D28: =SUM(D25:D27) -> 0.32
